Workbook
Name Slicer_Brand: #N/A
Name Slicer_Exclusive: #N/A
Name Slicer_Family: #N/A
Name Slicer_Status: #N/A
Name Slicer_Subfamily_ML: #N/A
Name Slicer_Type: #N/A

Sheet SKU Pivot
A3: Status | B3: Sum of MAP
A4: Current | B4: 30797.7
A5: NEW | B5: 13609.424
A6: Phaseout | B6: 19013
A7: Grand Total | B7: 63420.124

Sheet FINISHED GOODS
A1: Family | B1: Subfamily ML | C1: SKU Number | D1: Product Name | E1: UPC | F1: Status | G1: Ranking | H1: MAP Base Calculation for Pricing | I1: Enforced MAP Price | J1: MSRP | K1: Brand | L1: Type | M1: Package Type | N1: Weight | O1: Height | P1: Length | Q1: Width | R1: CountryOrigin | S1: USScheduleB | T1: DescriptionParagraph | U1: Bullet Point 1 | V1: Bullet Point 2 | W1: Bullet Point 3 | X1: Bullet Point 4 | Y1: Bullet Point 5 | Z1: Bullet Point 6 | AA1: Bullet Point 7 | AB1: Bullet Point 8 | AC1: Battery | AD1: Tritium | AE1: Prop65 Warning Type | AF1: Prop65 Package Warning | AG1: Prop65 Digital Media Warning | AH1: Image 1 | AI1: Image 2 | AJ1: Image 3 | AK1: Image 4 | AL1: Image 5 | AM1: Written Instructions | AN1: Install Video
A2: AR | B2: =_xlfn.XLOOKUP(C2,'Kit to Family'!A:A,'Kit to Family'!G:G) -> Rear / Front Full Tritium | C2: AR-0008-6 | D2: XTI2 DXT Standard Dot | E2: 647533009416 | F2: Current | H2: 194.99 | I2: 194.99 | J2: =ROUNDUP(H2*1.1,0)-0.01 -> 214.99 | K2: AR | L2: AR | M2: Clamshell | N2: 0.3 | O2: 8 | P2: 5 | Q2: 1.5 | R2: USA | S2: 9305.20.9500 | T2: XS XTI2 sights are a close-quarters, secondary sighting solution for a fast sight transition from a magnified primary optic. XTI2 sights reduce target engagement time and eliminate magnification adjustment. Our second generation XTI’s feature taller bases for easy sight alignment, without having to break a standard cheek weld. Additionally, the base angle has been increased to accommodate wider lens optics. DXT Standard Dot version features a tritium front sight that measures 0.140" wide and a straight-line, tritium stripe, express sight picture. XTI2 express sights are ideal for 3-gun competitions. XTI2 sight sets are mounted in front of the optic to reduce snagging gear on chest rigs. 3-gun matches cover distances from short to long distances. XTI2 sights are pistol sights designed for pistol length distances where magnified optics make target identification more difficult. XTI2 sights ship with thread locker and a front sight adjustment tool. The rear sight is installed, but not sealed in place to allow for easy windage adjustment. Thread locker will need to be applied after the rifle is zeroed. | U2: Standard Dot tritium front with white dot | V2: Tritium Stripe rear sight | W2: Rear sight is driftable allowing easy windage adjustability | X2: 6061 T6 Aluminum Bases keeps rifle weight as light as possible | Y2: Fully Ambidextrous Front and rear sight can be rotated for left handed shooting | Z2: CNC Steel Iron Sights Extremely durable for duty use | AA2: Limited Lifetime Warranty | AB2: Easy Bolt on installation to top rail allows for fitment on all optic ready AR-15 rifles | AC2: No | AD2: Yes | AE2: Lead | AF2: Warning Cancer and Reproductive Harm - www.p65warnings.ca.gov | AG2: WARNING-Cancer and Reproductive Harm – www.P65Warnings.ca.gov | AH2: https://www.dropbox.com/s/w1prh8xiz1silpi/AR-0008-6%20top-angle%2020200918.png?dl=0 | AJ2: https://www.dropbox.com/s/r0z93rv7ecub65v/AR-0008-6%20back%2020200918.png?dl=0 | AK2: https://www.dropbox.com/s/ilzj7qcz6hw33ar/AR-0008-6%20composite%2020200918.png?dl=0 | AM2: https://xssights.com/content/Install%20Instructions/XTI%20instructions.pdf | AN2: https://www.youtube.com/watch?v=Iwkwqz34i8U
A3: AR | B3: =_xlfn.XLOOKUP(C3,'Kit to Family'!A:A,'Kit to Family'!G:G) -> Front Tritium | C3: AR-2001-3 | D3: Big Dot Tritium Front- AR Mil-Spec | E3: 647533043854 | F3: Current | H3: 79.99 | I3: 79.99 | J3: =ROUNDUP(H3*1.1,0)-0.01 -> 87.99 | K3: AR | L3: AR | M3: Pouch | N3: 0.15 | O3: 5.5 | P3: 5 | Q3: 0.5 | R3: USA | S3: 9305.20.9500 | T3: XS Big Dot Tritium front sight for the AR features precision machined stress proof steel, a white ring, and green tritium center for visibility in any lighting condition. Outside Diameter Standard Dot 0.188". Each full rotation of front sight gives a 5" shift at 100 yards. Made in the USA. Fits AR front sight housing with front sight detent at 3, 6, or 9 o'clock. | U3: Steel sight with blued finish | V3: Green tritium | W3: White ring front | X3: Limited Lifetime Warranty | AC3: No | AD3: Yes | AE3: Lead | AF3: Warning Cancer and Reproductive Harm - www.p65warnings.ca.gov | AG3: WARNING-Cancer and Reproductive Harm – www.P65Warnings.ca.gov | AH3: https://www.dropbox.com/s/epmjw72gbcimx48/AR-2001-3_angle%2020201202.jpg?dl=0 | AI3: https://www.dropbox.com/s/7hhig6ru8ojatoo/AR-2001-3_angle2%2020201202.jpg?dl=0 | AJ3: https://www.dropbox.com/s/lg5qdrs6k5a39xq/AR-2001-3_side%2020201202.jpg?dl=0 | AM3: https://xssights.com/content/Install%20Instructions/AR15%20A2%20Front%20and%20Fine%20Tune%20Instructions.pdf
A4: AR | B4: =_xlfn.XLOOKUP(C4,'Kit to Family'!A:A,'Kit to Family'!G:G) -> Front Tritium | C4: AR-2001-4 | D4: Standard Dot Tritium Front - AR | E4: 647533026406 | F4: Current | H4: 79.99 | I4: 79.99 | J4: =ROUNDUP(H4*1.1,0)-0.01 -> 87.99 | K4: AR | L4: AR | M4: Pouch | N4: 0.15 | O4: 5.5 | P4: 5 | Q4: 0.5 | R4: USA | S4: 9305.20.9500 | T4: XS Standard Dot Tritium front sight for the AR features precision machined stress proof steel, a white ring, and green tritium center for visibility in any lighting condition. Outside Diameter Standard Dot 0.140". Each full rotation of front sight gives a 5" shift at 100 yards. Made in the USA. Fits AR front sight housing with front sight detent at 3, 6, or 9 o'clock. | U4: Steel sight with blued finish | V4: Green tritium | W4: White ring front | X4: Limited Lifetime Warranty | AC4: No | AD4: Yes | AE4: Lead | AF4: Warning Cancer and Reproductive Harm - www.p65warnings.ca.gov | AG4: WARNING-Cancer and Reproductive Harm – www.P65Warnings.ca.gov | AH4: https://www.dropbox.com/s/gfondufg6pvi32e/AR-2001-4_angle.jpg?dl=0 | AM4: https://xssights.com/content/Install%20Instructions/AR15%20A2%20Front%20and%20Fine%20Tune%20Instructions.pdf
A5: AR | B5: =_xlfn.XLOOKUP(C5,'Kit to Family'!A:A,'Kit to Family'!G:G) -> Front Tritium | C5: AR-2001-6 | D5: Tritium Stripe Front - AR Mil-Spec | E5: 647533034203 | F5: Current | H5: 79.99 | I5: 79.99 | J5: =ROUNDUP(H5*1.1,0)-0.01 -> 87.99 | K5: AR | L5: AR | M5: Pouch | N5: 0.15 | O5: 5.5 | P5: 5 | Q5: 0.5 | R5: USA | S5: 9305.20.9500 | T5: XS Tritium stripe front sight for the AR features precision machined stress proof steel, a vertical tritium vial, and white outline to provide front sight visibility in any lighting condition. 0.105" square top post. Each full rotation of front sight gives a 5" shift at 100 yards. Made in the USA. Fits AR front sight housing with front sight detent at 3, 6, or 9 o'clock. | U5: Steel sight with blued finish | V5: Green tritium | W5: White paint outline | X5: Limited Lifetime Warranty | AC5: No | AD5: Yes | AE5: Lead | AF5: Warning Cancer and Reproductive Harm - www.p65warnings.ca.gov | AG5: WARNING-Cancer and Reproductive Harm – www.P65Warnings.ca.gov | AH5: https://www.dropbox.com/s/x7sqi68ol19fuqi/AR-2001-6%20AR%20247%20Post.jpg?dl=0 | AI5: https://www.dropbox.com/s/6bfojjcfpx4rx80/AR-2001-6%20AR%20247%20Post%20Low2.jpg?dl=0 | AJ5: https://www.dropbox.com/s/jybq4emxnnou8ov/AR-2001-6_angle%2020201201.jpg?dl=0 | AM5: https://xssights.com/content/Install%20Instructions/AR15%20A2%20Front%20and%20Fine%20Tune%20Instructions.pdf
A6: AR | B6: =_xlfn.XLOOKUP(C6,'Kit to Family'!A:A,'Kit to Family'!G:G) -> Std | C6: AR-2004-9 | D6: CSAT Rear - AR Mil-Spec | E6: 647533038454 | F6: Current | H6: 51.24 | I6: 51.24 | J6: =ROUNDUP(H6*1.1,0)-0.01 -> 56.99 | K6: AR | L6: AR | M6: Pouch | N6: 0.1 | O6: 5.5 | P6: 5 | Q6: 0.5 | R6: USA | S6: 9305.20.9500 | T6: Master Sgt. Paul Howe's (USA - Ret.) CSAT aperture provides the shooter with both a traditional notch and post for a 7 yard zero, plus a small aperture for a 100 yard zero, allowing the shooter to account for the 2.5" offset between those distances. Rear sight also includes a same plane large battle sight aperture, allowing the user to flip the sight for a wider field of view while maintaining zero. Fits in Mil-Spec A2 rear sight housing. Made in the USA. | U6: Steel sight with blued finish | V6: Limited Lifetime Warranty | AC6: No | AD6: No | AE6: Lead | AF6: Warning Cancer and Reproductive Harm - www.p65warnings.ca.gov | AG6: WARNING-Cancer and Reproductive Harm – www.P65Warnings.ca.gov | AH6: https://www.dropbox.com/s/srp4nkyk3yqoa5k/AR-2004-9.jpg?dl=0 | AM6: https://xssights.com/content/Install%20Instructions/AR15%20A2%20Rear%20Sight%20and%20Fine%20Tune%20Instructions.pdf
A7: AR | B7: =_xlfn.XLOOKUP(C7,'Kit to Family'!A:A,'Kit to Family'!G:G) -> Std | C7: AR-2008-1 | D7: .080W White Stripe Front - AR Mil-Spec | E7: 647533042406 | F7: Current | H7: 51.24 | I7: 51.24 | J7: =ROUNDUP(H7*1.1,0)-0.01 -> 56.99 | K7: AR | L7: AR | M7: Pouch | N7: 0.15 | O7: 5.5 | P7: 5 | Q7: 0.5 | R7: USA | S7: 9305.20.9500 | T7: XS white stripe front sight for the AR features precision machined stress proof steel and white stripe, increasing contrast for a more visible sight in mid-low light conditions. Post is 0.080" wide. With two white faces, each half rotation of front sight gives a 2.5" shift at 100 yards. Made in the USA. Fits AR front sight housing with front sight detent at 3, 6, or 9 o'clock. | U7: Steel sight with blued finish | V7: White stripe post | W7: Limited Lifetime Warranty | AC7: No | AD7: No | AE7: Lead | AF7: Warning Cancer and Reproductive Harm - www.p65warnings.ca.gov | AG7: WARNING-Cancer and Reproductive Harm – www.P65Warnings.ca.gov | AH7: https://www.dropbox.com/s/cnm6mx8gjyg9az0/AR-2008-1.jpg?dl=0 | AM7: https://xssights.com/content/Install%20Instructions/AR15%20A2%20Front%20and%20Fine%20Tune%20Instructions.pdf
A8: AR | B8: =_xlfn.XLOOKUP(C8,'Kit to Family'!A:A,'Kit to Family'!G:G) -> Std | C8: AR-2009-2 | D8: .100W White Stripe Front - AR Mil-Spec | E8: 647533042413 | F8: Phaseout | H8: 51.24 | J8: =ROUNDUP(H8*1.1,0)-0.01 -> 56.99 | K8: AR | L8: AR | M8: Pouch | N8: 0.15 | O8: 5.5 | P8: 5 | Q8: 0.5 | R8: USA | S8: 9305.20.9500 | T8: XS white stripe front sight for the AR features precision machined stress proof steel and white stripe, increasing contrast for a more visible sight in mid-low light conditions. Post is 0.100" wide. With two white faces, each half rotation of front sight gives a 2.5" shift at 100 yards. Made in the USA. Fits AR front sight housing with front sight detent at 3, 6, or 9 o'clock. | U8: Steel sight with blued finish | V8: White stripe post | W8: Limited Lifetime Warranty | AC8: No | AD8: No | AE8: Lead | AF8: Warning Cancer and Reproductive Harm - www.p65warnings.ca.gov | AG8: WARNING-Cancer and Reproductive Harm – www.P65Warnings.ca.gov | AH8: https://www.dropbox.com/s/wyteujc8w1lgizo/AR-2009-2_angle.jpg?dl=0 | AI8: https://www.dropbox.com/s/hu55bj7a8tf389a/AR-2009-2_back.jpg?dl=0 | AM8: https://xssights.com/content/Install%20Instructions/AR15%20A2%20Front%20and%20Fine%20Tune%20Instructions.pdf
A9: AR | B9: =_xlfn.XLOOKUP(C9,'Kit to Family'!A:A,'Kit to Family'!G:G) -> Flip Up Front Tritium | C9: AR-2013-7 | D9: Folding Front Sight - XS Tritium Stripe | E9: 647533045834 | F9: Current | H9: 156.55 | I9: 156.55 | J9: =ROUNDUP(H9*1.1,0)-0.01 -> 172.99 | K9: AR | L9: AR | M9: Pouch | N9: 0.15 | O9: 5.5 | P9: 5 | Q9: 0.5 | R9: USA | S9: 9305.20.9500 | T9: Samson quick flip up sight bases are constructed from aluminum, have stainless steel clamps, and are hard coat anodized. With milspec dimensions, the sights lock into position and attach to any 1913 Picatinny rail. Front sight features XS Tritium Stripe front: 0.105” wide front post with vertical tritium stripe and white painted outline for visibility in any light. | U9: Aluminum base | V9: Tritium Front with White Stripe | W9: Steel Clamp | AC9: No | AD9: Yes | AE9: Lead | AF9: Warning Cancer and Reproductive Harm - www.p65warnings.ca.gov | AG9: WARNING-Cancer and Reproductive Harm – www.P65Warnings.ca.gov | AH9: https://www.dropbox.com/s/21tz2lrn7a4r30s/AR-2013-7.jpg?dl=0
A10: AR | B10: =_xlfn.XLOOKUP(C10,'Kit to Family'!A:A,'Kit to Family'!G:G) -> Flip Up Rear | C10: AR-2014-8 | D10: Folding Rear Sight - CSAT Aperture | E10: 647533045841 | F10: Current | H10: 133.25 | I10: 133.25 | J10: =ROUNDUP(H10*1.1,0)-0.01 -> 146.99 | K10: AR | L10: AR | M10: Pouch | N10: 0.15 | O10: 5.5 | P10: 5 | Q10: 0.5 | R10: USA | S10: 9305.20.9500 | T10: Samson quick flip up sight base is constructed from aluminum, has a stainless steel clamp, and is hard coat anodized. With milspec dimensions, the sight locks into position and attaches to any 1913 Picatinny rail. Rear sight features XS CSAT same plane aperture: CQB situations made easy with notch providing a 7 yard zero, aperture a 100 yard zero, or flip to the large battle aperture, all while maintaining zero. | U10: Aluminum base | V10: steel clamp and aperture | W10: Limited Lifetime Warranty | AC10: No | AD10: No | AE10: Lead | AF10: Warning Cancer and Reproductive Harm - www.p65warnings.ca.gov | AG10: WARNING-Cancer and Reproductive Harm – www.P65Warnings.ca.gov | AH10: https://www.dropbox.com/s/1wkldqkbfp58vgs/AR-2014-8.jpg?dl=0
A11: AR | B11: =_xlfn.XLOOKUP(C11,'Kit to Family'!A:A,'Kit to Family'!G:G) -> Rear Tritium | C11: AR-3001-7 | D11: Flip-up Sights w/ CSAT & Tritium Stripe | E11: 647533045827 | F11: Current | H11: 318.14 | I11: 318.14 | J11: =ROUNDUP(H11*1.1,0)-0.01 -> 349.99 | K11: AR | L11: AR | M11: Clamshell | N11: 0.25 | O11: 8 | P11: 5 | Q11: 1.5 | R11: USA | S11: 9305.20.9500 | T11: Samson quick flip up sight bases are constructed from aluminum, have stainless steel clamps, and are hard coat anodized. With milspec dimensions, the sights lock into position and attach to any 1913 Picatinny rail. Front sight features XS Tritium Stripe front: 0.105” wide front post with vertical tritium stripe and white painted outline for visibility in any light. Rear sight features XS CSAT same plane aperture: CQB situations made easy with notch providing a 7 yard zero, aperture a 100 yard zero, or flip to the large battle aperture, all while maintaining zero. | U11: Aluminum base | V11: Steel clamp and aperture | W11: Tritium front | X11: Limited Lifetime Warranty | AC11: No | AD11: Yes | AE11: Lead | AF11: Warning Cancer and Reproductive Harm - www.p65warnings.ca.gov | AG11: WARNING-Cancer and Reproductive Harm – www.P65Warnings.ca.gov | AH11: https://www.dropbox.com/s/oiuuxugt0iyl3lk/AR-3001-7%20angle%2020190516.jpg?dl=0 | AI11: https://www.dropbox.com/s/l5qvl4buivz4tla/AR-3001-7%20back%2020190516.jpg?dl=0 | AJ11: https://www.dropbox.com/s/n99ca83yb15g25b/AR-3001-7%20side%2020190516.jpg?dl=0 | AK11: https://www.dropbox.com/s/07cupvki0wdsre1/AR-3001-7.jpg?dl=0
A12: AR | B12: =_xlfn.XLOOKUP(C12,'Kit to Family'!A:A,'Kit to Family'!G:G) -> Std | C12: AR-2010-8 | D12: Aimpoint QD Base w/ CSAT | E12: 647533042468 | F12: Phaseout | H12: 51.24 | J12: =ROUNDUP(H12*1.1,0)-0.01 -> 56.99 | K12: AR | L12: AR | M12: Pouch | N12: 0.15 | O12: 8 | P12: 5 | Q12: 1.5 | R12: USA | S12: 9305.20.9500 | T12: Master Sgt. Paul Howe's (USA - Ret.) CSAT aperture provides the shooter with both a traditional notch and post for a 7 yard zero, plus a small aperture for a 100 yard zero, allowing the shooter to account for the 2.5" offset between those distances. Rear sight also includes a same plane large battle sight aperture, allowing the user to flip the sight for a wider field of view while maintaining zero. Rear sight assembly for use on AimPoint QD twist mount magnifier base. Made in the USA. | U12: Fits Aimpoint Magnifier QD base | V12: CSAT Aperture | W12: Anodized Aluminum | AC12: No | AD12: No | AE12: Lead | AF12: Warning Cancer and Reproductive Harm - www.p65warnings.ca.gov | AG12: WARNING-Cancer and Reproductive Harm – www.P65Warnings.ca.gov | AH12: https://www.dropbox.com/s/aevaxhv6j0mjan7/AR-2010-8_angle.jpg?dl=0 | AI12: https://www.dropbox.com/s/iq5u7s7pdiv0afg/AR-2010-8_back.jpg?dl=0
A13: AR | B13: =_xlfn.XLOOKUP(C13,'Kit to Family'!A:A,'Kit to Family'!G:G) -> Rear / Front Tritium | C13: AR-0005-7 | D13: CSAT Rear & Tritium Stripe Front - AR Mil-Spec | E13: 647533037211 | F13: Current | H13: 99.99 | I13: 99.99 | J13: =ROUNDUP(H13*1.1,0)-0.01 -> 109.99 | K13: AR | L13: AR | M13: Pouch | N13: 0.15 | O13: 5.5 | P13: 5 | Q13: 0.5 | R13: USA | S13: 9305.20.9500 | T13: XS Tritium stripe front sight and CSAT rear for the AR includes precision machined stress proof steel post and aperture inserts for installation into AR sight housings. The tritium front stripe features a vertical tritium vial and white outline to provide front sight visibility in any lighting condition. 0.105" square top post. Each full rotation of front sight gives a 5" shift at 100 yards. Fits AR front sight housing with front sight detent at 3, 6, or 9 o'clock. Master Sgt. Paul Howe's (USA - Ret.) CSAT aperture provides the shooter with both a traditional notch and post for a 7 yard zero, plus a small aperture for a 100 yard zero, allowing the shooter to account for the 2.5" offset between those distances. Rear sight also includes a same plane large battle sight aperture, allowing the user to flip the sight for a wider field of view while maintaining zero. Fits in Mil-Spec A2 rear sight housing. Made in the USA. | U13: Steel sight with blued finish | V13: Green tritium front | W13: White paint outline | X13: Blacked-out rear | Y13: Limited Lifetime Warranty | AC13: No | AD13: Yes | AE13: Lead | AF13: Warning Cancer and Reproductive Harm - www.p65warnings.ca.gov | AG13: WARNING-Cancer and Reproductive Harm – www.P65Warnings.ca.gov | AH13: https://www.dropbox.com/s/y3lz66wej8xjqql/AR-0005-7%2020201201.jpg?dl=0
A14: DXT | B14: =_xlfn.XLOOKUP(C14,'Kit to Family'!A:A,'Kit to Family'!G:G) -> Std | C14: RE-0006-6 | D14: DXT Standard Dot - Remington Rifles & Shotguns, 2 Groove Rear Sight Base | E14: 647533015462 | F14: Phaseout | H14: 131.29 | J14: =ROUNDUP(H14*1.1,0)-0.01 -> 144.99 | K14: Remington | L14: Shotgun | M14: Pouch | N14: 0.15 | O14: 5.5 | P14: 5 | Q14: 0.5 | R14: USA | S14: 9305.20.9500 | T14: DXT Standard Dot Sights for Remington rifle sighted barrels provide all the advantages of DXT pistol sights on the defensive shotgun. Fast sight alignment and acquisition in all light conditions. Great for patrol, tactical, and home defense shotguns. Standard Dot measures 0.140" diameter. | U14: Steel sight with blued finish | V14: Green tritium front and rear | W14: White ring front | X14: Limited Lifetime Warranty | AC14: No | AD14: Yes | AE14: Lead | AF14: Warning Cancer and Reproductive Harm - www.p65warnings.ca.gov | AG14: WARNING-Cancer and Reproductive Harm – www.P65Warnings.ca.gov | AH14: https://www.dropbox.com/s/r0lvylxleuk5aq8/RE-0006-6%20angle%2020201208.jpg?dl=0 | AI14: https://www.dropbox.com/s/22se3siq0knr6hn/RE-0006-6%20back%2020190530.jpg?dl=0 | AM14: https://xssights.com/content/Install%20Instructions/Remington%20Express%20Sight%20Instructions.pdf
A15: DXT | B15: =_xlfn.XLOOKUP(C15,'Kit to Family'!A:A,'Kit to Family'!G:G) -> Std | C15: BS-0001S-5 | D15: DXT Big Dot - Bersa BP9CC | E15: 647533043861 | F15: Phaseout | H15: 129.99 | J15: =ROUNDUP(H15*1.1,0)-0.01 -> 142.99 | K15: Bersa | L15: Pistol | M15: Pouch | N15: 0.15 | O15: 5.5 | P15: 5 | Q15: 0.5 | R15: USA | S15: 9305.10.0090 | T15: The XS DXT Big Dot night sight is the ultimate defensive sight set. Fits Bersa BP9CC. Precision machined in Fort Worth, TX, XS Sights feature a Big Dot Tritium front sight and express rear sight with a vertical tritium stripe for fast sight acquisition in all light conditions. Big Dot demands your attention - even in high stress and for those with poor eyesight, aids in rapidly achieving combat effective hits. White dot reflects ambient light for best visibility in low light. Shallow V-Notch rear provides an unobstructed view of the front sight, along with a greater field of view down range, especially when moving and shooting. Day-Light, Half-Light, or Low-Light, just "dot the i" and center the dot over your target within 15 yards. Outside Diameter Big Dot 0.188"; fits in common holsters. Installation might require filing to fit sight to dovetail, do not use a sight press/pusher tool. | U15: Steel sight with blued finish | V15: Green tritium front and rear | W15: White ring front | X15: Limited Lifetime Warranty | AC15: No | AD15: Yes | AE15: Lead | AF15: Warning Cancer and Reproductive Harm - www.p65warnings.ca.gov | AG15: WARNING-Cancer and Reproductive Harm – www.P65Warnings.ca.gov | AH15: https://www.dropbox.com/scl/fi/y7fdmm6pfjt2kyzceunrj/BS-0001S-5-angle-20181210.jpg?rlkey=agbk46rftid4fx0q6uu79kcou&st=yxlunsfy&dl=0 | AI15: https://www.dropbox.com/scl/fi/zc32sxfcqr066q32xe2s3/BS-0001S-5-back-20181210.jpg?rlkey=x4x2vsh7j41ymu50oauv8jnyp&st=cpkqgtzn&dl=0 | AJ15: https://www.dropbox.com/scl/fi/xlj0l24s846yz2d27px90/BS-0001S-5-side-20181210.jpg?rlkey=aw65q3h7pof6scor907r1pml9&st=prk3xraw&dl=0 | AM15: https://xssights.com/content/Install%20Instructions/General%20Handgun%20Installation.pdf
A16: DXT | B16: =_xlfn.XLOOKUP(C16,'Kit to Family'!A:A,'Kit to Family'!G:G) -> Std | C16: CK-0001S-5 | D16: DXT Big Dot - Canik | E16: 647533045650 | F16: Phaseout | H16: 129.99 | J16: =ROUNDUP(H16*1.1,0)-0.01 -> 142.99 | K16: Canik | L16: Pistol | M16: Pouch | N16: 0.15 | O16: 5.5 | P16: 5 | Q16: 0.5 | R16: USA | S16: 9305.10.0090 | T16: The XS DXT Big Dot night sight is the ultimate defensive sight set. Fits Canik TP9SF, TP9SF Elite, & TP9SFx. Precision machined in Fort Worth, TX, XS Sights feature a Big Dot Tritium front sight and express rear sight with a vertical tritium stripe for fast sight acquisition in all light conditions. Big Dot demands your attention - even in high stress and for those with poor eyesight, aids in rapidly achieving combat effective hits. White dot reflects ambient light for best visibility in low light. Shallow V-Notch rear provides an unobstructed view of the front sight, along with a greater field of view down range, especially when moving and shooting. Day-Light, Half-Light, or Low-Light, just "dot the i" and center the dot over your target within 15 yards. Outside Diameter Big Dot 0.188"; fits in common holsters. Installation might require filing to fit sight to dovetail, do not use a sight press/pusher tool. | U16: Steel sight with blued finish | V16: Green tritium front and rear | W16: White ring front | X16: Snag-free design | Y16: Limited Lifetime Warranty | AC16: No | AD16: Yes | AE16: Lead | AF16: Warning Cancer and Reproductive Harm - www.p65warnings.ca.gov | AG16: WARNING-Cancer and Reproductive Harm – www.P65Warnings.ca.gov | AH16: https://www.dropbox.com/scl/fi/yot59qi0wdcquqj6n4wj0/CK-0001S-5-angle-20190308.jpg?rlkey=g96a4az11uugs5m471m3rf25n&st=cilqdana&dl=0 | AI16: https://www.dropbox.com/scl/fi/46995naw9pllmbgfk1nyl/CK-0001S-5-back-20190308.jpg?rlkey=jaqytrjwaaffo5794v2nnr71l&st=qzj52g86&dl=0 | AJ16: https://www.dropbox.com/scl/fi/blw26ahjlqwapled5o3u5/CK-0001S-5-side-20190308.jpg?rlkey=ww1lmpyqjkzeq46vijgcxw4tx&st=fe37ndc1&dl=0 | AM16: https://xssights.com/content/Install%20Instructions/General%20Handgun%20Installation.pdf
A17: DXT | B17: =_xlfn.XLOOKUP(C17,'Kit to Family'!A:A,'Kit to Family'!G:G) -> Std | C17: NE-0007S-5 | D17: DXT Big Dot - Colt Enhanced Govt. 5" | E17: 647533014458 | F17: Phaseout | H17: 129.99 | J17: =ROUNDUP(H17*1.1,0)-0.01 -> 142.99 | K17: Colt | L17: Pistol | M17: Pouch | N17: 0.15 | O17: 5.5 | P17: 5 | Q17: 0.5 | R17: USA | S17: 9305.10.0090 | T17: The XS DXT Big Dot night sight is the ultimate defensive sight set. Fits Colt 1911 5" with flat top slide. Installation requires machining a .330"X65°X.075" dovetail for front sight. Precision machined in Fort Worth, TX, XS Sights feature a Big Dot Tritium front sight and express rear sight with a vertical tritium stripe for fast sight acquisition in all light conditions. Big Dot demands your attention - even in high stress and for those with poor eyesight, aids in rapidly achieving combat effective hits. White dot reflects ambient light for best visibility in low light. Shallow V-Notch rear provides an unobstructed view of the front sight, along with a greater field of view down range, especially when moving and shooting. Day-Light, Half-Light, or Low-Light, just "dot the i" and center the dot over your target within 15 yards. Outside Diameter Big Dot 0.188"; fits in common holsters. Installation might require filing to fit sight to dovetail, do not use a sight press/pusher tool. | U17: Steel sight with blued finish | V17: Green tritium front and rear | W17: White ring front | X17: Limited Lifetime Warranty | AC17: No | AD17: Yes | AE17: Lead | AF17: Warning Cancer and Reproductive Harm - www.p65warnings.ca.gov | AG17: WARNING-Cancer and Reproductive Harm – www.P65Warnings.ca.gov | AH17: https://www.dropbox.com/s/t8eq0e2f7wf2zps/NE-0008S-5%20ANGLE%2020180329.jpg?dl=0 | AI17: https://www.dropbox.com/s/93fwqnw4bsi6fi8/NE-0008S-5%20BACK%2020180329.jpg?dl=0 | AM17: https://xssights.com/content/Install%20Instructions/General%20Handgun%20Installation.pdf
A18: DXT | B18: =_xlfn.XLOOKUP(C18,'Kit to Family'!A:A,'Kit to Family'!G:G) -> Std | C18: NE-0010S-5 | D18: DXT Big Dot - Colt Enhanced Govt. 5" Novak rear | E18: 647533014755 | F18: Phaseout | H18: 129.99 | J18: =ROUNDUP(H18*1.1,0)-0.01 -> 142.99 | K18: Colt | L18: Pistol | M18: Pouch | N18: 0.2 | O18: 5.5 | P18: 5 | Q18: 0.5 | R18: USA | S18: 9305.10.0090 | T18: The XS DXT Big Dot night sight is the ultimate defensive sight set. Fits Colt 1911 Government 5" with flat top slide and Novak rear sight cut. Installation requires machining a .330"X65°X.075" dovetail for front sight. Precision machined in Fort Worth, TX, XS Sights feature a Big Dot Tritium front sight and express rear sight with a vertical tritium stripe for fast sight acquisition in all light conditions. Big Dot demands your attention - even in high stress and for those with poor eyesight, aids in rapidly achieving combat effective hits. White dot reflects ambient light for best visibility in low light. Shallow V-Notch rear provides an unobstructed view of the front sight, along with a greater field of view down range, especially when moving and shooting. Day-Light, Half-Light, or Low-Light, just "dot the i" and center the dot over your target within 15 yards. Outside Diameter Big Dot 0.188"; fits in common holsters. Installation might require filing to fit sight to dovetail, do not use a sight press/pusher tool. | U18: Steel sight with blued finish | V18: Green tritium front and rear | W18: White ring front | X18: Limited Lifetime Warranty | AC18: No | AD18: Yes | AE18: Lead | AF18: Warning Cancer and Reproductive Harm - www.p65warnings.ca.gov | AG18: WARNING-Cancer and Reproductive Harm – www.P65Warnings.ca.gov | AH18: https://www.dropbox.com/s/scd87wq2tuekbwg/NE-0011S-5%20angle%2020190313.jpg?dl=0 | AI18: https://www.dropbox.com/s/9egaspu8lhb68ha/NE-0011S-5%20back%2020190313.jpg?dl=0 | AM18: https://xssights.com/content/Install%20Instructions/General%20Handgun%20Installation.pdf
A19: DXT | B19: =_xlfn.XLOOKUP(C19,'Kit to Family'!A:A,'Kit to Family'!G:G) -> Std | C19: NE-0011S-5 | D19: DXT Big Dot - Colt Enhanced Commander 4.25" Novak rear | E19: 647533014816 | F19: Phaseout | H19: 129.99 | J19: =ROUNDUP(H19*1.1,0)-0.01 -> 142.99 | K19: Colt | L19: Pistol | M19: Pouch | N19: 0.2 | O19: 5.5 | P19: 5 | Q19: 0.5 | R19: USA | S19: 9305.10.0090 | T19: The XS DXT Big Dot night sight is the ultimate defensive sight set. Fits Colt 1911 Commander 4.25" with flat top slide and Novak rear sight cut. Installation requires machining a .330"X65°X.075" dovetail for front sight. Precision machined in Fort Worth, TX, XS Sights feature a Big Dot Tritium front sight and express rear sight with a vertical tritium stripe for fast sight acquisition in all light conditions. Big Dot demands your attention - even in high stress and for those with poor eyesight, aids in rapidly achieving combat effective hits. White dot reflects ambient light for best visibility in low light. Shallow V-Notch rear provides an unobstructed view of the front sight, along with a greater field of view down range, especially when moving and shooting. Day-Light, Half-Light, or Low-Light, just "dot the i" and center the dot over your target within 15 yards. Outside Diameter Big Dot 0.188"; fits in common holsters. Installation might require filing to fit sight to dovetail, do not use a sight press/pusher tool. | U19: Steel sight with blued finish | V19: Green tritium front and rear | W19: White ring front | X19: Limited Lifetime Warranty | AC19: No | AD19: Yes | AE19: Lead | AF19: Warning Cancer and Reproductive Harm - www.p65warnings.ca.gov | AG19: WARNING-Cancer and Reproductive Harm – www.P65Warnings.ca.gov | AH19: https://www.dropbox.com/s/scd87wq2tuekbwg/NE-0011S-5%20angle%2020190313.jpg?dl=0 | AI19: https://www.dropbox.com/s/9egaspu8lhb68ha/NE-0011S-5%20back%2020190313.jpg?dl=0 | AM19: https://xssights.com/content/Install%20Instructions/General%20Handgun%20Installation.pdf
A20: DXT | B20: =_xlfn.XLOOKUP(C20,'Kit to Family'!A:A,'Kit to Family'!G:G) -> Supp | C20: NE-0017S-5 | D20: DXT Big Dot - Colt Govt. 5" Novak rear Suppressor Hgt | E20: 647533045254 | F20: Phaseout | H20: 139.99 | J20: =ROUNDUP(H20*1.1,0)-0.01 -> 153.99 | K20: Colt | L20: Pistol | M20: Pouch | N20: 0.25 | O20: 5.5 | P20: 5 | Q20: 0.5 | R20: USA | S20: 9305.10.0090 | T20: The XS DXT Big Dot night sight is the ultimate defensive sight set. Suppressor height sights fit Colt 1911 5" with flat top slide. Installation requires machining a .330"X65°X.075" dovetail for front sight. Precision machined in Fort Worth, TX, XS Sights feature a Big Dot Tritium front sight and express rear sight with a vertical tritium stripe for fast sight acquisition in all light conditions. Big Dot demands your attention - even in high stress and for those with poor eyesight, aids in rapidly achieving combat effective hits. White dot reflects ambient light for best visibility in low light. Shallow V-Notch rear provides an unobstructed view of the front sight, along with a greater field of view down range, especially when moving and shooting. Day-Light, Half-Light, or Low-Light, just "dot the i" and center the dot over your target within 15 yards. Outside Diameter Big Dot 0.188"; fits in common holsters. Installation might require filing to fit sight to dovetail, do not use a sight press/pusher tool. | U20: Steel sight with blued finish | V20: Green tritium front and rear | W20: White ring front | X20: Limited Lifetime Warranty | AC20: No | AD20: Yes | AE20: Lead | AF20: Warning Cancer and Reproductive Harm - www.p65warnings.ca.gov | AG20: WARNING-Cancer and Reproductive Harm – www.P65Warnings.ca.gov | AH20: https://www.dropbox.com/s/yuuh7ttzuzjnamg/NE-0017S-5%20angle%2020190313.jpg?dl=0 | AI20: https://www.dropbox.com/s/q1l0tmpxcfmxj1f/NE-0017S-5%20back%2020190313.jpg?dl=0 | AM20: https://xssights.com/content/Install%20Instructions/General%20Handgun%20Installation.pdf
A21: DXT | B21: =_xlfn.XLOOKUP(C21,'Kit to Family'!A:A,'Kit to Family'!G:G) -> Supp | C21: NE-0017S-6 | D21: DXT Standard Dot - Colt Govt. 5" Novak rear Suppressor Hgt | E21: 647533045278 | F21: Phaseout | H21: 139.99 | J21: =ROUNDUP(H21*1.1,0)-0.01 -> 153.99 | K21: Colt | L21: Pistol | M21: Pouch | N21: 0.25 | O21: 5.5 | P21: 5 | Q21: 0.5 | R21: USA | S21: 9305.10.0090 | T21: The XS DXT Standard Dot night sight is a superior defensive sight set. Suppressor height for 5" 1911 with Novak front and Novak rear cuts. Precision machined in Fort Worth, TX, XS Sights feature a Standard Dot Tritium front sight and express rear sight with a vertical tritium stripe for fast sight acquisition in all light conditions. Standard Dot is larger than most fronts to be seen under stress, but covers less of the target than the Big Dot. White dot reflects ambient light for visibility in low light. Shallow V-Notch rear provides an unobstructed view of the front sight, along with a greater field of view down range, especially when moving and shooting. Day-Light, Half-Light, or Low-Light, just "dot the i" and center the dot over your target within 15 yards. Outside Diameter Standard Dot 0.140"; fits in common holsters. Installation might require filing to fit sight to dovetail, do not use a sight press/pusher tool. | U21: Steel sight with blued finish | V21: Green tritium front and rear | W21: White ring front | X21: Limited Lifetime Warranty | AC21: No | AD21: Yes | AE21: Lead | AF21: Warning Cancer and Reproductive Harm - www.p65warnings.ca.gov | AG21: WARNING-Cancer and Reproductive Harm – www.P65Warnings.ca.gov | AH21: https://www.dropbox.com/s/bt9m7e3r75j3s8o/NE-0017S-6_angle.jpg?dl=0 | AI21: https://www.dropbox.com/s/nooz90zme27c5d8/NE-0017S-6_back.jpg?dl=0 | AM21: https://xssights.com/content/Install%20Instructions/General%20Handgun%20Installation.pdf
A22: DXT | B22: =_xlfn.XLOOKUP(C22,'Kit to Family'!A:A,'Kit to Family'!G:G) -> Supp | C22: GL-0004S-5 | D22: DXT Big Dot - Glock Suppressor Hgt 17,19,22-24,26,27,31-36,38 | E22: 647533044387 | F22: Phaseout | H22: 139.99 | J22: =ROUNDUP(H22*1.1,0)-0.01 -> 153.99 | K22: Glock | L22: Pistol | M22: Pouch | N22: 0.5 | O22: 5.5 | P22: 5 | Q22: 0.5 | R22: USA | S22: 9305.10.0090 | T22: The XS DXT Big Dot night sight is the ultimate defensive sight set. Suppressor Height Sights for Glock models 17, 19, 22, 23, 24, 26, 27, 31, 32, 33, 34, 35, & 36. Precision machined in Fort Worth, TX, XS Sights feature a Big Dot Tritium front sight and express rear sight with a vertical tritium stripe for fast sight acquisition in all light conditions. Big Dot demands your attention - even in high stress and for those with poor eyesight, aids in rapidly achieving combat effective hits. White dot reflects ambient light for best visibility in low light. Shallow V-Notch rear provides an unobstructed view of the front sight, along with a greater field of view down range, especially when moving and shooting. Day-Light, Half-Light, or Low-Light, just "dot the i" and center the dot over your target within 15 yards. Outside Diameter Big Dot 0.188"; fits in common holsters. Installation might require filing to fit sight to dovetail, do not use a sight press/pusher tool. | U22: Steel sight with blued finish | V22: Green tritium front and rear | W22: White ring front | X22: Snag-free design | Y22: Limited Lifetime Warranty | AC22: No | AD22: Yes | AE22: Lead | AF22: Warning Cancer and Reproductive Harm - www.p65warnings.ca.gov | AG22: WARNING-Cancer and Reproductive Harm – www.P65Warnings.ca.gov | AH22: https://www.dropbox.com/s/3rz1ytu9w9g7v0r/GL-0004S-5%20angle%2020201202.jpg?dl=0 | AI22: https://www.dropbox.com/s/zz6bi04gwehdzxv/GL-0004S-5%20back%2020180912.jpg?dl=0 | AM22: https://xssights.com/content/Install%20Instructions/General%20Handgun%20Installation.pdf
A23: DXT | B23: =_xlfn.XLOOKUP(C23,'Kit to Family'!A:A,'Kit to Family'!G:G) -> Supp | C23: GL-0005S-6 | D23: DXT Standard Dot - Glock Suppressor Hgt 20,21,29,30,30S,37,40,41 | E23: 647533044455 | F23: Phaseout | H23: 139.99 | J23: =ROUNDUP(H23*1.1,0)-0.01 -> 153.99 | K23: Glock | L23: Pistol | M23: Pouch | N23: 0.5 | O23: 5.5 | P23: 5 | Q23: 0.5 | R23: USA | S23: 9305.10.0090 | T23: The XS DXT Standard Dot night sight is a superior defensive sight set. Suppressor Height sights for Glock models 20, 21, 29, 30, 30S, 37, 40, & 41. Precision machined in Fort Worth, TX, XS Sights feature a Standard Dot Tritium front sight and express rear sight with a vertical tritium stripe for fast sight acquisition in all light conditions. Standard Dot is larger than most fronts to be seen under stress, but covers less of the target than the Big Dot. White dot reflects ambient light for visibility in low light. Shallow V-Notch rear provides an unobstructed view of the front sight, along with a greater field of view down range, especially when moving and shooting. Day-Light, Half-Light, or Low-Light, just "dot the i" and center the dot over your target within 15 yards. Outside Diameter Standard Dot 0.140"; fits in common holsters. Installation might require filing to fit sight to dovetail, do not use a sight press/pusher tool. | U23: Steel sight with blued finish | V23: Green tritium front and rear | W23: White ring front | X23: Limited Lifetime Warranty | AC23: No | AD23: Yes | AE23: Lead | AF23: Warning Cancer and Reproductive Harm - www.p65warnings.ca.gov | AG23: WARNING-Cancer and Reproductive Harm – www.P65Warnings.ca.gov | AH23: https://www.dropbox.com/s/3zauoklsy27x56i/GL-0004S-6%20angle%2020180917.jpg?dl=0 | AI23: https://www.dropbox.com/s/7g4wi1zv96vioub/GL-0004S-6%20back%2020180917.jpg?dl=0 | AM23: https://xssights.com/content/Install%20Instructions/General%20Handgun%20Installation.pdf
A24: DXT | B24: =_xlfn.XLOOKUP(C24,'Kit to Family'!A:A,'Kit to Family'!G:G) -> Std | C24: KA-0004S-5 | D24: DXT Big Dot - Kahr Post 04 E & CW, Requires DVTL cut | E24: 647533037488 | F24: Phaseout | H24: 129.99 | J24: =ROUNDUP(H24*1.1,0)-0.01 -> 142.99 | K24: Kahr | L24: Pistol | M24: Pouch | N24: 0.15 | O24: 5.5 | P24: 5 | Q24: 0.5 | R24: USA | S24: 9305.10.0090 | T24: The XS DXT Big Dot night sight is the ultimate defensive sight set. Fits Kahr E & CW series pistols manufactured after 2004. Installation requires machining a .330"X65°X.075" dovetail for front sight. Precision machined in Fort Worth, TX, XS Sights feature a Big Dot Tritium front sight and express rear sight with a vertical tritium stripe for fast sight acquisition in all light conditions. Big Dot demands your attention - even in high stress and for those with poor eyesight, aids in rapidly achieving combat effective hits. White dot reflects ambient light for best visibility in low light. Shallow V-Notch rear provides an unobstructed view of the front sight, along with a greater field of view down range, especially when moving and shooting. Day-Light, Half-Light, or Low-Light, just "dot the i" and center the dot over your target within 15 yards. Outside Diameter Big Dot 0.188"; fits in common holsters. Installation might require filing to fit sight to dovetail, do not use a sight press/pusher tool. Note: The loaded chamber indicator of CA compliant models blocks the sight picture. | U24: Steel sight with blued finish | V24: Green tritium front and rear | W24: White ring front | X24: Limited Lifetime Warranty | AC24: No | AD24: Yes | AE24: Lead | AF24: Warning Cancer and Reproductive Harm - www.p65warnings.ca.gov | AG24: WARNING-Cancer and Reproductive Harm – www.P65Warnings.ca.gov | AH24: https://www.dropbox.com/s/4i01ln6yjjb4t43/KA-0004S-5%20angle%2020181211.jpg?dl=0 | AI24: https://www.dropbox.com/s/4i01ln6yjjb4t43/KA-0004S-5%20angle%2020181211.jpg?dl=0 | AM24: https://xssights.com/content/Install%20Instructions/General%20Handgun%20Installation.pdf
A25: DXT | B25: =_xlfn.XLOOKUP(C25,'Kit to Family'!A:A,'Kit to Family'!G:G) -> Std | C25: KB-0002S-5 | D25: DXT Big Dot - Kimber 1911 Custom 5" & Ultra Carry | E25: 647533012614 | F25: Phaseout | H25: 129.99 | J25: =ROUNDUP(H25*1.1,0)-0.01 -> 142.99 | K25: Kimber | L25: Pistol | M25: Pouch | N25: 0.15 | O25: 5.5 | P25: 5 | Q25: 0.5 | R25: USA | S25: 9305.10.0090 | T25: The XS DXT Big Dot night sight is the ultimate defensive sight set. Fits Kimber 1911 Custom 5" & Ultra Carry. Precision machined in Fort Worth, TX, XS Sights feature a Big Dot Tritium front sight and express rear sight with a vertical tritium stripe for fast sight acquisition in all light conditions. Big Dot demands your attention - even in high stress and for those with poor eyesight, aids in rapidly achieving combat effective hits. White dot reflects ambient light for best visibility in low light. Shallow V-Notch rear provides an unobstructed view of the front sight, along with a greater field of view down range, especially when moving and shooting. Day-Light, Half-Light, or Low-Light, just "dot the i" and center the dot over your target within 15 yards. Outside Diameter Big Dot 0.188"; fits in common holsters. Installation might require filing to fit sight to dovetail, do not use a sight press/pusher tool. | U25: Steel sight with blued finish | V25: Green tritium front and rear | W25: White ring front | X25: Limited Lifetime Warranty | AC25: No | AD25: Yes | AE25: Lead | AF25: Warning Cancer and Reproductive Harm - www.p65warnings.ca.gov | AG25: WARNING-Cancer and Reproductive Harm – www.P65Warnings.ca.gov | AH25: https://www.dropbox.com/s/brei7ltrkhwe9db/KB-0002S-5_angle.jpg?dl=0 | AI25: https://www.dropbox.com/s/epyxaih5sc6qe44/KB-0002S-5_back.jpg?dl=0 | AM25: https://xssights.com/content/Install%20Instructions/General%20Handgun%20Installation.pdf
A26: DXT | B26: =_xlfn.XLOOKUP(C26,'Kit to Family'!A:A,'Kit to Family'!G:G) -> Std | C26: KB-0003S-5 | D26: DXT Big Dot - Kimber 1911 Compact & Pro Carry | E26: 647533012737 | F26: Phaseout | H26: 129.99 | J26: =ROUNDUP(H26*1.1,0)-0.01 -> 142.99 | K26: Kimber | L26: Pistol | M26: Pouch | N26: 0.15 | O26: 5.5 | P26: 5 | Q26: 0.5 | R26: USA | S26: 9305.10.0090 | T26: The XS DXT Big Dot night sight is the ultimate defensive sight set. Fits Kimber 1911 Compact & Pro Carry. Precision machined in Fort Worth, TX, XS Sights feature a Big Dot Tritium front sight and express rear sight with a vertical tritium stripe for fast sight acquisition in all light conditions. Big Dot demands your attention - even in high stress and for those with poor eyesight, aids in rapidly achieving combat effective hits. White dot reflects ambient light for best visibility in low light. Shallow V-Notch rear provides an unobstructed view of the front sight, along with a greater field of view down range, especially when moving and shooting. Day-Light, Half-Light, or Low-Light, just "dot the i" and center the dot over your target within 15 yards. Outside Diameter Big Dot 0.188"; fits in common holsters. Installation might require filing to fit sight to dovetail, do not use a sight press/pusher tool. | U26: Steel sight with blued finish | V26: Green tritium front and rear | W26: White ring front | X26: Limited Lifetime Warranty | AC26: No | AD26: Yes | AE26: Lead | AF26: Warning Cancer and Reproductive Harm - www.p65warnings.ca.gov | AG26: WARNING-Cancer and Reproductive Harm – www.P65Warnings.ca.gov | AH26: https://www.dropbox.com/s/k26h692d2l6u2mk/KB-0003S-5_angle.jpg?dl=0 | AI26: https://www.dropbox.com/s/k26h692d2l6u2mk/KB-0003S-5_angle.jpg?dl=0 | AM26: https://xssights.com/content/Install%20Instructions/General%20Handgun%20Installation.pdf
A27: DXT | B27: =_xlfn.XLOOKUP(C27,'Kit to Family'!A:A,'Kit to Family'!G:G) -> Std | C27: KB-0003S-6 | D27: DXT Standard Dot - Kimber 1911 Compact & Pro Carry | E27: 647533012744 | F27: Phaseout | H27: 129.99 | J27: =ROUNDUP(H27*1.1,0)-0.01 -> 142.99 | K27: Kimber | L27: Pistol | M27: Pouch | N27: 0.15 | O27: 5.5 | P27: 5 | Q27: 0.5 | R27: USA | S27: 9305.10.0090 | T27: The XS DXT Standard Dot night sight is a superior defensive sight set. Fits Kimber 1911 Compact & Pro Carry models. Precision machined in Fort Worth, TX, XS Sights feature a Standard Dot Tritium front sight and express rear sight with a vertical tritium stripe for fast sight acquisition in all light conditions. Standard Dot is larger than most fronts to be seen under stress, but covers less of the target than the Big Dot. White dot reflects ambient light for visibility in low light. Shallow V-Notch rear provides an unobstructed view of the front sight, along with a greater field of view down range, especially when moving and shooting. Day-Light, Half-Light, or Low-Light, just "dot the i" and center the dot over your target within 15 yards. Outside Diameter Standard Dot 0.140"; fits in common holsters. Installation might require filing to fit sight to dovetail, do not use a sight press/pusher tool. | U27: Steel sight with blued finish | V27: Green tritium front and rear | W27: White ring front | X27: Limited Lifetime Warranty | AC27: No | AD27: Yes | AE27: Lead | AF27: Warning Cancer and Reproductive Harm - www.p65warnings.ca.gov | AG27: WARNING-Cancer and Reproductive Harm – www.P65Warnings.ca.gov | AH27: https://www.dropbox.com/s/xwv2p11e5u17ynu/KB-0003S-6_angle.jpg?dl=0 | AI27: https://www.dropbox.com/s/xwv2p11e5u17ynu/KB-0003S-6_angle.jpg?dl=0 | AM27: https://xssights.com/content/Install%20Instructions/General%20Handgun%20Installation.pdf
A28: DXT | B28: =_xlfn.XLOOKUP(C28,'Kit to Family'!A:A,'Kit to Family'!G:G) -> Std | C28: KB-0005S-6 | D28: DXT Standard Dot - Kimber Micro 9 & 380 | E28: 647533046039 | F28: Phaseout | H28: 129.99 | J28: =ROUNDUP(H28*1.1,0)-0.01 -> 142.99 | K28: Kimber | L28: Pistol | M28: Pouch | N28: 0.15 | O28: 5.5 | P28: 5 | Q28: 0.5 | R28: USA | S28: 9305.10.0090 | T28: The XS DXT Standard Dot night sight is a superior defensive sight set. Fits Kimber Micro 9 & 380 models. Precision machined in Fort Worth, TX, XS Sights feature a Standard Dot Tritium front sight and express rear sight with a vertical tritium stripe for fast sight acquisition in all light conditions. Standard Dot is larger than most fronts to be seen under stress, but covers less of the target than the Big Dot. White dot reflects ambient light for visibility in low light. Shallow V-Notch rear provides an unobstructed view of the front sight, along with a greater field of view down range, especially when moving and shooting. Day-Light, Half-Light, or Low-Light, just "dot the i" and center the dot over your target within 15 yards. Outside Diameter Standard Dot 0.140"; fits in common holsters. Installation might require filing to fit sight to dovetail, do not use a sight press/pusher tool. | U28: Steel sight with blued finish | V28: Green tritium front and rear | W28: White ring front | X28: Limited Lifetime Warranty | AC28: No | AD28: Yes | AE28: Lead | AF28: Warning Cancer and Reproductive Harm - www.p65warnings.ca.gov | AG28: WARNING-Cancer and Reproductive Harm – www.P65Warnings.ca.gov | AH28: https://www.dropbox.com/s/m1nd1kg3371lbcl/KB-0003S-6_back.jpg?dl=0 | AI28: https://www.dropbox.com/s/opccypjajxgti5s/KB-0005S-6%20angle%2020190307.jpg?dl=0 | AM28: https://xssights.com/content/Install%20Instructions/General%20Handgun%20Installation.pdf
A29: DXT | B29: =_xlfn.XLOOKUP(C29,'Kit to Family'!A:A,'Kit to Family'!G:G) -> Std | C29: RP-0009S-5 | D29: DXT Big Dot - Ruger LC9, LC9s, LC380 | E29: 647533045483 | F29: Phaseout | H29: 129.99 | J29: =ROUNDUP(H29*1.1,0)-0.01 -> 142.99 | K29: Ruger | L29: Pistol | M29: Pouch | N29: 0.15 | O29: 5.5 | P29: 5 | Q29: 0.5 | R29: USA | S29: 9305.10.0090 | T29: The XS DXT Big Dot night sight is the ultimate defensive sight set. Fits Ruger LC9, LC9S, & LC380. Precision machined in Fort Worth, TX, XS Sights feature a Big Dot Tritium front sight and express rear sight with a vertical tritium stripe for fast sight acquisition in all light conditions. Big Dot demands your attention - even in high stress and for those with poor eyesight, aids in rapidly achieving combat effective hits. White dot reflects ambient light for best visibility in low light. Shallow V-Notch rear provides an unobstructed view of the front sight, along with a greater field of view down range, especially when moving and shooting. Day-Light, Half-Light, or Low-Light, just "dot the i" and center the dot over your target within 15 yards. Outside Diameter Big Dot 0.188"; fits in common holsters. Installation might require filing to fit sight to dovetail, do not use a sight press/pusher tool. | U29: Steel sight with blued finish | V29: Green tritium front and rear | W29: White ring front | X29: Snag-free design | Y29: Limited Lifetime Warranty | AC29: No | AD29: Yes | AE29: Lead | AF29: Warning Cancer and Reproductive Harm - www.p65warnings.ca.gov | AG29: WARNING-Cancer and Reproductive Harm – www.P65Warnings.ca.gov | AH29: https://www.dropbox.com/s/1vd8nmg1zkz13o7/RP-0009S-5_angle.jpg?dl=0 | AM29: https://xssights.com/content/Install%20Instructions/General%20Handgun%20Installation.pdf
A30: DXT | B30: =_xlfn.XLOOKUP(C30,'Kit to Family'!A:A,'Kit to Family'!G:G) -> Std | C30: RP-0010S-5 | D30: DXT Big Dot - Ruger SR 1911 (5" only) | E30: 647533041690 | F30: Phaseout | H30: 129.99 | J30: =ROUNDUP(H30*1.1,0)-0.01 -> 142.99 | K30: Ruger | L30: Pistol | M30: Pouch | N30: 0.15 | O30: 5.5 | P30: 5 | Q30: 0.5 | R30: USA | S30: 9305.10.0090 | T30: The XS DXT Big Dot night sight is the ultimate defensive sight set. Fits Ruger SR1911 5" models. Precision machined in Fort Worth, TX, XS Sights feature a Big Dot Tritium front sight and express rear sight with a vertical tritium stripe for fast sight acquisition in all light conditions. Big Dot demands your attention - even in high stress and for those with poor eyesight, aids in rapidly achieving combat effective hits. White dot reflects ambient light for best visibility in low light. Shallow V-Notch rear provides an unobstructed view of the front sight, along with a greater field of view down range, especially when moving and shooting. Day-Light, Half-Light, or Low-Light, just "dot the i" and center the dot over your target within 15 yards. Outside Diameter Big Dot 0.188"; fits in common holsters. Installation might require filing to fit sight to dovetail, do not use a sight press/pusher tool. | U30: Steel sight with blued finish | V30: Green tritium front and rear | W30: White ring front | X30: Limited Lifetime Warranty | AC30: No | AD30: Yes | AE30: Lead | AF30: Warning Cancer and Reproductive Harm - www.p65warnings.ca.gov | AG30: WARNING-Cancer and Reproductive Harm – www.P65Warnings.ca.gov | AH30: https://www.dropbox.com/s/ny9ma7unnuwznsk/RP-0009S-6_back.jpg?dl=0 | AI30: https://www.dropbox.com/s/22wcahm76jwu1bn/RP-0010S-5%20angle%2020190314.jpg?dl=0 | AM30: https://xssights.com/content/Install%20Instructions/General%20Handgun%20Installation.pdf
A31: DXT | B31: =_xlfn.XLOOKUP(C31,'Kit to Family'!A:A,'Kit to Family'!G:G) -> Std | C31: RP-0010S-6 | D31: DXT Standard Dot - Ruger SR 1911 (5" only) | E31: 647533041706 | F31: Phaseout | H31: 129.99 | J31: =ROUNDUP(H31*1.1,0)-0.01 -> 142.99 | K31: Ruger | L31: Pistol | M31: Pouch | N31: 0.15 | O31: 5.5 | P31: 5 | Q31: 0.5 | R31: USA | S31: 9305.10.0090 | T31: The XS DXT Standard Dot night sight is a superior defensive sight set. Fits Ruger SR1911 5" model. Precision machined in Fort Worth, TX, XS Sights feature a Standard Dot Tritium front sight and express rear sight with a vertical tritium stripe for fast sight acquisition in all light conditions. Standard Dot is larger than most fronts to be seen under stress, but covers less of the target than the Big Dot. White dot reflects ambient light for visibility in low light. Shallow V-Notch rear provides an unobstructed view of the front sight, along with a greater field of view down range, especially when moving and shooting. Day-Light, Half-Light, or Low-Light, just "dot the i" and center the dot over your target within 15 yards. Outside Diameter Standard Dot 0.140"; fits in common holsters. Installation might require filing to fit sight to dovetail, do not use a sight press/pusher tool. | U31: Steel sight with blued finish | V31: Green tritium front and rear | W31: White ring front | X31: Limited Lifetime Warranty | AC31: No | AD31: Yes | AE31: Lead | AF31: Warning Cancer and Reproductive Harm - www.p65warnings.ca.gov | AG31: WARNING-Cancer and Reproductive Harm – www.P65Warnings.ca.gov | AH31: https://www.dropbox.com/s/zmsancc7gnje4y2/RP-0010S-6%20angle%2020190314.jpg?dl=0 | AI31: https://www.dropbox.com/s/vw1bwufh7cqvhx7/RP-0010S-6%20back%2020190314.jpg?dl=0 | AM31: https://xssights.com/content/Install%20Instructions/General%20Handgun%20Installation.pdf
A32: DXT | B32: =_xlfn.XLOOKUP(C32,'Kit to Family'!A:A,'Kit to Family'!G:G) -> Std | C32: SW-0022P-5 | D32: DXT Big Dot - S&W Bodyguard 380 | E32: 647533045506 | F32: Phaseout | H32: 129.99 | J32: =ROUNDUP(H32*1.1,0)-0.01 -> 142.99 | K32: S&W | L32: Pistol | M32: Pouch | N32: 0.15 | O32: 5.5 | P32: 5 | Q32: 0.5 | R32: USA | S32: 9305.10.0090 | T32: The XS DXT Big Dot night sight is the ultimate defensive sight set. Fits S&W Bodyguard 380. Precision machined in Fort Worth, TX, XS Sights feature a Big Dot Tritium front sight and express rear sight with a vertical tritium stripe for fast sight acquisition in all light conditions. Big Dot demands your attention - even in high stress and for those with poor eyesight, aids in rapidly achieving combat effective hits. White dot reflects ambient light for best visibility in low light. Shallow V-Notch rear provides an unobstructed view of the front sight, along with a greater field of view down range, especially when moving and shooting. Day-Light, Half-Light, or Low-Light, just "dot the i" and center the dot over your target within 15 yards. Outside Diameter Big Dot 0.188"; fits in common holsters. Installation might require filing to fit sight to dovetail, do not use a sight press/pusher tool. | U32: Steel sight with blued finish | V32: Green tritium front and rear | W32: White ring front | X32: Snag-free design | Y32: Limited Lifetime Warranty | AC32: No | AD32: Yes | AE32: Lead | AF32: Warning Cancer and Reproductive Harm - www.p65warnings.ca.gov | AG32: WARNING-Cancer and Reproductive Harm – www.P65Warnings.ca.gov | AH32: https://www.dropbox.com/s/hc5zibzalhm26zu/SW-0022P-5_angle.jpg?dl=0 | AI32: https://www.dropbox.com/s/tl8099z32sypfnx/SW-0022P-5_back.jpg?dl=0 | AM32: https://xssights.com/content/Install%20Instructions/General%20Handgun%20Installation.pdf
A33: DXT | B33: =_xlfn.XLOOKUP(C33,'Kit to Family'!A:A,'Kit to Family'!G:G) -> Std | C33: SW-0022P-6 | D33: DXT Standard Dot - S&W Bodyguard 380 | E33: 647533045513 | F33: Phaseout | H33: 129.99 | J33: =ROUNDUP(H33*1.1,0)-0.01 -> 142.99 | K33: S&W | L33: Pistol | M33: Pouch | N33: 0.15 | O33: 5.5 | P33: 5 | Q33: 0.5 | R33: USA | S33: 9305.10.0090 | T33: The XS DXT Standard Dot night sight is a superior defensive sight set. Fits S&W Bodyguard 380. Precision machined in Fort Worth, TX, XS Sights feature a Standard Dot Tritium front sight and express rear sight with a vertical tritium stripe for fast sight acquisition in all light conditions. Standard Dot is larger than most fronts to be seen under stress, but covers less of the target than the Big Dot. White dot reflects ambient light for visibility in low light. Shallow V-Notch rear provides an unobstructed view of the front sight, along with a greater field of view down range, especially when moving and shooting. Day-Light, Half-Light, or Low-Light, just "dot the i" and center the dot over your target within 15 yards. Outside Diameter Standard Dot 0.140"; fits in common holsters. Installation might require filing to fit sight to dovetail, do not use a sight press/pusher tool. | U33: Steel sight with blued finish | V33: Green tritium front and rear | W33: White ring front | X33: Snag-free design | Y33: Limited Lifetime Warranty | AC33: No | AD33: Yes | AE33: Lead | AF33: Warning Cancer and Reproductive Harm - www.p65warnings.ca.gov | AG33: WARNING-Cancer and Reproductive Harm – www.P65Warnings.ca.gov | AH33: https://www.dropbox.com/s/paxnmetrbigppnt/SW-0022P-6%20angle%2020181101.jpg?dl=0 | AI33: https://www.dropbox.com/s/2gumegwqm9sfrbl/SW-0022P-6_back.jpg?dl=0 | AM33: https://xssights.com/content/Install%20Instructions/General%20Handgun%20Installation.pdf
A34: DXT | B34: =_xlfn.XLOOKUP(C34,'Kit to Family'!A:A,'Kit to Family'!G:G) -> Std | C34: SW-0026S-5 | D34: DXT Big Dot - S&W M&P CORE Suppressor Hgt | E34: 647533045551 | F34: Phaseout | H34: 129.99 | J34: =ROUNDUP(H34*1.1,0)-0.01 -> 142.99 | K34: S&W | L34: Pistol | M34: Pouch | N34: 0.5 | O34: 5.5 | P34: 5 | Q34: 0.5 | R34: USA | S34: 9305.10.0090 | T34: The XS DXT Big Dot night sight is the ultimate defensive sight set. Suppressor Height sights for S&W M&P CORE. Precision machined in Fort Worth, TX, XS Sights feature a Big Dot Tritium front sight and express rear sight with a vertical tritium stripe for fast sight acquisition in all light conditions. Big Dot demands your attention - even in high stress and for those with poor eyesight, aids in rapidly achieving combat effective hits. White dot reflects ambient light for best visibility in low light. Shallow V-Notch rear provides an unobstructed view of the front sight, along with a greater field of view down range, especially when moving and shooting. Day-Light, Half-Light, or Low-Light, just "dot the i" and center the dot over your target within 15 yards. Outside Diameter Big Dot 0.188"; fits in common holsters. Installation might require filing to fit sight to dovetail, do not use a sight press/pusher tool. | U34: Steel sight with blued finish | V34: Green tritium front and rear | W34: White ring front | X34: Limited Lifetime Warranty | AC34: No | AD34: Yes | AE34: Lead | AF34: Warning Cancer and Reproductive Harm - www.p65warnings.ca.gov | AG34: WARNING-Cancer and Reproductive Harm – www.P65Warnings.ca.gov | AH34: https://www.dropbox.com/s/enhlzg9k6i9fz1l/SW-0026S-5%20angle%2020181101.jpg?dl=0 | AI34: https://www.dropbox.com/s/uhhc2d9ydwjeqy9/SW-0026S-5.jpg?dl=0 | AM34: https://xssights.com/content/Install%20Instructions/General%20Handgun%20Installation.pdf
A35: DXT | B35: =_xlfn.XLOOKUP(C35,'Kit to Family'!A:A,'Kit to Family'!G:G) -> Std | C35: SW-0026S-6 | D35: DXT Standard Dot - S&W M&P CORE Suppressor Hgt | E35: 647533045544 | F35: Phaseout | H35: 129.99 | J35: =ROUNDUP(H35*1.1,0)-0.01 -> 142.99 | K35: S&W | L35: Pistol | M35: Pouch | N35: 0.5 | O35: 5.5 | P35: 5 | Q35: 0.5 | R35: USA | S35: 9305.10.0090 | T35: The XS DXT Standard Dot night sight is a superior defensive sight set. Suppressor height sights, fit Smith & WEsson M&P CORE models. Precision machined in Fort Worth, TX, XS Sights feature a Standard Dot Tritium front sight and express rear sight with a vertical tritium stripe for fast sight acquisition in all light conditions. Standard Dot is larger than most fronts to be seen under stress, but covers less of the target than the Big Dot. White dot reflects ambient light for visibility in low light. Shallow V-Notch rear provides an unobstructed view of the front sight, along with a greater field of view down range, especially when moving and shooting. Day-Light, Half-Light, or Low-Light, just "dot the i" and center the dot over your target within 15 yards. Outside Diameter Standard Dot 0.140"; fits in common holsters. Installation might require filing to fit sight to dovetail, do not use a sight press/pusher tool. | U35: Steel sight with blued finish | V35: Green tritium front and rear | W35: White ring front | X35: Limited Lifetime Warranty | AC35: No | AD35: Yes | AE35: Lead | AF35: Warning Cancer and Reproductive Harm - www.p65warnings.ca.gov | AG35: WARNING-Cancer and Reproductive Harm – www.P65Warnings.ca.gov | AH35: https://www.dropbox.com/s/7s4k5ovvbygx31f/SW-0026S-6%20angle%2020171101.jpg?dl=0 | AI35: https://www.dropbox.com/s/v22nx8su841z3qu/SW-0026S-6.jpg?dl=0 | AM35: https://xssights.com/content/Install%20Instructions/General%20Handgun%20Installation.pdf
A36: DXT | B36: =_xlfn.XLOOKUP(C36,'Kit to Family'!A:A,'Kit to Family'!G:G) -> Std | C36: SI-0001S-5 | D36: DXT Big Dot - Sig P220, P227 | E36: 647533016117 | F36: Phaseout | H36: 129.99 | J36: =ROUNDUP(H36*1.1,0)-0.01 -> 142.99 | K36: Sig | L36: Pistol | M36: Pouch | N36: 0.15 | O36: 5.5 | P36: 5 | Q36: 0.5 | R36: USA | S36: 9305.10.0090 | T36: The XS DXT Big Dot night sight is the ultimate defensive sight set. Fits Sig P220 & P227. Precision machined in Fort Worth, TX, XS Sights feature a Big Dot Tritium front sight and express rear sight with a vertical tritium stripe for fast sight acquisition in all light conditions. Big Dot demands your attention - even in high stress and for those with poor eyesight, aids in rapidly achieving combat effective hits. White dot reflects ambient light for best visibility in low light. Shallow V-Notch rear provides an unobstructed view of the front sight, along with a greater field of view down range, especially when moving and shooting. Day-Light, Half-Light, or Low-Light, just "dot the i" and center the dot over your target within 15 yards. Outside Diameter Big Dot 0.188"; fits in common holsters. Installation might require filing to fit sight to dovetail, do not use a sight press/pusher tool. | U36: Steel sight with blued finish | V36: Green tritium front and rear | W36: White ring front | X36: Limited Lifetime Warranty | AC36: No | AD36: Yes | AE36: Lead | AF36: Warning Cancer and Reproductive Harm - www.p65warnings.ca.gov | AG36: WARNING-Cancer and Reproductive Harm – www.P65Warnings.ca.gov | AH36: https://www.dropbox.com/s/ar8chaiby014tja/SI-0001S-5_angle.jpg?dl=0 | AI36: https://www.dropbox.com/s/snrkleuuzzua7gg/SI-0001S-5_back.jpg?dl=0 | AM36: https://xssights.com/content/Install%20Instructions/General%20Handgun%20Installation.pdf
A37: DXT | B37: =_xlfn.XLOOKUP(C37,'Kit to Family'!A:A,'Kit to Family'!G:G) -> Std | C37: SI-0002S-5 | D37: DXT Big Dot - Sig P320, P226, P229; Springfield XD(M)(S)(E), HellCat; FN 509 | E37: 647533016230 | F37: Phaseout | H37: 129.99 | J37: =ROUNDUP(H37*1.1,0)-0.01 -> 142.99 | K37: Sig | L37: Pistol | M37: Pouch | N37: 0.15 | O37: 5.5 | P37: 5 | Q37: 0.5 | R37: USA | S37: 9305.10.0090 | T37: The XS DXT Big Dot night sight is the ultimate defensive sight set. Fits Sig P320, P229, P228, P226, P225, Springfield XD, XDM (not 5.25), XDS, XDE, Hell Cat & FNH FN 509. Precision machined in Fort Worth, TX, XS Sights feature a Big Dot Tritium front sight and express rear sight with a vertical tritium stripe for fast sight acquisition in all light conditions. Big Dot demands your attention - even in high stress and for those with poor eyesight, aids in rapidly achieving combat effective hits. White dot reflects ambient light for best visibility in low light. Shallow V-Notch rear provides an unobstructed view of the front sight, along with a greater field of view down range, especially when moving and shooting. Day-Light, Half-Light, or Low-Light, just "dot the i" and center the dot over your target within 15 yards. Outside Diameter Big Dot 0.188"; fits in common holsters. Installation might require filing to fit sight to dovetail, do not use a sight press/pusher tool. Fits Sig P320, P225, P226, P228 P229, SP2009, SP2340; Springfield XD, XD-M (not adjustable rear), XD-S, XD-S MOD.2, XD-E, HellCat (WILL NOT work on the OSP Hellcat); FN 509 | U37: Steel sight with blued finish | V37: Green tritium front and rear | W37: White ring front | X37: Snag-free design | Y37: Limited Lifetime Warranty | AC37: No | AD37: Yes | AE37: Lead | AF37: Warning Cancer and Reproductive Harm - www.p65warnings.ca.gov | AG37: WARNING-Cancer and Reproductive Harm – www.P65Warnings.ca.gov | AH37: https://www.dropbox.com/s/snrkleuuzzua7gg/SI-0001S-5_back.jpg?dl=0 | AI37: https://www.dropbox.com/s/l3xk8tc07901504/SI-0002S-5_angle.jpg?dl=0 | AM37: https://xssights.com/content/Install%20Instructions/General%20Handgun%20Installation.pdf
A38: DXT | B38: =_xlfn.XLOOKUP(C38,'Kit to Family'!A:A,'Kit to Family'!G:G) -> Std | C38: SI-0003S-6 | D38: DXT Standard Dot - Sig P239 | E38: 647533016360 | F38: Phaseout | H38: 129.99 | J38: =ROUNDUP(H38*1.1,0)-0.01 -> 142.99 | K38: Sig | L38: Pistol | M38: Pouch | N38: 0.15 | O38: 5.5 | P38: 5 | Q38: 0.5 | R38: USA | S38: 9305.10.0090 | T38: The XS DXT Standard Dot night sight is a superior defensive sight set. Fits SIG P239. Precision machined in Fort Worth, TX, XS Sights feature a Standard Dot Tritium front sight and express rear sight with a vertical tritium stripe for fast sight acquisition in all light conditions. Standard Dot is larger than most fronts to be seen under stress, but covers less of the target than the Big Dot. White dot reflects ambient light for visibility in low light. Shallow V-Notch rear provides an unobstructed view of the front sight, along with a greater field of view down range, especially when moving and shooting. Day-Light, Half-Light, or Low-Light, just "dot the i" and center the dot over your target within 15 yards. Outside Diameter Standard Dot 0.140"; fits in common holsters. Installation might require filing to fit sight to dovetail, do not use a sight press/pusher tool. | U38: Steel sight with blued finish | V38: Green tritium front and rear | W38: White ring front | X38: Limited Lifetime Warranty | AC38: No | AD38: Yes | AE38: Lead | AF38: Warning Cancer and Reproductive Harm - www.p65warnings.ca.gov | AG38: WARNING-Cancer and Reproductive Harm – www.P65Warnings.ca.gov | AH38: https://www.dropbox.com/s/ovlli7g570uich1/SI-0003S-5%20back%2020190222%20%28Colt%27s%20conflicted%20copy%202019-10-31%29.jpg?dl=0 | AI38: https://www.dropbox.com/s/o3l4eiq81v7zcyo/SI-0003S-6%20angle%2020190222.jpg?dl=0 | AM38: https://xssights.com/content/Install%20Instructions/General%20Handgun%20Installation.pdf
A39: DXT | B39: =_xlfn.XLOOKUP(C39,'Kit to Family'!A:A,'Kit to Family'!G:G) -> Std | C39: SI-0005S-6 | D39: DXT Standard Dot - Sig P245 | E39: 647533023290 | F39: Phaseout | H39: 129.99 | J39: =ROUNDUP(H39*1.1,0)-0.01 -> 142.99 | K39: SIG | L39: Pistol | M39: Pouch | N39: 0.15 | O39: 5.5 | P39: 5 | Q39: 0.5 | R39: USA | S39: 9305.10.0090 | T39: The XS DXT Standard Dot night sight is a superior defensive sight set. Fits SIG P245. Precision machined in Fort Worth, TX, XS Sights feature a Standard Dot Tritium front sight and express rear sight with a vertical tritium stripe for fast sight acquisition in all light conditions. Standard Dot is larger than most fronts to be seen under stress, but covers less of the target than the Big Dot. White dot reflects ambient light for visibility in low light. Shallow V-Notch rear provides an unobstructed view of the front sight, along with a greater field of view down range, especially when moving and shooting. Day-Light, Half-Light, or Low-Light, just "dot the i" and center the dot over your target within 15 yards. Outside Diameter Standard Dot 0.140"; fits in common holsters. Installation might require filing to fit sight to dovetail, do not use a sight press/pusher tool. | U39: Steel sight with blued finish | V39: Green tritium front and rear | W39: White ring front | X39: Limited Lifetime Warranty | AC39: No | AD39: Yes | AE39: Lead | AF39: Warning Cancer and Reproductive Harm - www.p65warnings.ca.gov | AG39: WARNING-Cancer and Reproductive Harm – www.P65Warnings.ca.gov | AH39: https://www.dropbox.com/s/5268qipsz40eerj/SI-0005S-6%20angle%2020190222.jpg?dl=0 | AI39: https://www.dropbox.com/s/5268qipsz40eerj/SI-0005S-6%20angle%2020190222.jpg?dl=0 | AM39: https://xssights.com/content/Install%20Instructions/General%20Handgun%20Installation.pdf
A40: DXT | B40: =_xlfn.XLOOKUP(C40,'[1]Kit to Family'!A:A,'[1]Kit to Family'!G:G) -> Std | C40: SI-0009S-5 | D40: DXT Big Dot - Sig SP2022 | E40: 647533041515 | F40: Phaseout | H40: 129.99 | J40: =ROUNDUP(H40*1.1,0)-0.01 -> 142.99 | K40: SIG | L40: Pistol | M40: Pouch | N40: 0.15 | O40: 5.5 | P40: 5 | Q40: 0.5 | R40: USA | S40: 9305.10.0090 | T40: The XS DXT Big Dot night sight is the ultimate defensive sight set. Fits SIG SP2022. Precision machined in Fort Worth, TX, XS Sights feature a Big Dot Tritium front sight and express rear sight with a vertical tritium stripe for fast sight acquisition in all light conditions. Big Dot demands your attention - even in high stress and for those with poor eyesight, aids in rapidly achieving combat effective hits. White dot reflects ambient light for best visibility in low light. Shallow V-Notch rear provides an unobstructed view of the front sight, along with a greater field of view down range, especially when moving and shooting. Day-Light, Half-Light, or Low-Light, just "dot the i" and center the dot over your target within 15 yards. Outside Diameter Big Dot 0.188"; fits in common holsters. Installation might require filing to fit sight to dovetail, do not use a sight press/pusher tool. | U40: Steel sight with blued finish | V40: Green tritium front and rear | W40: White ring front | X40: Limited Lifetime Warranty | AB40: No | AC40: Yes | AD40: Lead | AE40: Warning Cancer and Reproductive Harm - www.p65warnings.ca.gov | AF40: WARNING-Cancer and Reproductive Harm – www.P65Warnings.ca.gov | AG40: https://www.dropbox.com/s/faes7hsk15p5y6g/SI-0005S-6%20back%2020190222.jpg?dl=0 | AH40: https://www.dropbox.com/s/s2j2cqfgnf39tsb/SI-0009S-5%20back%2020190222.jpg?dl=0 | AL40: https://xssights.com/content/Install%20Instructions/General%20Handgun%20Installation.pdf
A41: DXT2 | B41: =_xlfn.XLOOKUP(C41,'Kit to Family'!A:A,'Kit to Family'!G:G) -> Std | C41: BE-0013S-5Y | D41: DXT2 Big Dot Yellow - Beretta 92 Vertec & 92A1 | E41: 647533010276 | F41: Current | H41: 131.29 | I41: 131.29 | J41: =ROUNDUP(H41*1.1,0)-0.01 -> 144.99 | K41: Beretta | L41: Pistol | M41: Pouch | N41: 0.15 | O41: 5.5 | P41: 5 | Q41: 0.5 | R41: USA | S41: 9305.10.0090 | T41: XS DXT2 Big Dot Night Sights offer the best front sight visibility in all lighting conditions. DXT2 Big Dot sights drive focus to the front sight using an industry leading large, high-contrast front and a low profile V-notch rear. DXT2 Big Dot front sights use a patent pending glow dot that absorbs light and glows in low light levels before it is dark enough to see the tritium. Optic Yellow is the best option for low light and has the brightest glow intensity. Primarily based on the white light spectrum, optic yellow is very reflective and will excite the photoluminescent properties of the dot faster than any other color. The increased surface area of the convex dot increases light absorption, intensifying the charge of the glow properties of the dot. The dot-the “i” sight picture, with a tritium dot in the front sight and a tritium bar in the rear, prevents confusing the front and rear sight in high-stress situations. In most gunfights, the victim and attacker are both moving and the victim’s focus is drawn to the threat. The wide field of view increases visibility of the front sight and of the threat downrange. Outside Diameter Big Dot 0.188""; fits in common holsters. Fits Beretta 92 Vertec & 92A1. Installation might require filing to fit sight to dovetail, do not use a sight press/pusher tool. | U41: Steel sight with blued finish | V41: Green tritium front and rear | W41: Optic Yellow photoluminescent ring front | X41: Snag-free design | Y41: Limited Lifetime Warranty | AC41: No | AD41: Yes | AE41: Lead | AF41: Warning Cancer and Reproductive Harm - www.p65warnings.ca.gov | AG41: WARNING-Cancer and Reproductive Harm – www.P65Warnings.ca.gov | AH41: https://www.dropbox.com/s/xx0nvmlv35bnsa9/BE-0013S-5Y%20top-angle%2020201029.png?dl=0 | AI41: https://www.dropbox.com/s/dx532z12779riyj/BE-0013S-5Y%20angle%2020201029.png?dl=0 | AJ41: https://www.dropbox.com/s/w8yetd5ktrog6j9/BE-0013S-5Y%20back%2020201029.png?dl=0 | AK41: https://www.dropbox.com/s/cuc1wwgxh0tk62j/BE-0013S-5Y%20composite%2020201029.png?dl=0 | AM41: https://xssights.com/content/Install%20Instructions/General%20Handgun%20Installation.pdf
A42: DXT2 | B42: =_xlfn.XLOOKUP(C42,'Kit to Family'!A:A,'Kit to Family'!G:G) -> Std | C42: CK-0003S-5N | D42: DXT2 Big Dot Orange - Canik | E42: 647533010849 | F42: Current | H42: 131.29 | I42: 131.29 | J42: =ROUNDUP(H42*1.1,0)-0.01 -> 144.99 | K42: Canik | L42: Pistol | M42: Pouch | N42: 0.15 | O42: 5.5 | P42: 5 | Q42: 0.5 | R42: USA | S42: 9305.10.0090 | T42: XS DXT2 Big Dot Night Sights offer the best front sight visibility in all lighting conditions. DXT2 Big Dot sights drive focus to the front sight using an industry leading large, high-contrast front and a low profile V-notch rear. DXT2 Big Dot front sights use a patent pending glow dot that absorbs light and glows in low light levels before it is dark enough to see the tritium. Optic Orange is designed to offer a high-contrast sight picture when shooting in bright light conditions and maintain its visibility in decreasing light levels. To ensure visibility in low light when uncharged, optic orange is primarily based on yellow with a hint of red. The increased surface area of the convex dot increases light absorption, intensifying the charge of the glow properties of the dot. The dot-the “i” sight picture, with a tritium dot in the front sight and a tritium bar in the rear, prevents confusing the front and rear sight in high-stress situations. In most gunfights, the victim and attacker are both moving and the victim’s focus is drawn to the threat. The wide field of view increases visibility of the front sight and of the threat downrange. Outside Diameter Big Dot 0.188""; fits in common holsters. Installation might require filing to fit sight to dovetail, do not use a sight press/pusher tool. Fits Canik TP9SF, TP9SFX, TP9SF Elite, TP9 Elite SC, & Current Production TP9SA. | U42: Steel sight with blued finish | V42: Green tritium front and rear | W42: Optic Orange photoluminescent ring front | X42: Snag-free design | Y42: Limited Lifetime Warranty | AC42: No | AD42: Yes | AE42: Lead | AF42: Warning Cancer and Reproductive Harm - www.p65warnings.ca.gov | AG42: WARNING-Cancer and Reproductive Harm – www.P65Warnings.ca.gov | AH42: https://www.dropbox.com/s/41fm55y6m6t1qs4/CK-0003S-5N%20back%2020200804.png?dl=0 | AI42: https://www.dropbox.com/s/i5ipnyo9pe9xkcr/CK-0003S-5N%20top-angle%2020200804.png?dl=0 | AJ42: https://www.dropbox.com/s/ir10vi3ufzetc6f/CK-0003S-5N%20angle%2020200804.png?dl=0 | AL42: https://www.dropbox.com/s/dyr76910piy57s6/CK-0003S-5N%20composite%2020200804.png?dl=0 | AM42: https://xssights.com/content/Install%20Instructions/General%20Handgun%20Installation.pdf
A43: DXT2 | B43: =_xlfn.XLOOKUP(C43,'Kit to Family'!A:A,'Kit to Family'!G:G) -> Std | C43: CK-0003S-5Y | D43: DXT2 Big Dot Yellow - Canik | E43: 647533010856 | F43: Current | H43: 131.29 | I43: 131.29 | J43: =ROUNDUP(H43*1.1,0)-0.01 -> 144.99 | K43: Canik | L43: Pistol | M43: Pouch | N43: 0.15 | O43: 5.5 | P43: 5 | Q43: 0.5 | R43: USA | S43: 9305.10.0090 | T43: XS DXT2 Big Dot Night Sights offer the best front sight visibility in all lighting conditions. DXT2 Big Dot sights drive focus to the front sight using an industry leading large, high-contrast front and a low profile V-notch rear. DXT2 Big Dot front sights use a patent pending glow dot that absorbs light and glows in low light levels before it is dark enough to see the tritium. Optic Yellow is the best option for low light and has the brightest glow intensity. Primarily based on the white light spectrum, optic yellow is very reflective and will excite the photoluminescent properties of the dot faster than any other color. The increased surface area of the convex dot increases light absorption, intensifying the charge of the glow properties of the dot. The dot-the “i” sight picture, with a tritium dot in the front sight and a tritium bar in the rear, prevents confusing the front and rear sight in high-stress situations. In most gunfights, the victim and attacker are both moving and the victim’s focus is drawn to the threat. The wide field of view increases visibility of the front sight and of the threat downrange. Outside Diameter Big Dot 0.188"; fits in common holsters. Installation might require filing to fit sight to dovetail, do not use a sight press/pusher tool. Fits Canik TP9SF, TP9SFX, TP9SF Elite, TP9 Elite SC, & Current Production TP9SA. | U43: Steel sight with blued finish | V43: Green tritium front and rear | W43: Optic Yellow photoluminescent ring front | X43: Snag-free design | Y43: Limited Lifetime Warranty | AC43: No | AD43: Yes | AE43: Lead | AF43: Warning Cancer and Reproductive Harm - www.p65warnings.ca.gov | AG43: WARNING-Cancer and Reproductive Harm – www.P65Warnings.ca.gov | AH43: https://www.dropbox.com/s/2yfzik1vupotw4l/CK-0003S-5Y%20back%2020200804.png?dl=0 | AI43: https://www.dropbox.com/s/a3ejpqf2x28x8mm/CK-0003S-5Y%20top-angle%2020200804.png?dl=0 | AJ43: https://www.dropbox.com/s/om6pkthrbspeac8/CK-0003S-5Y%20angle%2020200804.png?dl=0 | AL43: https://www.dropbox.com/s/ha1ld73iafwdvta/CK-0003S-5Y%20composite%2020200804.png?dl=0 | AM43: https://xssights.com/content/Install%20Instructions/General%20Handgun%20Installation.pdf
A44: DXT2 | B44: Std | C44: CM-0014P-5Y | D44: DXT2 Big Dot Yello - Colt 380 Govt, Mustang | E44: 647533010870 | F44: Phaseout | H44: 129.99 | J44: =ROUNDUP(H44*1.1,0)-0.01 -> 142.99 | K44: Colt | L44: Pistol | M44: Pouch | N44: 0.15 | O44: 5.5 | P44: 5 | Q44: 0.5 | R44: USA | S44: 9305.10.0090 | T44: XS DXT2 Big Dot Night Sights offer the best front sight visibility in all lighting conditions. DXT2 Big Dot sights drive focus to the front sight using an industry leading large, high-contrast front and a low profile V-notch rear. DXT2 Big Dot front sights use a patent pending glow dot that absorbs light and glows in low light levels before it is dark enough to see the tritium. Optic Yellow is the best option for low light and has the brightest glow intensity. Primarily based on the white light spectrum, optic yellow is very reflective and will excite the photoluminescent properties of the dot faster than any other color. The increased surface area of the convex dot increases light absorption, intensifying the charge of the glow properties of the dot. The dot-the “i” sight picture, with a tritium dot in the front sight and a tritium bar in the rear, prevents confusing the front and rear sight in high-stress situations. In most gunfights, the victim and attacker are both moving and the victim’s focus is drawn to the threat. The wide field of view increases visibility of the front sight and of the threat downrange. Outside Diameter Big Dot 0.188"; fits in common holsters. Installation might require filing to fit sight to dovetail, do not use a sight press/pusher tool. Fits Canik TP9SF, TP9SFX, TP9SF Elite, TP9 Elite SC, & Current Production TP9SA. | U44: Steel sight with blued finish | V44: Green tritium front and rear | W44: Optic Yellow photoluminescent ring front | X44: Snag-free design | Y44: Limited Lifetime Warranty | Z44: Requires .330x65 front dovetail | AC44: No | AD44: Yes | AE44: Lead | AF44: Warning Cancer and Reproductive Harm - www.p65warnings.ca.gov | AG44: WARNING-Cancer and Reproductive Harm – www.P65Warnings.ca.gov
A45: DXT2 | B45: =_xlfn.XLOOKUP(C45,'Kit to Family'!A:A,'Kit to Family'!G:G) -> Std | C45: NE-0018S-5Y | D45: DXT2 Big Dot Yellow - Colt Govt. 5" | E45: 647533013697 | F45: Current | H45: 131.29 | I45: 131.29 | J45: =ROUNDUP(H45*1.1,0)-0.01 -> 144.99 | K45: Colt | L45: Pistol | M45: Pouch | N45: 0.15 | O45: 5.5 | P45: 5 | Q45: 0.5 | R45: USA | S45: 9305.10.0090 | T45: XS DXT2 Big Dot Night Sights offer the best front sight visibility in all lighting conditions. DXT2 Big Dot sights drive focus to the front sight using an industry leading large, high-contrast front and a low profile V-notch rear. DXT2 Big Dot front sights use a patent pending glow dot that absorbs light and glows in low light levels before it is dark enough to see the tritium. Optic Yellow is the best option for low light and has the brightest glow intensity. Primarily based on the white light spectrum, optic yellow is very reflective and will excite the photoluminescent properties of the dot faster than any other color. The increased surface area of the convex dot increases light absorption, intensifying the charge of the glow properties of the dot. The dot-the “i” sight picture, with a tritium dot in the front sight and a tritium bar in the rear, prevents confusing the front and rear sight in high-stress situations. In most gunfights, the victim and attacker are both moving and the victim’s focus is drawn to the threat. The wide field of view increases visibility of the front sight and of the threat downrange. Outside Diameter Big Dot 0.188"; fits in common holsters. Installation requires front and rear dovetail and filing to fit sight to dovetail, do not use a sight press/pusher tool. If slide does not have a front dovetail, a .330 X 65° Front Dovetail will need to be cut. Fits Colt with Novak front and trapezoidal rear, 5" barrel. | U45: Steel sight with blued finish | V45: Green tritium front and rear | W45: Optic Yellow photoluminescent ring front | X45: Snag-free design | Y45: Limited Lifetime Warranty | AC45: No | AD45: Yes | AE45: Lead | AF45: Warning Cancer and Reproductive Harm - www.p65warnings.ca.gov | AG45: WARNING-Cancer and Reproductive Harm – www.P65Warnings.ca.gov | AH45: https://www.dropbox.com/s/k0boxzn7d1xvq1k/NE-0018S-5Y%20top-angle%2020200908.png?dl=0 | AI45: https://www.dropbox.com/s/p6zp6vyhbj4cu6k/NE-0018S-5Y%20angle%2020200908.png?dl=0 | AJ45: https://www.dropbox.com/s/mjb79zet7qrh5ev/NE-0018S-5Y%20back%2020200908.png?dl=0 | AK45: https://www.dropbox.com/s/ldv38fb3a1sofvn/NE-0018S-5Y%20composite%2020200908.png?dl=0 | AL45: https://www.dropbox.com/s/cjjl6htmrsn29rl/CM-0014P-5Y%20Composite%20low.jpg?dl=0 | AM45: https://xssights.com/content/Install%20Instructions/General%20Handgun%20Installation.pdf
A46: DXT2 | B46: =_xlfn.XLOOKUP(C46,'Kit to Family'!A:A,'Kit to Family'!G:G) -> Std | C46: CZ-0011S-5N | D46: DXT2 Big Dot Orange- CZ P-07 & P-09 | E46: 647533046435 | F46: Current | H46: 131.29 | I46: 131.29 | J46: =ROUNDUP(H46*1.1,0)-0.01 -> 144.99 | K46: CZ | L46: Pistol | M46: Pouch | N46: 0.15 | O46: 5.5 | P46: 5 | Q46: 0.5 | R46: USA | S46: 9305.10.0090 | T46: XS DXT2 Big Dot Night Sights offer the best front sight visibility in all lighting conditions. DXT2 Big Dot sights drive focus to the front sight using an industry leading large, high-contrast front and a low profile V-notch rear. DXT2 Big Dot front sights use a patent pending glow dot that absorbs light and glows in low light levels before it is dark enough to see the tritium. Optic Orange is designed to offer a high-contrast sight picture when shooting in bright light conditions and maintain its visibility in decreasing light levels. To ensure visibility in low light when uncharged, optic orange is primarily based on yellow with a hint of red. The increased surface area of the convex dot increases light absorption, intensifying the charge of the glow properties of the dot. The dot-the “i” sight picture, with a tritium dot in the front sight and a tritium bar in the rear, prevents confusing the front and rear sight in high-stress situations. In most gunfights, the victim and attacker are both moving and the victim’s focus is drawn to the threat. The wide field of view increases visibility of the front sight and of the threat downrange. Outside Diameter Big Dot 0.188""; fits in common holsters. Installation might require filing to fit sight to dovetail, do not use a sight press/pusher tool. Fits CZ P-07 & P-09. | U46: Steel sight with blued finish | V46: Green tritium front and rear | W46: Optic Yellow photoluminescent ring front | X46: Snag-free design | Y46: Limited Lifetime Warranty | AC46: No | AD46: Yes | AE46: Lead | AF46: Warning Cancer and Reproductive Harm - www.p65warnings.ca.gov | AG46: WARNING-Cancer and Reproductive Harm – www.P65Warnings.ca.gov | AH46: https://www.dropbox.com/s/i6g2q2tnf9jlwv8/CZ-0011S-5N%20composite%2020200724.png?dl=0 | AI46: https://www.dropbox.com/s/rpnhgwixdst9pk0/CZ-0011S-5N%20top-angle%2020200724.png?dl=0 | AL46: https://www.dropbox.com/s/i6g2q2tnf9jlwv8/CZ-0011S-5N%20composite%2020200724.png?dl=0 | AM46: https://xssights.com/content/Install%20Instructions/CZ%20P-07-09-10%20Instructions.pdf
A47: DXT2 | B47: =_xlfn.XLOOKUP(C47,'Kit to Family'!A:A,'Kit to Family'!G:G) -> Std | C47: CZ-0011S-5Y | D47: DXT2 Big Dot Yellow - CZ P-07 & P-09 | E47: 647533046442 | F47: Current | H47: 131.29 | I47: 131.29 | J47: =ROUNDUP(H47*1.1,0)-0.01 -> 144.99 | K47: CZ | L47: Pistol | M47: Pouch | N47: 0.15 | O47: 5.5 | P47: 5 | Q47: 0.5 | R47: USA | S47: 9305.10.0090 | T47: XS DXT2 Big Dot Night Sights offer the best front sight visibility in all lighting conditions. DXT2 Big Dot sights drive focus to the front sight using an industry leading large, high-contrast front and a low profile V-notch rear. DXT2 Big Dot front sights use a patent pending glow dot that absorbs light and glows in low light levels before it is dark enough to see the tritium. Optic Yellow is the best option for low light and has the brightest glow intensity. Primarily based on the white light spectrum, optic yellow is very reflective and will excite the photoluminescent properties of the dot faster than any other color. The increased surface area of the convex dot increases light absorption, intensifying the charge of the glow properties of the dot. The dot-the “i” sight picture, with a tritium dot in the front sight and a tritium bar in the rear, prevents confusing the front and rear sight in high-stress situations. In most gunfights, the victim and attacker are both moving and the victim’s focus is drawn to the threat. The wide field of view increases visibility of the front sight and of the threat downrange. Outside Diameter Big Dot 0.188""; fits in common holsters. Installation might require filing to fit sight to dovetail, do not use a sight press/pusher tool. Fits CZ P-07 & P-09. | U47: Steel sight with blued finish | V47: Green tritium front and rear | W47: Optic Yellow photoluminescent ring front | X47: Snag-free design | Y47: Limited Lifetime Warranty | AC47: No | AD47: Yes | AE47: Lead | AF47: Warning Cancer and Reproductive Harm - www.p65warnings.ca.gov | AG47: WARNING-Cancer and Reproductive Harm – www.P65Warnings.ca.gov | AH47: https://www.dropbox.com/s/78xx5kpy5em7r3f/CZ-0011S-5Y%20back%2020201029.png?dl=0 | AI47: https://www.dropbox.com/s/7hm7fdxz16vlmvy/CZ-0011S-5Y%20top-angle%2020200724.png?dl=0 | AL47: https://www.dropbox.com/s/alce1dgtyv0mbhn/CZ-0011S-5Y%20composite%2020200724.png?dl=0 | AM47: https://xssights.com/content/Install%20Instructions/CZ%20P-07-09-10%20Instructions.pdf
A48: DXT2 | B48: =_xlfn.XLOOKUP(C48,'Kit to Family'!A:A,'Kit to Family'!G:G) -> Std | C48: CZ-0010S-5N | D48: DXT2 Big Dot Orange- CZ P10 | E48: 647533046411 | F48: Current | H48: 131.29 | I48: 131.29 | J48: =ROUNDUP(H48*1.1,0)-0.01 -> 144.99 | K48: CZ | L48: Pistol | M48: Pouch | N48: 0.15 | O48: 5.5 | P48: 5 | Q48: 0.5 | R48: USA | S48: 9305.10.0090 | T48: XS DXT2 Big Dot Night Sights offer the best front sight visibility in all lighting conditions. DXT2 Big Dot sights drive focus to the front sight using an industry leading large, high-contrast front and a low profile V-notch rear. DXT2 Big Dot front sights use a patent pending glow dot that absorbs light and glows in low light levels before it is dark enough to see the tritium. Optic Orange is designed to offer a high-contrast sight picture when shooting in bright light conditions and maintain its visibility in decreasing light levels. To ensure visibility in low light when uncharged, optic orange is primarily based on yellow with a hint of red. The increased surface area of the convex dot increases light absorption, intensifying the charge of the glow properties of the dot. The dot-the “i” sight picture, with a tritium dot in the front sight and a tritium bar in the rear, prevents confusing the front and rear sight in high-stress situations. In most gunfights, the victim and attacker are both moving and the victim’s focus is drawn to the threat. The wide field of view increases visibility of the front sight and of the threat downrange. Outside Diameter Big Dot 0.188""; fits in common holsters. Installation might require filing to fit sight to dovetail, do not use a sight press/pusher tool. Fits CZ P-10, P-10 C, P-10 F, & P-10 S, all non-Optics-Ready versions. | U48: Steel sight with blued finish | V48: Green tritium front and rear | W48: Optic Orange photoluminescent ring front | X48: Snag-free design | Y48: Limited Lifetime Warranty | AC48: No | AD48: Yes | AE48: Lead | AF48: Warning Cancer and Reproductive Harm - www.p65warnings.ca.gov | AG48: WARNING-Cancer and Reproductive Harm – www.P65Warnings.ca.gov | AH48: https://www.dropbox.com/s/zjrzjrogcxjfsok/CZ-0010S-5N%20back%2020201029.png?dl=0 | AI48: https://www.dropbox.com/s/d9bfr0cgegmd67u/CZ-0010S-5N%20top-angle%2020200724.png?dl=0 | AL48: https://www.dropbox.com/s/z4njuau7g0x5b9u/CZ-0010S-5N%20composite%2020200724.png?dl=0 | AM48: https://xssights.com/content/Install%20Instructions/CZ%20P-07-09-10%20Instructions.pdf
A49: DXT2 | B49: =_xlfn.XLOOKUP(C49,'Kit to Family'!A:A,'Kit to Family'!G:G) -> Std | C49: CZ-0010S-5Y | D49: DXT2 Big Dot Yellow - CZ P10 | E49: 647533046428 | F49: Current | H49: 131.29 | I49: 131.29 | J49: =ROUNDUP(H49*1.1,0)-0.01 -> 144.99 | K49: CZ | L49: Pistol | M49: Pouch | N49: 0.15 | O49: 5.5 | P49: 5 | Q49: 0.5 | R49: USA | S49: 9305.10.0090 | T49: XS DXT2 Big Dot Night Sights offer the best front sight visibility in all lighting conditions. DXT2 Big Dot sights drive focus to the front sight using an industry leading large, high-contrast front and a low profile V-notch rear. DXT2 Big Dot front sights use a patent pending glow dot that absorbs light and glows in low light levels before it is dark enough to see the tritium. Optic Yellow is the best option for low light and has the brightest glow intensity. Primarily based on the white light spectrum, optic yellow is very reflective and will excite the photoluminescent properties of the dot faster than any other color. The increased surface area of the convex dot increases light absorption, intensifying the charge of the glow properties of the dot. The dot-the “i” sight picture, with a tritium dot in the front sight and a tritium bar in the rear, prevents confusing the front and rear sight in high-stress situations. In most gunfights, the victim and attacker are both moving and the victim’s focus is drawn to the threat. The wide field of view increases visibility of the front sight and of the threat downrange. Outside Diameter Big Dot 0.188""; fits in common holsters. Installation might require filing to fit sight to dovetail, do not use a sight press/pusher tool. Fits CZ P-10, P-10 C, P-10 F, & P-10 S, all non-Optics-Ready versions. | U49: Steel sight with blued finish | V49: Green tritium front and rear | W49: Optic Yellow photoluminescent ring front | X49: Snag-free design | Y49: Limited Lifetime Warranty | AC49: No | AD49: Yes | AE49: Lead | AF49: Warning Cancer and Reproductive Harm - www.p65warnings.ca.gov | AG49: WARNING-Cancer and Reproductive Harm – www.P65Warnings.ca.gov | AH49: https://www.dropbox.com/s/nj4epllvedod0ag/CZ-0010S-5Y%20back%2020201029.png?dl=0 | AI49: https://www.dropbox.com/s/3h5b0e45uorgukv/CZ-0010S-5Y%20top-angle%2020200724.png?dl=0 | AL49: https://www.dropbox.com/s/p6dbi96a4hxp1xr/CZ-0010S-5Y%20composite%2020200724.png?dl=0 | AM49: https://xssights.com/content/Install%20Instructions/CZ%20P-07-09-10%20Instructions.pdf
A50: DXT2 | B50: =_xlfn.XLOOKUP(C50,'Kit to Family'!A:A,'Kit to Family'!G:G) -> Std | C50: CZ-0012S-5N | D50: DXT2 Big Dot Orange- CZ 75B, 85B, & SP-01 | E50: 647533019217 | F50: Current | H50: 131.29 | I50: 131.29 | J50: =ROUNDUP(H50*1.1,0)-0.01 -> 144.99 | K50: CZ | L50: Pistol | M50: Pouch | N50: 0.15 | O50: 5.5 | P50: 5 | Q50: 0.5 | R50: USA | S50: 9305.10.0090 | T50: XS DXT2 Big Dot Night Sights offer the best front sight visibility in all lighting conditions. DXT2 Big Dot sights drive focus to the front sight using an industry leading large, high-contrast front and a low profile V-notch rear. DXT2 Big Dot front sights use a patent pending glow dot that absorbs light and glows in low light levels before it is dark enough to see the tritium. Optic Orange is designed to offer a high-contrast sight picture when shooting in bright light conditions and maintain its visibility in decreasing light levels. To ensure visibility in low light when uncharged, optic orange is primarily based on yellow with a hint of red. The increased surface area of the convex dot increases light absorption, intensifying the charge of the glow properties of the dot. The dot-the “i” sight picture, with a tritium dot in the front sight and a tritium bar in the rear, prevents confusing the front and rear sight in high-stress situations. In most gunfights, the victim and attacker are both moving and the victim’s focus is drawn to the threat. The wide field of view increases visibility of the front sight and of the threat downrange. Outside Diameter Big Dot 0.188"; fits in common holsters. Installation might require filing to fit sight to dovetail, do not use a sight press/pusher tool. Fits CZ 75B, 85B & SP-01. Front sight may require filing to fit. Front sight will require filing for cross pin. | U50: Steel sight with blued finish | V50: Green tritium front and rear | W50: Optic Orange photoluminescent ring front | X50: Snag-free design | Y50: Limited Lifetime Warranty | AC50: No | AD50: Yes | AE50: Lead | AF50: Warning Cancer and Reproductive Harm - www.p65warnings.ca.gov | AG50: WARNING-Cancer and Reproductive Harm – www.P65Warnings.ca.gov | AH50: https://www.dropbox.com/s/02e0jag2c5hgvtv/CZ-0012S-5N%20top-angle%2006152022.png?dl=0 | AM50: https://xssights.com/content/Install%20Instructions/CZ%20Front%20Sights%20and%20Rear%20Sights%20Screw%20in%20Instructions.pdf
A51: DXT2 | B51: =_xlfn.XLOOKUP(C51,'Kit to Family'!A:A,'Kit to Family'!G:G) -> Std | C51: CZ-0012S-5Y | D51: DXT2 Big Dot Yellow - CZ 75B, 85B, & SP-01 | E51: 647533019170 | F51: Current | H51: 131.29 | I51: 131.29 | J51: =ROUNDUP(H51*1.1,0)-0.01 -> 144.99 | K51: CZ | L51: Pistol | M51: Pouch | N51: 0.15 | O51: 5.5 | P51: 5 | Q51: 0.5 | R51: USA | S51: 9305.10.0090 | T51: XS DXT2 Big Dot Night Sights offer the best front sight visibility in all lighting conditions. DXT2 Big Dot sights drive focus to the front sight using an industry leading large, high-contrast front and a low profile V-notch rear. DXT2 Big Dot front sights use a patent pending glow dot that absorbs light and glows in low light levels before it is dark enough to see the tritium. Optic Yellow is the best option for low light and has the brightest glow intensity. Primarily based on the white light spectrum, optic yellow is very reflective and will excite the photoluminescent properties of the dot faster than any other color. The increased surface area of the convex dot increases light absorption, intensifying the charge of the glow properties of the dot. The dot-the “i” sight picture, with a tritium dot in the front sight and a tritium bar in the rear, prevents confusing the front and rear sight in high-stress situations. In most gunfights, the victim and attacker are both moving and the victim’s focus is drawn to the threat. The wide field of view increases visibility of the front sight and of the threat downrange. Outside Diameter Big Dot 0.188""; fits in common holsters. Installation might require filing to fit sight to dovetail, do not use a sight press/pusher tool. Fits CZ 75B & 85B, Requires Filing Front Sight To Accept Cross Pin. | U51: Steel sight with blued finish | V51: Green tritium front and rear | W51: Optic Yellow photoluminescent ring front | X51: Snag-free design | Y51: Limited Lifetime Warranty | AC51: No | AD51: Yes | AE51: Lead | AF51: Warning Cancer and Reproductive Harm - www.p65warnings.ca.gov | AG51: WARNING-Cancer and Reproductive Harm – www.P65Warnings.ca.gov | AH51: https://www.dropbox.com/s/o8pifg1jgl6jgr0/CZ-0012S-5Y%20back%2020200727.png?dl=0 | AI51: https://www.dropbox.com/s/qvdqgmasn76an5h/CZ-0012S-5Y%20top-angle%2020200727.png?dl=0 | AJ51: https://www.dropbox.com/s/oplbf0zlr4szedw/CZ-0012S-5Y%20angle%2020200727.png?dl=0 | AL51: https://www.dropbox.com/s/4mbhk5003lsuvs8/CZ-0012S-5Y%20composite%2020200727.png?dl=0 | AM51: https://xssights.com/content/Install%20Instructions/CZ%20Front%20Sights%20and%20Rear%20Sights%20Screw%20in%20Instructions.pdf
A52: DXT2 | B52: =_xlfn.XLOOKUP(C52,'Kit to Family'!A:A,'Kit to Family'!G:G) -> Std | C52: CZ-0014S-5N | D52: DXT2 Big Dot Orange- CZ PO1 & 83 | E52: 647533019231 | F52: Current | H52: 131.29 | I52: 131.29 | J52: =ROUNDUP(H52*1.1,0)-0.01 -> 144.99 | K52: CZ | L52: Pistol | M52: Pouch | N52: 0.15 | O52: 5.5 | P52: 5 | Q52: 0.5 | R52: USA | S52: 9305.10.0090 | T52: XS DXT2 Big Dot Night Sights offer the best front sight visibility in all lighting conditions. DXT2 Big Dot sights drive focus to the front sight using an industry leading large, high-contrast front and a low profile V-notch rear. DXT2 Big Dot front sights use a patent pending glow dot that absorbs light and glows in low light levels before it is dark enough to see the tritium. Optic Orange is designed to offer a high-contrast sight picture when shooting in bright light conditions and maintain its visibility in decreasing light levels. To ensure visibility in low light when uncharged, optic orange is primarily based on yellow with a hint of red. The increased surface area of the convex dot increases light absorption, intensifying the charge of the glow properties of the dot. The dot-the “i” sight picture, with a tritium dot in the front sight and a tritium bar in the rear, prevents confusing the front and rear sight in high-stress situations. In most gunfights, the victim and attacker are both moving and the victim’s focus is drawn to the threat. The wide field of view increases visibility of the front sight and of the threat downrange. Outside Diameter Big Dot 0.188"; fits in common holsters. Installation might require filing to fit sight to dovetail, do not use a sight press/pusher tool. Fits CZ P01 and 83. Front sight may require filing to fit. Front sight will require filing for cross pin. | U52: Steel sight with blued finish | V52: Green tritium front and rear | W52: Optic Orange photoluminescent ring front | X52: Snag-free design | Y52: Limited Lifetime Warranty | AC52: No | AD52: Yes | AE52: Lead | AF52: Warning Cancer and Reproductive Harm - www.p65warnings.ca.gov | AG52: WARNING-Cancer and Reproductive Harm – www.P65Warnings.ca.gov | AH52: https://www.dropbox.com/s/4li63fqe3kfxc1e/CZ-0014S-5N%20top-angle%2006152022.png?dl=0 | AM52: https://xssights.com/content/Install%20Instructions/CZ%20Front%20Sights%20and%20Rear%20Sights%20Screw%20in%20Instructions.pdf
A53: DXT2 | B53: =_xlfn.XLOOKUP(C53,'Kit to Family'!A:A,'Kit to Family'!G:G) -> Std | C53: CZ-0014S-5Y | D53: DXT2 Big Dot Yellow - CZ PO1 & 83 | E53: 647533019194 | F53: Current | H53: 131.29 | I53: 131.29 | J53: =ROUNDUP(H53*1.1,0)-0.01 -> 144.99 | K53: CZ | L53: Pistol | M53: Pouch | N53: 0.15 | O53: 5.5 | P53: 5 | Q53: 0.5 | R53: USA | S53: 9305.10.0090 | T53: XS DXT2 Big Dot Night Sights offer the best front sight visibility in all lighting conditions. DXT2 Big Dot sights drive focus to the front sight using an industry leading large, high-contrast front and a low profile V-notch rear. DXT2 Big Dot front sights use a patent pending glow dot that absorbs light and glows in low light levels before it is dark enough to see the tritium. Optic Yellow is the best option for low light and has the brightest glow intensity. Primarily based on the white light spectrum, optic yellow is very reflective and will excite the photoluminescent properties of the dot faster than any other color. The increased surface area of the convex dot increases light absorption, intensifying the charge of the glow properties of the dot. The dot-the “i” sight picture, with a tritium dot in the front sight and a tritium bar in the rear, prevents confusing the front and rear sight in high-stress situations. In most gunfights, the victim and attacker are both moving and the victim’s focus is drawn to the threat. The wide field of view increases visibility of the front sight and of the threat downrange. Outside Diameter Big Dot 0.188""; fits in common holsters. Installation might require filing to fit sight to dovetail, do not use a sight press/pusher tool. Fits CZ P01 & 83. Installation requires filing front sight to accept cross pin, do not use a sight press/pusher tool. | U53: Steel sight with blued finish | V53: Green tritium front and rear | W53: Optic Yellow photoluminescent ring front | X53: Snag-free design | Y53: Limited Lifetime Warranty | AC53: No | AD53: Yes | AE53: Lead | AF53: Warning Cancer and Reproductive Harm - www.p65warnings.ca.gov | AG53: WARNING-Cancer and Reproductive Harm – www.P65Warnings.ca.gov | AH53: https://www.dropbox.com/s/3vntik13bchtweb/CZ-0014S-5Y%20back%2020200727.png?dl=0 | AI53: https://www.dropbox.com/s/iv7m44thqu8f6tw/CZ-0014S-5Y%20angle%2020200727.png?dl=0 | AJ53: https://www.dropbox.com/s/iv7m44thqu8f6tw/CZ-0014S-5Y%20angle%2020200727.png?dl=0 | AL53: https://www.dropbox.com/s/acknj1rzkijvg56/CZ-0014S-5Y%20composite%2020200727.png?dl=0 | AM53: https://xssights.com/content/Install%20Instructions/CZ%20Front%20Sights%20and%20Rear%20Sights%20Screw%20in%20Instructions.pdf
A54: DXT2 | B54: =_xlfn.XLOOKUP(C54,'Kit to Family'!A:A,'Kit to Family'!G:G) -> Std | C54: GL-0009S-5N | D54: DXT2 Big Dot Orange - Glock 17,19,22-24,26,27,31-36,38,45 | E54: 647533046145 | F54: Current | G54: 16 | H54: 131.29 | I54: 131.29 | J54: =ROUNDUP(H54*1.1,0)-0.01 -> 144.99 | K54: Glock | L54: Pistol | M54: Pouch | N54: 0.15 | O54: 5.5 | P54: 5 | Q54: 0.5 | R54: USA | S54: 9305.10.0090 | T54: XS DXT2 Big Dot Night Sights offer the best front sight visibility in all lighting conditions. DXT2 Big Dot sights drive focus to the front sight using an industry leading large, high-contrast front and a low profile V-notch rear. DXT2 Big Dot front sights use a patent pending glow dot that absorbs light and glows in low light levels before it is dark enough to see the tritium. Optic Orange is designed to offer a high-contrast sight picture when shooting in bright light conditions and maintain its visibility in decreasing light levels. To ensure visibility in low light when uncharged, optic orange is primarily based on yellow with a hint of red. The increased surface area of the convex dot increases light absorption, intensifying the charge of the glow properties of the dot. The dot-the “i” sight picture, with a tritium dot in the front sight and a tritium bar in the rear, prevents confusing the front and rear sight in high-stress situations. In most gunfights, the victim and attacker are both moving and the victim’s focus is drawn to the threat. The wide field of view increases visibility of the front sight and of the threat downrange. Outside Diameter Big Dot 0.188"; fits in common holsters. Installation might require filing to fit sight to dovetail, especially with Walther PDP. Do not use sight press/pusher tool. Fits Glock models 17, 19, 22, 23, 24, 26, 27, 31, 32, 33, 34, 35, 36; Taurus G3c, GX4, and new produciton G3; Walther PDP and new production CCP M2. | V54: Steel sight with blued finish | W54: Green tritium front and rear | X54: Optic Orange photoluminescent ring front | Y54: Snag-free design | Z54: Limited Lifetime Warranty | AC54: No | AD54: Yes | AE54: Lead | AF54: Warning Cancer and Reproductive Harm - www.p65warnings.ca.gov | AG54: WARNING-Cancer and Reproductive Harm – www.P65Warnings.ca.gov | AH54: https://www.dropbox.com/s/qqvtkjmid6nmcsw/GL-0009S-5N%20top-angle2.png?dl=0 | AJ54: https://www.dropbox.com/s/jcbllkmvlwoboch/DXT2%20GL%20orange%20back.png?dl=0 | AL54: https://www.dropbox.com/s/7aoazwdx2vqg5hx/GL-0015P-5N%20Composite%20low.jpg?dl=0 | AM54: https://xssights.com/content/Install%20Instructions/General%20Handgun%20Installation.pdf
A55: DXT2 | B55: =_xlfn.XLOOKUP(C55,'Kit to Family'!A:A,'Kit to Family'!G:G) -> Std | C55: GL-0009S-5Y | D55: DXT2 Big Dot Yellow - Glock 17,19,22-24,26,27,31-36,38,45 | E55: 647533046138 | F55: Current | G55: 14 | H55: 131.29 | I55: 131.29 | J55: =ROUNDUP(H55*1.1,0)-0.01 -> 144.99 | K55: Glock | L55: Pistol | M55: Pouch | N55: 0.15 | O55: 5.5 | P55: 5 | Q55: 0.5 | R55: USA | S55: 9305.10.0090 | T55: XS DXT2 Big Dot Night Sights offer the best front sight visibility in all lighting conditions. DXT2 Big Dot sights drive focus to the front sight using an industry leading large, high-contrast front and a low profile V-notch rear. DXT2 Big Dot front sights use a patent pending glow dot that absorbs light and glows in low light levels before it is dark enough to see the tritium. Optic Yellow is the best option for low light and has the brightest glow intensity. Primarily based on the white light spectrum, optic yellow is very reflective and will excite the photoluminescent properties of the dot faster than any other color. The increased surface area of the convex dot increases light absorption, intensifying the charge of the glow properties of the dot. The dot-the “i” sight picture, with a tritium dot in the front sight and a tritium bar in the rear, prevents confusing the front and rear sight in high-stress situations. In most gunfights, the victim and attacker are both moving and the victim’s focus is drawn to the threat. The wide field of view increases visibility of the front sight and of the threat downrange. Outside Diameter Big Dot 0.188"; fits in common holsters. Installation might require filing to fit sight to dovetail, especially with Walther PDP. Do not use sight press/pusher tool. Fits Glock models 17, 19, 22, 23, 24, 26, 27, 31, 32, 33, 34, 35, 36; Taurus G3c, GX4, and new produciton G3; Walther PDP and new production CCP M2. | V55: Steel sight with blued finish | W55: Green tritium front and rear | X55: Optic Yellow photoluminescent ring front | Y55: Snag-free design | Z55: Limited Lifetime Warranty | AC55: No | AD55: Yes | AE55: Lead | AF55: Warning Cancer and Reproductive Harm - www.p65warnings.ca.gov | AG55: WARNING-Cancer and Reproductive Harm – www.P65Warnings.ca.gov | AH55: https://www.dropbox.com/s/4fe3gs6gs81nzup/GL-0009S-5Y%20top-angle2.png?dl=0 | AJ55: https://www.dropbox.com/s/gl6t7alpfo6pvwt/DXT2%20GL%20yellow%20back.png?dl=0 | AL55: https://www.dropbox.com/s/ny0f9g3ak2cm1kj/GL-0015P-5Y%20%20Composite%20low.jpg?dl=0 | AM55: https://xssights.com/content/Install%20Instructions/General%20Handgun%20Installation.pdf
A56: DXT2 | B56: =_xlfn.XLOOKUP(C56,'Kit to Family'!A:A,'Kit to Family'!G:G) -> Std | C56: GL-0009S-6G | D56: DXT2 Standard Dot Green - Glock 17,19,22-24,26,27,31-36,38,45 | E56: 647533011617 | F56: Current | G56: 46 | H56: 131.29 | I56: 131.29 | J56: =ROUNDUP(H56*1.1,0)-0.01 -> 144.99 | K56: Glock | L56: Pistol | M56: Pouch | N56: 0.15 | O56: 5.5 | P56: 5 | Q56: 0.5 | R56: USA | S56: 9305.10.0090 | T56: XS DXT2 Standard Dot Night Sights offer superior front sight visibility in all lighting conditions. DXT2 Standard Dot sights drive focus to the front sight using a high-contrast front and a low profile V-notch rear. DXT2 Standard Dot front sights use a patent pending glow dot that absorbs light and glows in low light levels before it is dark enough to see the tritium. The increased surface area of the convex dot increases light absorption, intensifying the charge of the glow properties of the dot. The dot-the “i” sight picture, with a tritium dot in the front sight and a tritium bar in the rear, prevents confusing the front and rear sight in high-stress situations. In most gunfights, the victim and attacker are both moving and the victim’s focus is drawn to the threat. The wide field of view increases visibility of the front sight and of the threat downrange. Outside Diameter Standard Dot 0.140"; fits in common holsters. Installation might require filing to fit sight to dovetail, especially with Walther PDP. Do not use sight press/pusher tool. Fits Glock models 17, 19, 22, 23, 24, 26, 27, 31, 32, 33, 34, 35, 36; Taurus G3c, GX4, and new produciton G3; Walther PDP and new production CCP M2. | U56: Steel sight with blued finish | V56: Green tritium front and rear | W56: Green photoluminescent ring front | X56: Snag-free design | Y56: Limited Lifetime Warranty | AC56: No | AD56: Yes | AE56: Lead | AF56: Warning Cancer and Reproductive Harm - www.p65warnings.ca.gov | AG56: WARNING-Cancer and Reproductive Harm – www.P65Warnings.ca.gov | AH56: https://www.dropbox.com/s/0x8wf2xccmg9rjm/GL-0009S-6G%20top-angle.png?dl=0 | AI56: https://www.dropbox.com/s/kvvu1fidjwhucka/Gl-0010S-6G%20angle%2020200618.png?dl=0 | AJ56: https://www.dropbox.com/s/lakmql75wri4pay/Gl-0011S-6G%20back%2020200618.png?dl=0 | AK56: https://www.dropbox.com/s/j5b42h5sxw3utfc/GL%20DXT2%20Green.png?dl=0 | AL56: https://www.dropbox.com/s/c0g8znqunz6om53/GL-0015P-6G%20%20Composite%20low.jpg?dl=0 | AM56: https://xssights.com/content/Install%20Instructions/General%20Handgun%20Installation.pdf
A57: DXT2 | B57: =_xlfn.XLOOKUP(C57,'Kit to Family'!A:A,'Kit to Family'!G:G) -> Supp | C57: GL-0015P-5N | D57: DXT2 Big Dot Orange - Glock Suppressor Hgt 17,19,22-24,26,27,31-36,38,45 | E57: 647533004510 | F57: Current | H57: 139.99 | I57: 139.99 | J57: =ROUNDUP(H57*1.1,0)-0.01 -> 153.99 | K57: Glock | L57: Pistol | M57: Pouch | N57: 0.15 | O57: 5.5 | P57: 5 | Q57: 0.5 | R57: USA | S57: 9305.10.0090 | T57: XS DXT2 Big Dot Night Sights offer the best front sight visibility in all lighting conditions. DXT2 Big Dot sights drive focus to the front sight using an industry leading large, high-contrast front and a low profile V-notch rear. DXT2 Big Dot front sights use a patent pending glow dot that absorbs light and glows in low light levels before it is dark enough to see the tritium. Optic Orange is designed to offer a high-contrast sight picture when shooting in bright light conditions and maintain its visibility in decreasing light levels. To ensure visibility in low light when uncharged, optic orange is primarily based on yellow with a hint of red. The increased surface area of the convex dot increases light absorption, intensifying the charge of the glow properties of the dot. The dot-the “i” sight picture, with a tritium dot in the front sight and a tritium bar in the rear, prevents confusing the front and rear sight in high-stress situations. In most gunfights, the victim and attacker are both moving and the victim’s focus is drawn to the threat. The wide field of view increases visibility of the front sight and of the threat downrange. Outside Diameter Big Dot 0.188"; fits in common holsters. Installation might require filing to fit sight to dovetail, especially with Walther PDP. Do not use sight press/pusher tool. Fits Glock models 17, 19, 22, 23, 24, 26, 27, 31, 32, 33, 34, 35, 36; Taurus G3c, GX4, and new produciton G3; Walther PDP and new production CCP M2. Suppressor Height and lower third co-witnesses with Glock factory cut and RMR. | U57: Steel sight with blued finish | V57: Green tritium front and rear | W57: Optic Orange photoluminescent ring front | X57: Snag-free design | Y57: Limited Lifetime Warranty | AC57: No | AD57: Yes | AE57: Lead | AF57: Warning Cancer and Reproductive Harm - www.p65warnings.ca.gov | AG57: WARNING-Cancer and Reproductive Harm – www.P65Warnings.ca.gov | AH57: https://www.dropbox.com/s/erqs1sjt7ytwbtw/GL-0015P-5N%20top-angle%2020200724.png?dl=0 | AI57: https://www.dropbox.com/s/wp1opjsovsbe0ik/GL-0015P-5N%20angle%2020200610.png?dl=0 | AJ57: https://www.dropbox.com/s/wmkgm8p5zf2a1dj/GL-0015P-5N%20back%2020200610.png?dl=0 | AK57: https://www.dropbox.com/s/kr00xz2trcgbb2w/GL-0015P-5N%20Composite%20Bright.jpg?dl=0 | AL57: https://www.dropbox.com/s/7aoazwdx2vqg5hx/GL-0015P-5N%20Composite%20low.jpg?dl=0 | AM57: https://xssights.com/content/Install%20Instructions/General%20Handgun%20Installation.pdf
A58: DXT2 | B58: =_xlfn.XLOOKUP(C58,'Kit to Family'!A:A,'Kit to Family'!G:G) -> Supp | C58: GL-0015P-5Y | D58: DXT2 Big Dot Yellow - Glock Suppressor Hgt 17,19,22-24,26,27,31-36,38,45 | E58: 647533004534 | F58: Current | H58: 139.99 | I58: 139.99 | J58: =ROUNDUP(H58*1.1,0)-0.01 -> 153.99 | K58: Glock | L58: Pistol | M58: Pouch | N58: 0.15 | O58: 5.5 | P58: 5 | Q58: 0.5 | R58: USA | S58: 9305.10.0090 | T58: XS DXT2 Big Dot Night Sights offer the best front sight visibility in all lighting conditions. DXT2 Big Dot sights drive focus to the front sight using an industry leading large, high-contrast front and a low profile V-notch rear. DXT2 Big Dot front sights use a patent pending glow dot that absorbs light and glows in low light levels before it is dark enough to see the tritium. Optic Yellow is the best option for low light and has the brightest glow intensity. Primarily based on the white light spectrum, optic yellow is very reflective and will excite the photoluminescent properties of the dot faster than any other color. The increased surface area of the convex dot increases light absorption, intensifying the charge of the glow properties of the dot. The dot-the “i” sight picture, with a tritium dot in the front sight and a tritium bar in the rear, prevents confusing the front and rear sight in high-stress situations. In most gunfights, the victim and attacker are both moving and the victim’s focus is drawn to the threat. The wide field of view increases visibility of the front sight and of the threat downrange. Outside Diameter Big Dot 0.188"; fits in common holsters. Installation might require filing to fit sight to dovetail, especially with Walther PDP. Do not use sight press/pusher tool. Fits Glock models 17, 19, 22, 23, 24, 26, 27, 31, 32, 33, 34, 35, 36; Taurus G3c, GX4, and new produciton G3; Walther PDP and new production CCP M2. Suppressor Height and lower third co-witnesses with Glock factory cut and RMR. | U58: Steel sight with blued finish | V58: Green tritium front and rear | W58: Optic Yellow photoluminescent ring front | X58: Snag-free design | Y58: Limited Lifetime Warranty | AC58: No | AD58: Yes | AE58: Lead | AF58: Warning Cancer and Reproductive Harm - www.p65warnings.ca.gov | AG58: WARNING-Cancer and Reproductive Harm – www.P65Warnings.ca.gov | AH58: https://www.dropbox.com/s/ufcitcn3xxa72u2/GL-0015P-5Y%20top-angle%2020200724.png?dl=0 | AI58: https://www.dropbox.com/s/okdfpu98zoi9502/GL-0015P-5Y%20angle%2020200610.png?dl=0 | AJ58: https://www.dropbox.com/s/nni7i3a2vli19do/GL-0015P-5Y%20back%2020200610.png?dl=0 | AK58: https://www.dropbox.com/s/fon1t3ocybnz9yt/GL-0015P-5Y%20%20Composite%20Bright.jpg?dl=0 | AL58: https://www.dropbox.com/s/ny0f9g3ak2cm1kj/GL-0015P-5Y%20%20Composite%20low.jpg?dl=0 | AM58: https://xssights.com/content/Install%20Instructions/General%20Handgun%20Installation.pdf
A59: DXT2 | B59: =_xlfn.XLOOKUP(C59,'Kit to Family'!A:A,'Kit to Family'!G:G) -> Supp | C59: GL-0015P-6G | D59: DXT2 Standard Dot Green - Glock Suppressor Hgt 17,19,22-24,26,27,31-36,38,45 | E59: 647533004541 | F59: Current | H59: 139.99 | I59: 139.99 | J59: =ROUNDUP(H59*1.1,0)-0.01 -> 153.99 | K59: Glock | L59: Pistol | M59: Pouch | N59: 0.15 | O59: 5.5 | P59: 5 | Q59: 0.5 | R59: USA | S59: 9305.10.0090 | T59: XS DXT2 Standard Dot Night Sights offer superior front sight visibility in all lighting conditions. DXT2 Standard Dot sights drive focus to the front sight using a high-contrast front and a low profile V-notch rear. DXT2 Standard Dot front sights use a patent pending glow dot that absorbs light and glows in low light levels before it is dark enough to see the tritium. The increased surface area of the convex dot increases light absorption, intensifying the charge of the glow properties of the dot. The dot-the “i” sight picture, with a tritium dot in the front sight and a tritium bar in the rear, prevents confusing the front and rear sight in high-stress situations. In most gunfights, the victim and attacker are both moving and the victim’s focus is drawn to the threat. The wide field of view increases visibility of the front sight and of the threat downrange. Outside Diameter Standard Dot 0.140"; fits in common holsters. Installation might require filing to fit sight to dovetail, especially with Walther PDP. Do not use sight press/pusher tool. Fits Glock models 17, 19, 22, 23, 24, 26, 27, 31, 32, 33, 34, 35, 36; Taurus G3c, GX4, and new produciton G3; Walther PDP and new production CCP M2. Suppressor Height and lower third co-witnesses with Glock factory cut and RMR. | U59: Steel sight with blued finish | V59: Green tritium front and rear | W59: Green photoluminescent ring front | X59: Snag-free design | Y59: Limited Lifetime Warranty | AC59: No | AD59: Yes | AE59: Lead | AF59: Warning Cancer and Reproductive Harm - www.p65warnings.ca.gov | AG59: WARNING-Cancer and Reproductive Harm – www.P65Warnings.ca.gov | AH59: https://www.dropbox.com/s/1vgx78g00mwxz0u/GL-0015P-6G%20Composite%20Bright.jpg?dl=0 | AI59: https://www.dropbox.com/s/qr2bvw5n6o2dwph/GL-0015P-6G%20angle%2020200610.png?dl=0 | AJ59: https://www.dropbox.com/s/7z3clcl2q4ywhen/GL-0015P-6G%20back%2020200610.png?dl=0 | AL59: https://www.dropbox.com/s/c0g8znqunz6om53/GL-0015P-6G%20%20Composite%20low.jpg?dl=0 | AM59: https://xssights.com/content/Install%20Instructions/General%20Handgun%20Installation.pdf
A60: DXT2 | B60: =_xlfn.XLOOKUP(C60,'Kit to Family'!A:A,'Kit to Family'!G:G) -> Std | C60: GL-0010S-5N | D60: DXT2 Big Dot Orange - Glock 20,21,29,30,30S,37,40,41 | E60: 647533046169 | F60: Current | H60: 131.29 | I60: 131.29 | J60: =ROUNDUP(H60*1.1,0)-0.01 -> 144.99 | K60: Glock | L60: Pistol | M60: Pouch | N60: 0.15 | O60: 5.5 | P60: 5 | Q60: 0.5 | R60: USA | S60: 9305.10.0090 | T60: XS DXT2 Big Dot Night Sights offer the best front sight visibility in all lighting conditions. DXT2 Big Dot sights drive focus to the front sight using an industry leading large, high-contrast front and a low profile V-notch rear. DXT2 Big Dot front sights use a patent pending glow dot that absorbs light and glows in low light levels before it is dark enough to see the tritium. Optic Orange is designed to offer a high-contrast sight picture when shooting in bright light conditions and maintain its visibility in decreasing light levels. To ensure visibility in low light when uncharged, optic orange is primarily based on yellow with a hint of red. The increased surface area of the convex dot increases light absorption, intensifying the charge of the glow properties of the dot. The dot-the “i” sight picture, with a tritium dot in the front sight and a tritium bar in the rear, prevents confusing the front and rear sight in high-stress situations. In most gunfights, the victim and attacker are both moving and the victim’s focus is drawn to the threat. The wide field of view increases visibility of the front sight and of the threat downrange. Outside Diameter Big Dot 0.188"; fits in common holsters. Installation might require filing to fit sight to dovetail, do not use a sight press/pusher tool. Fits Glock models 20, 21, 29, 30, 30S, 37, 40, & 41. | U60: Steel sight with blued finish | V60: Green tritium front and rear | W60: Optic Orange photoluminescent ring front | X60: Snag-free design | Y60: Limited Lifetime Warranty | AC60: No | AD60: Yes | AE60: Lead | AF60: Warning Cancer and Reproductive Harm - www.p65warnings.ca.gov | AG60: WARNING-Cancer and Reproductive Harm – www.P65Warnings.ca.gov | AH60: https://www.dropbox.com/s/jcbllkmvlwoboch/DXT2%20GL%20orange%20back.png?dl=0 | AM60: https://xssights.com/content/Install%20Instructions/General%20Handgun%20Installation.pdf
A61: DXT2 | B61: =_xlfn.XLOOKUP(C61,'Kit to Family'!A:A,'Kit to Family'!G:G) -> Std | C61: GL-0010S-6G | D61: DXT2 Standard Dot Green - Glock 20,21,29,30,30S,37,40,41 | E61: 647533011723 | F61: Current | H61: 131.29 | I61: 131.29 | J61: =ROUNDUP(H61*1.1,0)-0.01 -> 144.99 | K61: Glock | L61: Pistol | M61: Pouch | N61: 0.15 | O61: 5.5 | P61: 5 | Q61: 0.5 | R61: USA | S61: 9305.10.0090 | T61: XS DXT2 Standard Dot Night Sights offer superior front sight visibility in all lighting conditions. DXT2 Standard Dot sights drive focus to the front sight using a high-contrast front and a low profile V-notch rear. DXT2 Standard Dot front sights use a patent pending glow dot that absorbs light and glows in low light levels before it is dark enough to see the tritium. The increased surface area of the convex dot increases light absorption, intensifying the charge of the glow properties of the dot. The dot-the “i” sight picture, with a tritium dot in the front sight and a tritium bar in the rear, prevents confusing the front and rear sight in high-stress situations. In most gunfights, the victim and attacker are both moving and the victim’s focus is drawn to the threat. The wide field of view increases visibility of the front sight and of the threat downrange. Outside Diameter Standard Dot 0.140"; fits in common holsters. Installation might require filing to fit sight to dovetail, do not use a sight press/pusher tool. Fits Glock models 20, 21, 29, 30, 30S, 37, 40, & 41. | U61: Steel sight with blued finish | V61: Green tritium front and rear | W61: Green photoluminescent ring front | X61: Snag-free design | Y61: Limited Lifetime Warranty | AC61: No | AD61: Yes | AE61: Lead | AF61: Warning Cancer and Reproductive Harm - www.p65warnings.ca.gov | AG61: WARNING-Cancer and Reproductive Harm – www.P65Warnings.ca.gov | AH61: https://www.dropbox.com/s/j5b42h5sxw3utfc/GL%20DXT2%20Green.png?dl=0 | AI61: https://www.dropbox.com/s/kvvu1fidjwhucka/Gl-0010S-6G%20angle%2020200618.png?dl=0 | AJ61: https://www.dropbox.com/s/lakmql75wri4pay/Gl-0011S-6G%20back%2020200618.png?dl=0 | AL61: https://www.dropbox.com/s/c0g8znqunz6om53/GL-0015P-6G%20%20Composite%20low.jpg?dl=0 | AM61: https://xssights.com/content/Install%20Instructions/General%20Handgun%20Installation.pdf
A62: DXT2 | B62: =_xlfn.XLOOKUP(C62,'Kit to Family'!A:A,'Kit to Family'!G:G) -> Std | C62: GL-0010S-5Y | D62: DXT2 Big Dot Yellow - Glock 20,21,29,30,30S,37,40,41 | E62: 647533046152 | F62: Current | H62: 131.29 | I62: 131.29 | J62: =ROUNDUP(H62*1.1,0)-0.01 -> 144.99 | K62: Glock | L62: Pistol | M62: Pouch | N62: 0.15 | O62: 5.5 | P62: 5 | Q62: 0.5 | R62: USA | S62: 9305.10.0090 | T62: XS DXT2 Big Dot Night Sights offer the best front sight visibility in all lighting conditions. DXT2 Big Dot sights drive focus to the front sight using an industry leading large, high-contrast front and a low profile V-notch rear. DXT2 Big Dot front sights use a patent pending glow dot that absorbs light and glows in low light levels before it is dark enough to see the tritium. Optic Yellow is the best option for low light and has the brightest glow intensity. Primarily based on the white light spectrum, optic yellow is very reflective and will excite the photoluminescent properties of the dot faster than any other color. The increased surface area of the convex dot increases light absorption, intensifying the charge of the glow properties of the dot. The dot-the “i” sight picture, with a tritium dot in the front sight and a tritium bar in the rear, prevents confusing the front and rear sight in high-stress situations. In most gunfights, the victim and attacker are both moving and the victim’s focus is drawn to the threat. The wide field of view increases visibility of the front sight and of the threat downrange. Outside Diameter Big Dot 0.188"; fits in common holsters. Installation might require filing to fit sight to dovetail, do not use a sight press/pusher tool. Fits Glock models 20, 21, 29, 30, 30S, 37, 40, & 41. | U62: Steel sight with blued finish | V62: Green tritium front and rear | W62: Optic Yellow photoluminescent ring front | X62: Snag-free design | Y62: Limited Lifetime Warranty | AC62: No | AD62: Yes | AE62: Lead | AF62: Warning Cancer and Reproductive Harm - www.p65warnings.ca.gov | AG62: WARNING-Cancer and Reproductive Harm – www.P65Warnings.ca.gov | AH62: https://www.dropbox.com/home/XS%20Marketing%20Media%20Library/Photos%20and%20Media/Handgun%20Sights/Glock/DXT2?preview=GL-0009S-5Y+top-angle2.png | AK62: https://www.dropbox.com/s/ap3qavsemz4utl9/GL%20DXT2%20Yellow.png?dl=0 | AL62: https://www.dropbox.com/s/ny0f9g3ak2cm1kj/GL-0015P-5Y%20%20Composite%20low.jpg?dl=0 | AM62: https://xssights.com/content/Install%20Instructions/General%20Handgun%20Installation.pdf
A63: DXT2 | B63: =_xlfn.XLOOKUP(C63,'Kit to Family'!A:A,'Kit to Family'!G:G) -> Supp | C63: GL-0016P-5Y | D63: DXT2 Big Dot Yellow - Glock Suppressor Hgt 20,21,29,30,30S,37,40,41 | E63: 647533004558 | F63: Current | H63: 139.99 | I63: 139.99 | J63: =ROUNDUP(H63*1.1,0)-0.01 -> 153.99 | K63: Glock | L63: Pistol | M63: Pouch | N63: 0.15 | O63: 5.5 | P63: 5 | Q63: 0.5 | R63: USA | S63: 9305.10.0090 | T63: XS DXT2 Big Dot Night Sights offer the best front sight visibility in all lighting conditions. DXT2 Big Dot sights drive focus to the front sight using an industry leading large, high-contrast front and a low profile V-notch rear. DXT2 Big Dot front sights use a patent pending glow dot that absorbs light and glows in low light levels before it is dark enough to see the tritium. Optic Yellow is the best option for low light and has the brightest glow intensity. Primarily based on the white light spectrum, optic yellow is very reflective and will excite the photoluminescent properties of the dot faster than any other color. The increased surface area of the convex dot increases light absorption, intensifying the charge of the glow properties of the dot. The dot-the “i” sight picture, with a tritium dot in the front sight and a tritium bar in the rear, prevents confusing the front and rear sight in high-stress situations. In most gunfights, the victim and attacker are both moving and the victim’s focus is drawn to the threat. The wide field of view increases visibility of the front sight and of the threat downrange. Outside Diameter Big Dot 0.188"; fits in common holsters. Installation might require filing to fit sight to dovetail, do not use a sight press/pusher tool. Fits Glock models 20, 21, 29, 30, 30S, 37, 40, & 41. Suppressor Height and lower third co-witnesses with Glock factory cut and RMR. | U63: Steel sight with blued finish | V63: Green tritium front and rear | W63: Optic Yellow photoluminescent ring front | X63: Snag-free design | Y63: Limited Lifetime Warranty | AC63: No | AD63: Yes | AE63: Lead | AF63: Warning Cancer and Reproductive Harm - www.p65warnings.ca.gov | AG63: WARNING-Cancer and Reproductive Harm – www.P65Warnings.ca.gov | AH63: https://www.dropbox.com/s/fon1t3ocybnz9yt/GL-0015P-5Y%20%20Composite%20Bright.jpg?dl=0 | AI63: https://www.dropbox.com/s/okdfpu98zoi9502/GL-0015P-5Y%20angle%2020200610.png?dl=0 | AJ63: https://www.dropbox.com/s/nni7i3a2vli19do/GL-0015P-5Y%20back%2020200610.png?dl=0 | AL63: https://www.dropbox.com/s/ny0f9g3ak2cm1kj/GL-0015P-5Y%20%20Composite%20low.jpg?dl=0 | AM63: https://xssights.com/content/Install%20Instructions/General%20Handgun%20Installation.pdf
A64: DXT2 | B64: =_xlfn.XLOOKUP(C64,'Kit to Family'!A:A,'Kit to Family'!G:G) -> Std | C64: GL-0011S-5N | D64: DXT2 Big Dot Orange - Glock 42, 43, 43X, & 48 | E64: 647533046183 | F64: Current | G64: 47 | H64: 131.29 | I64: 131.29 | J64: =ROUNDUP(H64*1.1,0)-0.01 -> 144.99 | K64: Glock | L64: Pistol | M64: Pouch | N64: 0.15 | O64: 5.5 | P64: 5 | Q64: 0.5 | R64: USA | S64: 9305.10.0090 | T64: XS DXT2 Big Dot Night Sights offer the best front sight visibility in all lighting conditions. DXT2 Big Dot sights drive focus to the front sight using an industry leading large, high-contrast front and a low profile V-notch rear. DXT2 Big Dot front sights use a patent pending glow dot that absorbs light and glows in low light levels before it is dark enough to see the tritium. Optic Orange is designed to offer a high-contrast sight picture when shooting in bright light conditions and maintain its visibility in decreasing light levels. To ensure visibility in low light when uncharged, optic orange is primarily based on yellow with a hint of red. The increased surface area of the convex dot increases light absorption, intensifying the charge of the glow properties of the dot. The dot-the “i” sight picture, with a tritium dot in the front sight and a tritium bar in the rear, prevents confusing the front and rear sight in high-stress situations. In most gunfights, the victim and attacker are both moving and the victim’s focus is drawn to the threat. The wide field of view increases visibility of the front sight and of the threat downrange. Outside Diameter Big Dot 0.188"; fits in common holsters. Installation might require filing to fit sight to dovetail, do not use a sight press/pusher tool. Fits Glock models 42, 43, 43X, & 48. | U64: Steel sight with blued finish | V64: Green tritium front and rear | W64: Optic Orange photoluminescent ring front | X64: Snag-free design | Y64: Limited Lifetime Warranty | AC64: No | AD64: Yes | AE64: Lead | AF64: Warning Cancer and Reproductive Harm - www.p65warnings.ca.gov | AG64: WARNING-Cancer and Reproductive Harm – www.P65Warnings.ca.gov | AH64: https://www.dropbox.com/s/qqvtkjmid6nmcsw/GL-0009S-5N%20top-angle2.png?dl=0 | AJ64: https://www.dropbox.com/s/jcbllkmvlwoboch/DXT2%20GL%20orange%20back.png?dl=0 | AL64: https://www.dropbox.com/s/7aoazwdx2vqg5hx/GL-0015P-5N%20Composite%20low.jpg?dl=0 | AM64: https://xssights.com/content/Install%20Instructions/General%20Handgun%20Installation.pdf
A65: DXT2 | B65: =_xlfn.XLOOKUP(C65,'Kit to Family'!A:A,'Kit to Family'!G:G) -> Std | C65: GL-0011S-5Y | D65: DXT2 Big Dot Yellow - Glock 42, 43, 43X, & 48 | E65: 647533046176 | F65: Current | H65: 131.29 | I65: 131.29 | J65: =ROUNDUP(H65*1.1,0)-0.01 -> 144.99 | K65: Glock | L65: Pistol | M65: Pouch | N65: 0.15 | O65: 5.5 | P65: 5 | Q65: 0.5 | R65: USA | S65: 9305.10.0090 | T65: XS DXT2 Big Dot Night Sights offer the best front sight visibility in all lighting conditions. DXT2 Big Dot sights drive focus to the front sight using an industry leading large, high-contrast front and a low profile V-notch rear. DXT2 Big Dot front sights use a patent pending glow dot that absorbs light and glows in low light levels before it is dark enough to see the tritium. Optic Yellow is the best option for low light and has the brightest glow intensity. Primarily based on the white light spectrum, optic yellow is very reflective and will excite the photoluminescent properties of the dot faster than any other color. The increased surface area of the convex dot increases light absorption, intensifying the charge of the glow properties of the dot. The dot-the “i” sight picture, with a tritium dot in the front sight and a tritium bar in the rear, prevents confusing the front and rear sight in high-stress situations. In most gunfights, the victim and attacker are both moving and the victim’s focus is drawn to the threat. The wide field of view increases visibility of the front sight and of the threat downrange. Outside Diameter Big Dot 0.188"; fits in common holsters. Installation might require filing to fit sight to dovetail, do not use a sight press/pusher tool. Fits Glock models 42, 43, 43X, & 48. | U65: Steel sight with blued finish | V65: Green tritium front and rear | W65: Optic Yellow photoluminescent ring front | X65: Snag-free design | Y65: Limited Lifetime Warranty | AC65: No | AD65: Yes | AE65: Lead | AF65: Warning Cancer and Reproductive Harm - www.p65warnings.ca.gov | AG65: WARNING-Cancer and Reproductive Harm – www.P65Warnings.ca.gov | AH65: https://www.dropbox.com/home/XS%20Marketing%20Media%20Library/Photos%20and%20Media/Handgun%20Sights/Glock/DXT2?preview=GL-0009S-5Y+top-angle2.png | AK65: https://www.dropbox.com/s/ap3qavsemz4utl9/GL%20DXT2%20Yellow.png?dl=0 | AL65: https://www.dropbox.com/s/ny0f9g3ak2cm1kj/GL-0015P-5Y%20%20Composite%20low.jpg?dl=0 | AM65: https://xssights.com/content/Install%20Instructions/General%20Handgun%20Installation.pdf
A66: DXT2 | B66: =_xlfn.XLOOKUP(C66,'Kit to Family'!A:A,'Kit to Family'!G:G) -> Std | C66: GL-0011S-6G | D66: DXT2 Standard Dot Green - Glock 42, 43, 43X, & 48 | E66: 647533011600 | F66: Current | H66: 131.29 | I66: 131.29 | J66: =ROUNDUP(H66*1.1,0)-0.01 -> 144.99 | K66: Glock | L66: Pistol | M66: Pouch | N66: 0.15 | O66: 5.5 | P66: 5 | Q66: 0.5 | R66: USA | S66: 9305.10.0090 | T66: XS DXT2 Standard Dot Night Sights offer superior front sight visibility in all lighting conditions. DXT2 Standard Dot sights drive focus to the front sight using a high-contrast front and a low profile V-notch rear. DXT2 Standard Dot front sights use a patent pending glow dot that absorbs light and glows in low light levels before it is dark enough to see the tritium. The increased surface area of the convex dot increases light absorption, intensifying the charge of the glow properties of the dot. The dot-the “i” sight picture, with a tritium dot in the front sight and a tritium bar in the rear, prevents confusing the front and rear sight in high-stress situations. In most gunfights, the victim and attacker are both moving and the victim’s focus is drawn to the threat. The wide field of view increases visibility of the front sight and of the threat downrange. Outside Diameter Standard Dot 0.140"; fits in common holsters. Installation might require filing to fit sight to dovetail, do not use a sight press/pusher tool. Fits Glock models 42, 43, 43X, & 48. | U66: Steel sight with blued finish | V66: Green tritium front and rear | W66: Green photoluminescent ring front | X66: Snag-free design | Y66: Limited Lifetime Warranty | AC66: No | AD66: Yes | AE66: Lead | AF66: Warning Cancer and Reproductive Harm - www.p65warnings.ca.gov | AG66: WARNING-Cancer and Reproductive Harm – www.P65Warnings.ca.gov | AH66: https://www.dropbox.com/s/0x8wf2xccmg9rjm/GL-0009S-6G%20top-angle.png?dl=0 | AI66: https://www.dropbox.com/s/kvvu1fidjwhucka/Gl-0010S-6G%20angle%2020200618.png?dl=0 | AJ66: https://www.dropbox.com/s/lakmql75wri4pay/Gl-0011S-6G%20back%2020200618.png?dl=0 | AK66: https://www.dropbox.com/s/j5b42h5sxw3utfc/GL%20DXT2%20Green.png?dl=0 | AL66: https://www.dropbox.com/s/c0g8znqunz6om53/GL-0015P-6G%20%20Composite%20low.jpg?dl=0 | AM66: https://xssights.com/content/Install%20Instructions/General%20Handgun%20Installation.pdf
A67: DXT2 | B67: =_xlfn.XLOOKUP(C67,'Kit to Family'!A:A,'Kit to Family'!G:G) -> Std | C67: HK-0015S-5N | D67: DXT2 Big Dot Orange - HK P7 M8 & M13 | E67: 647533011822 | F67: Phaseout | H67: 131.29 | J67: =ROUNDUP(H67*1.1,0)-0.01 -> 144.99 | K67: HK | L67: Pistol | M67: Pouch | N67: 0.15 | O67: 5.5 | P67: 5 | Q67: 0.5 | R67: USA | S67: 9305.10.0090 | T67: XS DXT2 Big Dot Night Sights offer the best front sight visibility in all lighting conditions. DXT2 Big Dot sights drive focus to the front sight using an industry leading large, high-contrast front and a low profile V-notch rear. DXT2 Big Dot front sights use a patent pending glow dot that absorbs light and glows in low light levels before it is dark enough to see the tritium. Optic Orange is designed to offer a high-contrast sight picture when shooting in bright light conditions and maintain its visibility in decreasing light levels. To ensure visibility in low light when uncharged, optic orange is primarily based on yellow with a hint of red. The increased surface area of the convex dot increases light absorption, intensifying the charge of the glow properties of the dot. The dot-the “i” sight picture, with a tritium dot in the front sight and a tritium bar in the rear, prevents confusing the front and rear sight in high-stress situations. In most gunfights, the victim and attacker are both moving and the victim’s focus is drawn to the threat. The wide field of view increases visibility of the front sight and of the threat downrange. Outside Diameter Big Dot 0.188""; fits in common holsters. Installation might require filing to fit sight to dovetail, do not use a sight press/pusher tool. Fits HK P7 M8 & M13. | U67: Steel sight with blued finish | V67: Green tritium front and rear | W67: Optic Orange photoluminescent ring front | X67: Snag-free design | Y67: Limited Lifetime Warranty | AC67: No | AD67: Yes | AE67: Lead | AF67: Warning Cancer and Reproductive Harm - www.p65warnings.ca.gov | AG67: WARNING-Cancer and Reproductive Harm – www.P65Warnings.ca.gov | AH67: https://www.dropbox.com/s/oc7wgotmvub89i8/HK-0015S-5N%20Composite%20PR.jpg?dl=0 | AL67: https://www.dropbox.com/s/wfgl1en0mdu3lbq/HK-0019S-5N%20composite%20low%2020210517.png?dl=0 | AM67: https://xssights.com/content/Install%20Instructions/General%20Handgun%20Installation.pdf
A68: DXT2 | B68: =_xlfn.XLOOKUP(C68,'Kit to Family'!A:A,'Kit to Family'!G:G) -> Std | C68: HK-0015S-5Y | D68: DXT2 Big Dot Yellow - HK P7 M8 & M13 | E68: 647533011839 | F68: Phaseout | H68: 131.29 | J68: =ROUNDUP(H68*1.1,0)-0.01 -> 144.99 | K68: HK | L68: Pistol | M68: Pouch | N68: 0.15 | O68: 5.5 | P68: 5 | Q68: 0.5 | R68: USA | S68: 9305.10.0090 | T68: XS DXT2 Big Dot Night Sights offer the best front sight visibility in all lighting conditions. DXT2 Big Dot sights drive focus to the front sight using an industry leading large, high-contrast front and a low profile V-notch rear. DXT2 Big Dot front sights use a patent pending glow dot that absorbs light and glows in low light levels before it is dark enough to see the tritium. Optic Yellow is the best option for low light and has the brightest glow intensity. Primarily based on the white light spectrum, optic yellow is very reflective and will excite the photoluminescent properties of the dot faster than any other color. The increased surface area of the convex dot increases light absorption, intensifying the charge of the glow properties of the dot. The dot-the “i” sight picture, with a tritium dot in the front sight and a tritium bar in the rear, prevents confusing the front and rear sight in high-stress situations. In most gunfights, the victim and attacker are both moving and the victim’s focus is drawn to the threat. The wide field of view increases visibility of the front sight and of the threat downrange. Outside Diameter Big Dot 0.188"; fits in common holsters. Installation might require filing to fit sight to dovetail, do not use a sight press/pusher tool. Fits HK P7 M8 & M13. | U68: Steel sight with blued finish | V68: Green tritium front and rear | W68: Optic Yellow photoluminescent ring front | X68: Snag-free design | Y68: Limited Lifetime Warranty | AC68: No | AD68: Yes | AE68: Lead | AF68: Warning Cancer and Reproductive Harm - www.p65warnings.ca.gov | AG68: WARNING-Cancer and Reproductive Harm – www.P65Warnings.ca.gov | AH68: https://www.dropbox.com/s/nka84uunuccu739/HK-0015S-5Y%20Composite%20PR.jpg?dl=0 | AL68: https://www.dropbox.com/s/917y9xzwx4t240w/HK-0019S-5Y%20composite%20low%2020210517.png?dl=0 | AM68: https://xssights.com/content/Install%20Instructions/General%20Handgun%20Installation.pdf
A69: DXT2 | B69: =_xlfn.XLOOKUP(C69,'Kit to Family'!A:A,'Kit to Family'!G:G) -> Std | C69: HK-0016S-5N | D69: DXT2 Big Dot Orange - HK P7 PSP | E69: 647533011921 | F69: Phaseout | H69: 131.29 | J69: =ROUNDUP(H69*1.1,0)-0.01 -> 144.99 | K69: HK | L69: Pistol | M69: Pouch | N69: 0.15 | O69: 5.5 | P69: 5 | Q69: 0.5 | R69: USA | S69: 9305.10.0090 | T69: XS DXT2 Big Dot Night Sights offer the best front sight visibility in all lighting conditions. DXT2 Big Dot sights drive focus to the front sight using an industry leading large, high-contrast front and a low profile V-notch rear. DXT2 Big Dot front sights use a patent pending glow dot that absorbs light and glows in low light levels before it is dark enough to see the tritium. Optic Orange is designed to offer a high-contrast sight picture when shooting in bright light conditions and maintain its visibility in decreasing light levels. To ensure visibility in low light when uncharged, optic orange is primarily based on yellow with a hint of red. The increased surface area of the convex dot increases light absorption, intensifying the charge of the glow properties of the dot. The dot-the “i” sight picture, with a tritium dot in the front sight and a tritium bar in the rear, prevents confusing the front and rear sight in high-stress situations. In most gunfights, the victim and attacker are both moving and the victim’s focus is drawn to the threat. The wide field of view increases visibility of the front sight and of the threat downrange. Outside Diameter Big Dot 0.188""; fits in common holsters. Installation might require filing to fit sight to dovetail, do not use a sight press/pusher tool. Fits HK P7 PSP. | U69: Steel sight with blued finish | V69: Green tritium front and rear | W69: Optic Orange photoluminescent ring front | X69: Snag-free design | Y69: Limited Lifetime Warranty | AC69: No | AD69: Yes | AE69: Lead | AF69: Warning Cancer and Reproductive Harm - www.p65warnings.ca.gov | AG69: WARNING-Cancer and Reproductive Harm – www.P65Warnings.ca.gov | AH69: https://www.dropbox.com/s/oc7wgotmvub89i8/HK-0015S-5N%20Composite%20PR.jpg?dl=0 | AL69: https://www.dropbox.com/s/wfgl1en0mdu3lbq/HK-0019S-5N%20composite%20low%2020210517.png?dl=0 | AM69: https://xssights.com/content/Install%20Instructions/General%20Handgun%20Installation.pdf
A70: DXT2 | B70: =_xlfn.XLOOKUP(C70,'Kit to Family'!A:A,'Kit to Family'!G:G) -> Std | C70: HK-0016S-5Y | D70: DXT2 Big Dot Yellow - HK P7 PSP | E70: 647533011938 | F70: Phaseout | H70: 131.29 | J70: =ROUNDUP(H70*1.1,0)-0.01 -> 144.99 | K70: HK | L70: Pistol | M70: Pouch | N70: 0.15 | O70: 5.5 | P70: 5 | Q70: 0.5 | R70: USA | S70: 9305.10.0090 | T70: XS DXT2 Big Dot Night Sights offer the best front sight visibility in all lighting conditions. DXT2 Big Dot sights drive focus to the front sight using an industry leading large, high-contrast front and a low profile V-notch rear. DXT2 Big Dot front sights use a patent pending glow dot that absorbs light and glows in low light levels before it is dark enough to see the tritium. Optic Orange is designed to offer a high-contrast sight picture when shooting in bright light conditions and maintain its visibility in decreasing light levels. To ensure visibility in low light when uncharged, optic orange is primarily based on yellow with a hint of red. The increased surface area of the convex dot increases light absorption, intensifying the charge of the glow properties of the dot. The dot-the “i” sight picture, with a tritium dot in the front sight and a tritium bar in the rear, prevents confusing the front and rear sight in high-stress situations. In most gunfights, the victim and attacker are both moving and the victim’s focus is drawn to the threat. The wide field of view increases visibility of the front sight and of the threat downrange. Outside Diameter Big Dot 0.188""; fits in common holsters. Installation might require filing to fit sight to dovetail, do not use a sight press/pusher tool. Fits HK P7 PSP. | U70: Steel sight with blued finish | V70: Green tritium front and rear | W70: Optic Yellow photoluminescent ring front | X70: Snag-free design | Y70: Limited Lifetime Warranty | AC70: No | AD70: Yes | AE70: Lead | AF70: Warning Cancer and Reproductive Harm - www.p65warnings.ca.gov | AG70: WARNING-Cancer and Reproductive Harm – www.P65Warnings.ca.gov | AH70: https://www.dropbox.com/s/nka84uunuccu739/HK-0015S-5Y%20Composite%20PR.jpg?dl=0 | AL70: https://www.dropbox.com/s/917y9xzwx4t240w/HK-0019S-5Y%20composite%20low%2020210517.png?dl=0 | AM70: https://xssights.com/content/Install%20Instructions/General%20Handgun%20Installation.pdf
A71: DXT2 | B71: =_xlfn.XLOOKUP(C71,'Kit to Family'!A:A,'Kit to Family'!G:G) -> Std | C71: HK-0018S-5Y | D71: DXT2 Big Dot Yellow - HK P2000 SK | E71: 647533011853 | F71: Current | H71: 131.29 | I71: 131.29 | J71: =ROUNDUP(H71*1.1,0)-0.01 -> 144.99 | K71: HK | L71: Pistol | M71: Pouch | N71: 0.15 | O71: 5.5 | P71: 5 | Q71: 0.5 | R71: USA | S71: 9305.10.0090 | T71: XS DXT2 Big Dot Night Sights offer the best front sight visibility in all lighting conditions. DXT2 Big Dot sights drive focus to the front sight using an industry leading large, high-contrast front and a low profile V-notch rear. DXT2 Big Dot front sights use a patent pending glow dot that absorbs light and glows in low light levels before it is dark enough to see the tritium. Optic Yellow is the best option for low light and has the brightest glow intensity. Primarily based on the white light spectrum, optic yellow is very reflective and will excite the photoluminescent properties of the dot faster than any other color. The increased surface area of the convex dot increases light absorption, intensifying the charge of the glow properties of the dot. The dot-the “i” sight picture, with a tritium dot in the front sight and a tritium bar in the rear, prevents confusing the front and rear sight in high-stress situations. In most gunfights, the victim and attacker are both moving and the victim’s focus is drawn to the threat. The wide field of view increases visibility of the front sight and of the threat downrange. Outside Diameter Big Dot 0.188"; fits in common holsters. Installation might require filing to fit sight to dovetail, do not use a sight press/pusher tool. Fits HK P2000 SK. | U71: Steel sight with blued finish | V71: Green tritium front and rear | W71: Optic Yellow photoluminescent ring front | X71: Snag-free design | Y71: Limited Lifetime Warranty | AC71: No | AD71: Yes | AE71: Lead | AF71: Warning Cancer and Reproductive Harm - www.p65warnings.ca.gov | AG71: WARNING-Cancer and Reproductive Harm – www.P65Warnings.ca.gov | AH71: https://www.dropbox.com/s/m1suelxm8hokhj6/HK-0018S-5Y%20top-angle%2020200828.png?dl=0 | AI71: https://www.dropbox.com/s/lyv6x2qxzjmy4r8/HK-0018S-5Y%20angle%2020200828.png?dl=0 | AJ71: https://www.dropbox.com/s/chya0t7qkzaxfnd/HK-0018S-5Y%20composite%2020200828.png?dl=0 | AK71: https://www.dropbox.com/s/chya0t7qkzaxfnd/HK-0018S-5Y%20composite%2020200828.png?dl=0 | AL71: https://www.dropbox.com/s/ey2lq2wbnz9c64z/HK-0018S-5Y%20Composite%20low.jpg?dl=0 | AM71: https://xssights.com/content/Install%20Instructions/General%20Handgun%20Installation.pdf
A72: DXT2 | B72: =_xlfn.XLOOKUP(C72,'Kit to Family'!A:A,'Kit to Family'!G:G) -> Std | C72: HK-0019S-5N | D72: DXT2 Big Dot Orange - HK P30, 45, 45C & VP9 | E72: 647533011860 | F72: Current | H72: 131.29 | I72: 131.29 | J72: =ROUNDUP(H72*1.1,0)-0.01 -> 144.99 | K72: HK | L72: Pistol | M72: Pouch | N72: 0.15 | O72: 5.5 | P72: 5 | Q72: 0.5 | R72: USA | S72: 9305.10.0090 | T72: XS DXT2 Big Dot Night Sights offer the best front sight visibility in all lighting conditions. DXT2 Big Dot sights drive focus to the front sight using an industry leading large, high-contrast front and a low profile V-notch rear. DXT2 Big Dot front sights use a patent pending glow dot that absorbs light and glows in low light levels before it is dark enough to see the tritium. Optic Orange is designed to offer a high-contrast sight picture when shooting in bright light conditions and maintain its visibility in decreasing light levels. To ensure visibility in low light when uncharged, optic orange is primarily based on yellow with a hint of red. The increased surface area of the convex dot increases light absorption, intensifying the charge of the glow properties of the dot. The dot-the “i” sight picture, with a tritium dot in the front sight and a tritium bar in the rear, prevents confusing the front and rear sight in high-stress situations. In most gunfights, the victim and attacker are both moving and the victim’s focus is drawn to the threat. The wide field of view increases visibility of the front sight and of the threat downrange. Outside Diameter Big Dot 0.188""; fits in common holsters. Installation might require filing to fit sight to dovetail, do not use a sight press/pusher tool. Fits HK P30, P30SK, P45, P45C, VP9, & VP9SK. Does not fit new VP9 Optic Ready versions. | U72: Steel sight with blued finish | V72: Green tritium front and rear | W72: Optic Orange photoluminescent ring front | X72: Snag-free design | Y72: Limited Lifetime Warranty | AC72: No | AD72: Yes | AE72: Lead | AF72: Warning Cancer and Reproductive Harm - www.p65warnings.ca.gov | AG72: WARNING-Cancer and Reproductive Harm – www.P65Warnings.ca.gov | AH72: https://www.dropbox.com/s/ylihdbx4zqz1ock/HK-0019S-5N%20angle%2020200828.png?dl=0 | AI72: https://www.dropbox.com/s/qqzj69du4np0k6k/HK-0019S-5N%20back%2020200828.png?dl=0 | AJ72: https://www.dropbox.com/s/qqzj69du4np0k6k/HK-0019S-5N%20back%2020200828.png?dl=0 | AK72: https://www.dropbox.com/s/mshmigpiy6qgvhc/HK-0019S-5N%20composite%2020200828.png?dl=0 | AL72: https://www.dropbox.com/s/wfgl1en0mdu3lbq/HK-0019S-5N%20composite%20low%2020210517.png?dl=0 | AM72: https://xssights.com/content/Install%20Instructions/General%20Handgun%20Installation.pdf
A73: DXT2 | B73: =_xlfn.XLOOKUP(C73,'Kit to Family'!A:A,'Kit to Family'!G:G) -> Std | C73: HK-0019S-5Y | D73: DXT2 Big Dot Yellow - HK P30, 45, 45C & VP9 | E73: 647533011877 | F73: Current | H73: 131.29 | I73: 131.29 | J73: =ROUNDUP(H73*1.1,0)-0.01 -> 144.99 | K73: HK | L73: Pistol | M73: Pouch | N73: 0.15 | O73: 5.5 | P73: 5 | Q73: 0.5 | R73: USA | S73: 9305.10.0090 | T73: XS DXT2 Big Dot Night Sights offer the best front sight visibility in all lighting conditions. DXT2 Big Dot sights drive focus to the front sight using an industry leading large, high-contrast front and a low profile V-notch rear. DXT2 Big Dot front sights use a patent pending glow dot that absorbs light and glows in low light levels before it is dark enough to see the tritium. Optic Yellow is the best option for low light and has the brightest glow intensity. Primarily based on the white light spectrum, optic yellow is very reflective and will excite the photoluminescent properties of the dot faster than any other color. The increased surface area of the convex dot increases light absorption, intensifying the charge of the glow properties of the dot. The dot-the “i” sight picture, with a tritium dot in the front sight and a tritium bar in the rear, prevents confusing the front and rear sight in high-stress situations. In most gunfights, the victim and attacker are both moving and the victim’s focus is drawn to the threat. The wide field of view increases visibility of the front sight and of the threat downrange. Outside Diameter Big Dot 0.188"; fits in common holsters. Installation might require filing to fit sight to dovetail, do not use a sight press/pusher tool. Fits HK P30, P30SK, P45, P45C, VP9, & VP9SK. Does not fit new VP9 Optic Ready versions. | U73: Steel sight with blued finish | V73: Green tritium front and rear | W73: Optic Yellow photoluminescent ring front | X73: Snag-free design | Y73: Limited Lifetime Warranty | AC73: No | AD73: Yes | AE73: Lead | AF73: Warning Cancer and Reproductive Harm - www.p65warnings.ca.gov | AG73: WARNING-Cancer and Reproductive Harm – www.P65Warnings.ca.gov | AH73: https://www.dropbox.com/s/n8g1j4mhlftiheu/HK-0019S-5Y%20angle%2020200828.png?dl=0 | AI73: https://www.dropbox.com/s/n8g1j4mhlftiheu/HK-0019S-5Y%20angle%2020200828.png?dl=0 | AJ73: https://www.dropbox.com/s/40wly4asg0lnmf0/HK-0019S-5Y%20composite%2020200828.png?dl=0 | AK73: https://www.dropbox.com/s/40wly4asg0lnmf0/HK-0019S-5Y%20composite%2020200828.png?dl=0 | AL73: https://www.dropbox.com/s/917y9xzwx4t240w/HK-0019S-5Y%20composite%20low%2020210517.png?dl=0 | AM73: https://xssights.com/content/Install%20Instructions/General%20Handgun%20Installation.pdf
A74: DXT2 | B74: =_xlfn.XLOOKUP(C74,'Kit to Family'!A:A,'Kit to Family'!G:G) -> Std | C74: HK-0020S-5Y | D74: DXT2 Big Dot Yellow - HK USP | E74: 647533011884 | F74: Current | H74: 131.29 | I74: 131.29 | J74: =ROUNDUP(H74*1.1,0)-0.01 -> 144.99 | K74: HK | L74: Pistol | M74: Pouch | N74: 0.15 | O74: 5.5 | P74: 5 | Q74: 0.5 | R74: USA | S74: 9305.10.0090 | T74: XS DXT2 Big Dot Night Sights offer the best front sight visibility in all lighting conditions. DXT2 Big Dot sights drive focus to the front sight using an industry leading large, high-contrast front and a low profile V-notch rear. DXT2 Big Dot front sights use a patent pending glow dot that absorbs light and glows in low light levels before it is dark enough to see the tritium. Optic Yellow is the best option for low light and has the brightest glow intensity. Primarily based on the white light spectrum, optic yellow is very reflective and will excite the photoluminescent properties of the dot faster than any other color. The increased surface area of the convex dot increases light absorption, intensifying the charge of the glow properties of the dot. The dot-the “i” sight picture, with a tritium dot in the front sight and a tritium bar in the rear, prevents confusing the front and rear sight in high-stress situations. In most gunfights, the victim and attacker are both moving and the victim’s focus is drawn to the threat. The wide field of view increases visibility of the front sight and of the threat downrange. Outside Diameter Big Dot 0.188"; fits in common holsters. Installation might require filing to fit sight to dovetail, do not use a sight press/pusher tool. Fits HK USP and USP Compact. Note that rear sight sits very low in USP Compact and only part of the stripe is visible. | U74: Steel sight with blued finish | V74: Green tritium front and rear | W74: Optic Yellow photoluminescent ring front | X74: Snag-free design | Y74: Limited Lifetime Warranty | AC74: No | AD74: Yes | AE74: Lead | AF74: Warning Cancer and Reproductive Harm - www.p65warnings.ca.gov | AG74: WARNING-Cancer and Reproductive Harm – www.P65Warnings.ca.gov | AH74: https://www.dropbox.com/s/p7dn4lcl813qtfz/HK-0020S-5Y%20top-angle%2020200828.png?dl=0 | AI74: https://www.dropbox.com/s/qcvo58rp5b73jva/HK-0020S-5Y%20back%2020200828.png?dl=0 | AJ74: https://www.dropbox.com/s/yy3aquggvoh1tlz/HK-0020S-5Y%20composite%2020200828.png?dl=0 | AK74: https://www.dropbox.com/s/yy3aquggvoh1tlz/HK-0020S-5Y%20composite%2020200828.png?dl=0 | AL74: https://www.dropbox.com/s/917y9xzwx4t240w/HK-0019S-5Y%20composite%20low%2020210517.png?dl=0 | AM74: https://xssights.com/content/Install%20Instructions/General%20Handgun%20Installation.pdf
A75: DXT2 | B75: =_xlfn.XLOOKUP(C75,'Kit to Family'!A:A,'Kit to Family'!G:G) -> Std | C75: KA-0009S-5Y | D75: DXT2 Big Dot Yellow - Kahr Post 04 E & CW, Requires DVTL cut | E75: 647533012324 | F75: Phaseout | H75: 131.29 | J75: =ROUNDUP(H75*1.1,0)-0.01 -> 144.99 | K75: Kahr | L75: Pistol | M75: Pouch | N75: 0.15 | O75: 5.5 | P75: 5 | Q75: 0.5 | R75: USA | S75: 9305.10.0090 | T75: XS DXT2 Big Dot Night Sights offer the best front sight visibility in all lighting conditions. DXT2 Big Dot sights drive focus to the front sight using an industry leading large, high-contrast front and a low profile V-notch rear. DXT2 Big Dot front sights use a patent pending glow dot that absorbs light and glows in low light levels before it is dark enough to see the tritium. Optic Yellow is the best option for low light and has the brightest glow intensity. Primarily based on the white light spectrum, optic yellow is very reflective and will excite the photoluminescent properties of the dot faster than any other color. The increased surface area of the convex dot increases light absorption, intensifying the charge of the glow properties of the dot. The dot-the “i” sight picture, with a tritium dot in the front sight and a tritium bar in the rear, prevents confusing the front and rear sight in high-stress situations. In most gunfights, the victim and attacker are both moving and the victim’s focus is drawn to the threat. The wide field of view increases visibility of the front sight and of the threat downrange. Outside Diameter Big Dot 0.188"; fits in common holsters. Installation requires cutting .330 x 65° x .075 dovetail; might require filing to fit sight to dovetail, do not use a sight press/pusher tool. Fits Kahr pistols with staked front (ie. CW, E series). | U75: Steel sight with blued finish | V75: Green tritium front and rear | W75: Optic Yellow photoluminescent ring front | X75: Snag-free design | Y75: Limited Lifetime Warranty | AC75: No | AD75: Yes | AE75: Lead | AF75: Warning Cancer and Reproductive Harm - www.p65warnings.ca.gov | AG75: WARNING-Cancer and Reproductive Harm – www.P65Warnings.ca.gov | AH75: https://www.dropbox.com/s/qo0uy6xs059hub9/KA-0009S-5Y%20angle%2020200728.png?dl=0 | AI75: https://www.dropbox.com/s/9p9fcatawrxqjzy/KA-0009S-5Y%20back%2020200728.png?dl=0 | AJ75: https://www.dropbox.com/s/t4lrxzj2gmi1ew8/KA-0009S-5Y%20composite%2020200728.png?dl=0 | AK75: https://www.dropbox.com/s/t4lrxzj2gmi1ew8/KA-0009S-5Y%20composite%2020200728.png?dl=0 | AL75: https://www.dropbox.com/s/mn418ojcqxeeynn/KA-0008S-5Y%20Composite%20low.jpg?dl=0 | AM75: https://xssights.com/content/Install%20Instructions/General%20Handgun%20Installation.pdf
A76: DXT2 | B76: =_xlfn.XLOOKUP(C76,'Kit to Family'!A:A,'Kit to Family'!G:G) -> Std | C76: KB-0006S-5Y | D76: DXT2 Big Dot Yellow - Kimber 1911 Custom 5" & Ultra Carry | E76: 647533012409 | F76: Current | H76: 131.29 | I76: 131.29 | J76: =ROUNDUP(H76*1.1,0)-0.01 -> 144.99 | K76: Kimber | L76: Pistol | M76: Pouch | N76: 0.15 | O76: 5.5 | P76: 5 | Q76: 0.5 | R76: USA | S76: 9305.10.0090 | T76: XS DXT2 Big Dot Night Sights offer the best front sight visibility in all lighting conditions. DXT2 Big Dot sights drive focus to the front sight using an industry leading large, high-contrast front and a low profile V-notch rear. DXT2 Big Dot front sights use a patent pending glow dot that absorbs light and glows in low light levels before it is dark enough to see the tritium. Optic Yellow is the best option for low light and has the brightest glow intensity. Primarily based on the white light spectrum, optic yellow is very reflective and will excite the photoluminescent properties of the dot faster than any other color. The increased surface area of the convex dot increases light absorption, intensifying the charge of the glow properties of the dot. The dot-the “i” sight picture, with a tritium dot in the front sight and a tritium bar in the rear, prevents confusing the front and rear sight in high-stress situations. In most gunfights, the victim and attacker are both moving and the victim’s focus is drawn to the threat. The wide field of view increases visibility of the front sight and of the threat downrange. Outside Diameter Big Dot 0.188"; fits in common holsters. Installation might require filing to fit sight to dovetail, do not use a sight press/pusher tool. Fits Kimber 1911 Custom 5" & Ultra Carry. | U76: Steel sight with blued finish | V76: Green tritium front and rear | W76: Optic Yellow photoluminescent ring front | X76: Snag-free design | Y76: Limited Lifetime Warranty | AC76: No | AD76: Yes | AE76: Lead | AF76: Warning Cancer and Reproductive Harm - www.p65warnings.ca.gov | AG76: WARNING-Cancer and Reproductive Harm – www.P65Warnings.ca.gov | AH76: https://www.dropbox.com/s/2hxt7nwedszlfy0/KB-0006S-5Y%20top-angle%2020200813.png?dl=0 | AI76: https://www.dropbox.com/s/l5aq53kt67o9sb8/KB-0006S-5Y%20angle%2020200813.png?dl=0 | AJ76: https://www.dropbox.com/s/vsqtair2rtgfbf2/KB-0006S-5Y%20back%2020200813.png?dl=0 | AK76: https://www.dropbox.com/s/sqnovpv1mg7e9f3/KB-0006S-5Y%20composite%2020200813.png?dl=0 | AL76: https://www.dropbox.com/s/ucm6z8sdmkraqw3/KB-0007S-5Y%20Composite%20low.jpg?dl=0 | AM76: https://xssights.com/content/Install%20Instructions/General%20Handgun%20Installation.pdf
A77: DXT2 | B77: =_xlfn.XLOOKUP(C77,'Kit to Family'!A:A,'Kit to Family'!G:G) -> Std | C77: KB-0007S-5Y | D77: DXT2 Big Dot Yellow - Kimber 1911 Compact & Pro Carry | E77: 647533012423 | F77: Current | H77: 131.29 | I77: 131.29 | J77: =ROUNDUP(H77*1.1,0)-0.01 -> 144.99 | K77: Kimber | L77: Pistol | M77: Pouch | N77: 0.15 | O77: 5.5 | P77: 5 | Q77: 0.5 | R77: USA | S77: 9305.10.0090 | T77: XS DXT2 Big Dot Night Sights offer the best front sight visibility in all lighting conditions. DXT2 Big Dot sights drive focus to the front sight using an industry leading large, high-contrast front and a low profile V-notch rear. DXT2 Big Dot front sights use a patent pending glow dot that absorbs light and glows in low light levels before it is dark enough to see the tritium. Optic Yellow is the best option for low light and has the brightest glow intensity. Primarily based on the white light spectrum, optic yellow is very reflective and will excite the photoluminescent properties of the dot faster than any other color. The increased surface area of the convex dot increases light absorption, intensifying the charge of the glow properties of the dot. The dot-the “i” sight picture, with a tritium dot in the front sight and a tritium bar in the rear, prevents confusing the front and rear sight in high-stress situations. In most gunfights, the victim and attacker are both moving and the victim’s focus is drawn to the threat. The wide field of view increases visibility of the front sight and of the threat downrange. Outside Diameter Big Dot 0.188"; fits in common holsters. Installation might require filing to fit sight to dovetail, do not use a sight press/pusher tool. Fits Kimber 1911 Compact & Pro Carry. | U77: Steel sight with blued finish | V77: Green tritium front and rear | W77: Optic Yellow photoluminescent ring front | X77: Snag-free design | Y77: Limited Lifetime Warranty | AC77: No | AD77: Yes | AE77: Lead | AF77: Warning Cancer and Reproductive Harm - www.p65warnings.ca.gov | AG77: WARNING-Cancer and Reproductive Harm – www.P65Warnings.ca.gov | AH77: https://www.dropbox.com/s/ttuvjmddjsfmam9/KB-0007S-5Y%20top-angle%2020200813.png?dl=0 | AI77: https://www.dropbox.com/s/ctliyf171d3wwyp/KB-0007S-5Y%20angle%2020200813.png?dl=0 | AJ77: https://www.dropbox.com/s/fziv8zilqa6mylq/KB-0007S-5Y%20back%2020200813.png?dl=0 | AK77: https://www.dropbox.com/s/p9snkvfbt80m656/KB-0007S-5Y%20composite%2020200813.png?dl=0 | AL77: https://www.dropbox.com/s/ucm6z8sdmkraqw3/KB-0007S-5Y%20Composite%20low.jpg?dl=0 | AM77: https://xssights.com/content/Install%20Instructions/General%20Handgun%20Installation.pdf
A78: DXT2 | B78: =_xlfn.XLOOKUP(C78,'Kit to Family'!A:A,'Kit to Family'!G:G) -> Std | C78: KB-0008S-5Y | D78: DXT2 Big Dot Yellow - Kimber Micro 9 & 380 | E78: 647533012447 | F78: Current | H78: 131.29 | I78: 131.29 | J78: =ROUNDUP(H78*1.1,0)-0.01 -> 144.99 | K78: Kimber | L78: Pistol | M78: Pouch | N78: 0.15 | O78: 5.5 | P78: 5 | Q78: 0.5 | R78: USA | S78: 9305.10.0090 | T78: XS DXT2 Big Dot Night Sights offer the best front sight visibility in all lighting conditions. DXT2 Big Dot sights drive focus to the front sight using an industry leading large, high-contrast front and a low profile V-notch rear. DXT2 Big Dot front sights use a patent pending glow dot that absorbs light and glows in low light levels before it is dark enough to see the tritium. Optic Yellow is the best option for low light and has the brightest glow intensity. Primarily based on the white light spectrum, optic yellow is very reflective and will excite the photoluminescent properties of the dot faster than any other color. The increased surface area of the convex dot increases light absorption, intensifying the charge of the glow properties of the dot. The dot-the “i” sight picture, with a tritium dot in the front sight and a tritium bar in the rear, prevents confusing the front and rear sight in high-stress situations. In most gunfights, the victim and attacker are both moving and the victim’s focus is drawn to the threat. The wide field of view increases visibility of the front sight and of the threat downrange. Outside Diameter Big Dot 0.188"; fits in common holsters. Installation might require filing to fit sight to dovetail, do not use a sight press/pusher tool. Fits Kimber Micro. | U78: Steel sight with blued finish | V78: Green tritium front and rear | W78: Optic Yellow photoluminescent ring front | X78: Snag-free design | Y78: Limited Lifetime Warranty | AC78: No | AD78: Yes | AE78: Lead | AF78: Warning Cancer and Reproductive Harm - www.p65warnings.ca.gov | AG78: WARNING-Cancer and Reproductive Harm – www.P65Warnings.ca.gov | AH78: https://www.dropbox.com/s/k714196qordbie5/KB-0008S-5Y%20top-angle%2020200928.png?dl=0 | AI78: https://www.dropbox.com/s/2myn6usb5rmnzt7/KB-0008S-5Y%20angle%2020200928.png?dl=0 | AJ78: https://www.dropbox.com/s/b3m6j4ebk7xgol9/KB-0008S-5Y%20back%2020200928.png?dl=0 | AK78: https://www.dropbox.com/s/b3m6j4ebk7xgol9/KB-0008S-5Y%20back%2020200928.png?dl=0 | AL78: https://www.dropbox.com/s/ucm6z8sdmkraqw3/KB-0007S-5Y%20Composite%20low.jpg?dl=0 | AM78: https://xssights.com/content/Install%20Instructions/General%20Handgun%20Installation.pdf
A79: DXT2 | B79: =_xlfn.XLOOKUP(C79,'Kit to Family'!A:A,'Kit to Family'!G:G) -> Std | C79: MR-X001S-5N | D79: DXT2 Big Dot Orange - Magnum Research STD. HT. Desert Eagle .44 Mag / .50 AE | E79: 647533000901 | F79: Phaseout | H79: 131.29 | J79: =ROUNDUP(H79*1.1,0)-0.01 -> 144.99 | K79: Desert Eagle | L79: Pistol | M79: Pouch | N79: 0.5 | O79: 5.5 | P79: 5 | Q79: 0.5 | R79: USA | S79: 9305.10.0090 | T79: Our DXT2 Night Sights are tritium night sights specifically crafted to enhance the performance of your EDC pistol. These defensive sights are meticulously designed with features to ensure optimal visibility in low-light conditions. The front sight utilizes a unique photoluminescent Glow Dot, which absorbs surrounding light and emits a gentle glow when lighting is limited. The convex shape of the dot provides a larger surface area, maximizing light absorption and intensifying the brightness of the Glow Dot. Our primary objective when designing the DXT2 sights was to make them large and highly visible, addressing common issues such as aging eyes and deteriorating vision. During our testing, we observed that the orange front sight is most visible in daylight, while the yellow variant glows brighter in low-light environments. The rear sight features a shallow V shape, ensuring a simple, low-profile design that offers an extensive field of view. | U79: Tritium Powered front and rear sight | V79: Big Dot measures 01.88" | W79: Glow Dot Absorbs Ambient light and glows in low light | X79: Simple dot-the-"i" sight picute | Y79: Durable CNC machined steel | Z79: 12 year warranty on tritium | AC79: No | AD79: Yes | AE79: Lead | AF79: Warning Cancer and Reproductive Harm - www.p65warnings.ca.gov | AG79: WARNING-Cancer and Reproductive Harm – www.P65Warnings.ca.gov | AH79: https://www.dropbox.com/scl/fi/sr5uyz105cg7lrvci65jo/MR-X001S-5N-top-angle-10162023.png?rlkey=emazq5vphurkvs5elsj0s0gf7&dl=0 | AI79: https://www.dropbox.com/scl/fi/t7akpaisep6dlls6k2jhk/MR-X001S-5N-back-10162023.png?rlkey=sqrjshi2v8n6yhvnwnu38jf0e&dl=0 | AJ79: https://www.dropbox.com/scl/fi/yvyz8sg4ixycmlhbpicll/MR-X001S-5N-composite-10162023.png?rlkey=mreqt32twm7rgcrq0rnrq20a3&dl=0 | AK79: https://www.dropbox.com/scl/fi/g8j3bf10kuumvdbpim2og/MR-X001S-5N-composite-low-10162023.png?rlkey=m1it49603j6cw2xhk4dxdkhg2&dl=0 | AM79: https://xssights.com/content/Install%20Instructions/General%20Handgun%20Installation.pdf
A80: DXT2 | B80: =_xlfn.XLOOKUP(C80,'Kit to Family'!A:A,'Kit to Family'!G:G) -> Std | C80: MR-X001S-5Y | D80: DXT2 Big Dot Yellow - Magnum Research STD. HT. Desert Eagle .44 Mag / .50 AE | E80: 647533000895 | F80: Phaseout | H80: 131.29 | J80: =ROUNDUP(H80*1.1,0)-0.01 -> 144.99 | K80: Desert Eagle | L80: Pistol | M80: Pouch | N80: 0.5 | O80: 5.5 | P80: 5 | Q80: 0.5 | R80: USA | S80: 9305.10.0090 | T80: Our DXT2 Night Sights are tritium night sights specifically crafted to enhance the performance of your EDC pistol. These defensive sights are meticulously designed with features to ensure optimal visibility in low-light conditions. The front sight utilizes a unique photoluminescent Glow Dot, which absorbs surrounding light and emits a gentle glow when lighting is limited. The convex shape of the dot provides a larger surface area, maximizing light absorption and intensifying the brightness of the Glow Dot. Our primary objective when designing the DXT2 sights was to make them large and highly visible, addressing common issues such as aging eyes and deteriorating vision. During our testing, we observed that the orange front sight is most visible in daylight, while the yellow variant glows brighter in low-light environments. The rear sight features a shallow V shape, ensuring a simple, low-profile design that offers an extensive field of view. | U80: Tritium Powered front and rear sight | V80: Big Dot measures 01.88" | W80: Glow Dot Absorbs Ambient light and glows in low light | X80: Simple dot-the-"i" sight picute | Y80: Durable CNC machined steel | Z80: 12 year warranty on tritium | AC80: No | AD80: Yes | AE80: Lead | AF80: Warning Cancer and Reproductive Harm - www.p65warnings.ca.gov | AG80: WARNING-Cancer and Reproductive Harm – www.P65Warnings.ca.gov | AH80: https://www.dropbox.com/scl/fi/yppis0ynja7t2ab3yzqo0/MR-X001S-5Y-top-angle-10162023.png?rlkey=85mwyje5iwthtbtokny4xvkjx&dl=0 | AI80: https://www.dropbox.com/scl/fi/szshzjjt0k3r0f4kg0jxx/MR-X001S-5Y-back-10162023.png?rlkey=lvitdrzk5s6djo19irnzf9fw6&dl=0 | AJ80: https://www.dropbox.com/scl/fi/p478fqj3hmc3nfwyxph1s/MR-X001S-5Y-composite-10162023.png?rlkey=19j2vwon7ivuui7vcpm41vh6l&dl=0 | AK80: https://www.dropbox.com/scl/fi/46zcjn74jwzgi3clrb1g9/MR-X001S-5Y-composite-low-10162023.png?rlkey=yx09oeiu9gs92xg2h3n3mvgyb&dl=0 | AM80: https://xssights.com/content/Install%20Instructions/General%20Handgun%20Installation.pdf
A81: DXT2 | B81: =_xlfn.XLOOKUP(C81,'Kit to Family'!A:A,'Kit to Family'!G:G) -> Std | C81: SI-0013S-5Y | D81: DXT2 Big Dot Yellow - Sig P320, P226, P229; Springfield XD(M)(S)(E), HellCat; FN 509 | E81: 647533046251 | F81: Current | H81: 131.29 | I81: 131.29 | J81: =ROUNDUP(H81*1.1,0)-0.01 -> 144.99 | K81: Sig | L81: Pistol | M81: Pouch | N81: 0.15 | O81: 5.5 | P81: 5 | Q81: 0.5 | R81: USA | S81: 9305.10.0090 | T81: XS DXT2 Big Dot Night Sights offer the best front sight visibility in all lighting conditions. DXT2 Big Dot sights drive focus to the front sight using an industry leading large, high-contrast front and a low profile V-notch rear. DXT2 Big Dot front sights use a patent pending glow dot that absorbs light and glows in low light levels before it is dark enough to see the tritium. Optic Yellow is the best option for low light and has the brightest glow intensity. Primarily based on the white light spectrum, optic yellow is very reflective and will excite the photoluminescent properties of the dot faster than any other color. The increased surface area of the convex dot increases light absorption, intensifying the charge of the glow properties of the dot. The dot-the “i” sight picture, with a tritium dot in the front sight and a tritium bar in the rear, prevents confusing the front and rear sight in high-stress situations. In most gunfights, the victim and attacker are both moving and the victim’s focus is drawn to the threat. The wide field of view increases visibility of the front sight and of the threat downrange. Outside Diameter Big Dot 0.188""; fits in common holsters. Installation might require filing to fit sight to dovetail, do not use a sight press/pusher tool. Fits Sig P320, P225, P226, P228 P229, SP2009, SP2340; Springfield XD, XD-M (not adjustable rear), XD-S, XD-S MOD.2, XD-E, HellCat (WILL NOT work on the OSP Hellcat); FN 509. | U81: Steel sight with blued finish | V81: Green tritium front and rear | W81: Optic Yellow photoluminescent ring front | X81: Snag-free design | Y81: Limited Lifetime Warranty | AC81: No | AD81: Yes | AE81: Lead | AF81: Warning Cancer and Reproductive Harm - www.p65warnings.ca.gov | AG81: WARNING-Cancer and Reproductive Harm – www.P65Warnings.ca.gov | AH81: https://www.dropbox.com/s/13ousw8gd9qmoi2/SI-0013S-5Y%20top-angle%2020200724.png?dl=0 | AI81: https://www.dropbox.com/s/wq1p09dsegcimae/SI-0016S-5Y%20angle%2020200612.png?dl=0 | AJ81: https://www.dropbox.com/s/8z7xiolnfzar47o/SI-0013S-5Y%20back%2020201029.png?dl=0 | AK81: https://www.dropbox.com/s/mpwc8dlnyfp0n9q/SI-0013S-5Y%20composite%2020200724.png?dl=0 | AL81: https://www.dropbox.com/s/kwva8op1ktucvhz/SI-0013S-5Y%20composite%20low.png?dl=0 | AM81: https://xssights.com/content/Install%20Instructions/General%20Handgun%20Installation.pdf
A82: DXT2 | B82: =_xlfn.XLOOKUP(C82,'Kit to Family'!A:A,'Kit to Family'!G:G) -> Std | C82: SW-0039S-5N | D82: DXT2 Big Dot Orange - S&W M&P OR: Full Size, Compact | E82: 647533011341 | F82: Current | H82: 131.29 | I82: 131.29 | J82: =ROUNDUP(H82*1.1,0)-0.01 -> 144.99 | K82: S&W | L82: Pistol | M82: Pouch | N82: 0.5 | O82: 5.5 | P82: 5 | Q82: 0.5 | R82: USA | S82: 9305.10.0090 | T82: XS DXT2 Big Dot Night Sights offer the best front sight visibility in all lighting conditions. DXT2 Big Dot sights drive focus to the front sight using an industry leading large, high-contrast front and a low profile V-notch rear. DXT2 Big Dot front sights use a patent pending glow dot that absorbs light and glows in low light levels before it is dark enough to see the tritium. Optic Orange is designed to offer a high-contrast sight picture when shooting in bright light conditions and maintain its visibility in decreasing light levels. To ensure visibility in low light when uncharged, optic orange is primarily based on yellow with a hint of red. The increased surface area of the convex dot increases light absorption, intensifying the charge of the glow properties of the dot. The dot-the “i” sight picture, with a tritium dot in the front sight and a tritium bar in the rear, prevents confusing the front and rear sight in high-stress situations. In most gunfights, the victim and attacker are both moving and the victim’s focus is drawn to the threat. The wide field of view increases visibility of the front sight and of the threat downrange. Outside Diameter Big Dot 0.188"; fits in common holsters. Installation might require filing to fit sight to dovetail. Fits S&W M&P Optic Ready handguns, full size and compact. | U82: Steel sight with blued finish | V82: Green tritium front and rear | W82: Optic Orange photoluminescent ring front | X82: Snag-free design | Y82: Limited Lifetime Warranty | AC82: No | AD82: Yes | AE82: Lead | AF82: Warning Cancer and Reproductive Harm - www.p65warnings.ca.gov | AG82: WARNING-Cancer and Reproductive Harm – www.P65Warnings.ca.gov | AH82: https://www.dropbox.com/s/9649zklea9jxt4x/SW-0039S-5N%20top-angle.png?dl=0 | AK82: https://www.dropbox.com/s/76rcvfcgvhsu48d/SW-0031S-5N%20composite%2020200724.png?dl=0 | AL82: https://www.dropbox.com/s/dil19ytxplth5ky/SW-0040S-5N%20Composite%20low%2009162022.jpg?dl=0 | AM82: https://xssights.com/content/Install%20Instructions/General%20Handgun%20Installation.pdf
A83: DXT2 | B83: =_xlfn.XLOOKUP(C83,'Kit to Family'!A:A,'Kit to Family'!G:G) -> Std | C83: SW-0039S-5Y | D83: DXT2 Big Dot Yellow - S&W M&P OR: Full Size, Compact | E83: 647533011358 | F83: Current | H83: 131.29 | I83: 131.29 | J83: =ROUNDUP(H83*1.1,0)-0.01 -> 144.99 | K83: S&W | L83: Pistol | M83: Pouch | N83: 0.5 | O83: 5.5 | P83: 5 | Q83: 0.5 | R83: USA | S83: 9305.10.0090 | T83: XS DXT2 Big Dot Night Sights offer the best front sight visibility in all lighting conditions. DXT2 Big Dot sights drive focus to the front sight using an industry leading large, high-contrast front and a low profile V-notch rear. DXT2 Big Dot front sights use a patent pending glow dot that absorbs light and glows in low light levels before it is dark enough to see the tritium. Optic Yellow is the best option for low light and has the brightest glow intensity. Primarily based on the white light spectrum, optic yellow is very reflective and will excite the photoluminescent properties of the dot faster than any other color. The increased surface area of the convex dot increases light absorption, intensifying the charge of the glow properties of the dot. The dot-the “i” sight picture, with a tritium dot in the front sight and a tritium bar in the rear, prevents confusing the front and rear sight in high-stress situations. In most gunfights, the victim and attacker are both moving and the victim’s focus is drawn to the threat. The wide field of view increases visibility of the front sight and of the threat downrange. Outside Diameter Big Dot 0.188"; fits in common holsters. Installation might require filing to fit sight to dovetail, do not use a sight press/pusher tool. Fits S&W M&P Optics Ready pistols, full size and compact. | U83: Steel sight with blued finish | V83: Green tritium front and rear | W83: Optic Yellow photoluminescent ring front | X83: Snag-free design | Y83: Limited Lifetime Warranty | AC83: No | AD83: Yes | AE83: Lead | AF83: Warning Cancer and Reproductive Harm - www.p65warnings.ca.gov | AG83: WARNING-Cancer and Reproductive Harm – www.P65Warnings.ca.gov | AH83: https://www.dropbox.com/s/2mjcrotfwf5bcah/SW-0039S-5Y%20top-angle%201.png?dl=0 | AK83: https://www.dropbox.com/s/oglloz4z17k40xn/SW-0031S-5Y%20composite%2020200724.png?dl=0 | AL83: https://www.dropbox.com/s/2spfcm0owii9soc/SW-0040S-5Y%20Composite%20low%2009162022.jpg?dl=0 | AM83: https://xssights.com/content/Install%20Instructions/General%20Handgun%20Installation.pdf
A84: DXT2 | B84: =_xlfn.XLOOKUP(C84,'Kit to Family'!A:A,'Kit to Family'!G:G) -> Std | C84: NE-0021S-5Y | D84: DXT2 Big Dot Yellow - Colt Govt. 5" Novak rear | E84: 647533013734 | F84: Current | H84: 131.29 | I84: 131.29 | J84: =ROUNDUP(H84*1.1,0)-0.01 -> 144.99 | K84: Colt | L84: Pistol | M84: Pouch | N84: 0.15 | O84: 5.5 | P84: 5 | Q84: 0.5 | R84: USA | S84: 9305.10.0090 | T84: XS DXT2 Big Dot Night Sights offer the best front sight visibility in all lighting conditions. DXT2 Big Dot sights drive focus to the front sight using an industry leading large, high-contrast front and a low profile V-notch rear. DXT2 Big Dot front sights use a patent pending glow dot that absorbs light and glows in low light levels before it is dark enough to see the tritium. Optic Yellow is the best option for low light and has the brightest glow intensity. Primarily based on the white light spectrum, optic yellow is very reflective and will excite the photoluminescent properties of the dot faster than any other color. The increased surface area of the convex dot increases light absorption, intensifying the charge of the glow properties of the dot. The dot-the “i” sight picture, with a tritium dot in the front sight and a tritium bar in the rear, prevents confusing the front and rear sight in high-stress situations. In most gunfights, the victim and attacker are both moving and the victim’s focus is drawn to the threat. The wide field of view increases visibility of the front sight and of the threat downrange. Outside Diameter Big Dot 0.188"; fits in common holsters. Installation requires front and rear dovetail and filing to fit sight to dovetail, do not use a sight press/pusher tool. If slide does not have a front dovetail, a .330 X 65° Front Dovetail will need to be cut. Fits Colt with Novak front and rear, 5" barrel. | U84: Steel sight with blued finish | V84: Green tritium front and rear | W84: Optic Yellow photoluminescent ring front | X84: Snag-free design | Y84: Limited Lifetime Warranty | AC84: No | AD84: Yes | AE84: Lead | AF84: Warning Cancer and Reproductive Harm - www.p65warnings.ca.gov | AG84: WARNING-Cancer and Reproductive Harm – www.P65Warnings.ca.gov | AH84: https://www.dropbox.com/s/lwy50veyz2yu9pv/NE-0021S-5Y%20top-angle%2020200908.png?dl=0 | AI84: https://www.dropbox.com/s/aw1bm6s2sjuviuy/NE-0021S-5Y%20angle%2020200908.png?dl=0 | AJ84: https://www.dropbox.com/s/lbn1lddhfxacesp/NE-0021S-5Y%20back%2020200908.png?dl=0 | AK84: https://www.dropbox.com/s/nk2miraluvakm7b/NE-0021S-5Y%20composite%2020200908.png?dl=0 | AL84: https://www.dropbox.com/s/cjjl6htmrsn29rl/CM-0014P-5Y%20Composite%20low.jpg?dl=0 | AM84: https://xssights.com/content/Install%20Instructions/General%20Handgun%20Installation.pdf
A85: DXT2 | B85: =_xlfn.XLOOKUP(C85,'Kit to Family'!A:A,'Kit to Family'!G:G) -> Std | C85: NE-0022S-5Y | D85: DXT2 Big Dot Yellow - Colt Commander 4.25" Novak rear | E85: 647533013741 | F85: Current | H85: 131.29 | I85: 131.29 | J85: =ROUNDUP(H85*1.1,0)-0.01 -> 144.99 | K85: Colt | L85: Pistol | M85: Pouch | N85: 0.15 | O85: 5.5 | P85: 5 | Q85: 0.5 | R85: USA | S85: 9305.10.0090 | T85: XS DXT2 Big Dot Night Sights offer the best front sight visibility in all lighting conditions. DXT2 Big Dot sights drive focus to the front sight using an industry leading large, high-contrast front and a low profile V-notch rear. DXT2 Big Dot front sights use a patent pending glow dot that absorbs light and glows in low light levels before it is dark enough to see the tritium. Optic Yellow is the best option for low light and has the brightest glow intensity. Primarily based on the white light spectrum, optic yellow is very reflective and will excite the photoluminescent properties of the dot faster than any other color. The increased surface area of the convex dot increases light absorption, intensifying the charge of the glow properties of the dot. The dot-the “i” sight picture, with a tritium dot in the front sight and a tritium bar in the rear, prevents confusing the front and rear sight in high-stress situations. In most gunfights, the victim and attacker are both moving and the victim’s focus is drawn to the threat. The wide field of view increases visibility of the front sight and of the threat downrange. Outside Diameter Big Dot 0.188"; fits in common holsters. Installation requires front and rear dovetail and filing to fit sight to dovetail, do not use a sight press/pusher tool. If slide does not have a front dovetail, a .330 X 65° Front Dovetail will need to be cut. Fits Colt with Novak front and rear, 4.25" barrel. | U85: Steel sight with blued finish | V85: Green tritium front and rear | W85: Optic Yellow photoluminescent ring front | X85: Snag-free design | Y85: Limited Lifetime Warranty | AC85: No | AD85: Yes | AE85: Lead | AF85: Warning Cancer and Reproductive Harm - www.p65warnings.ca.gov | AG85: WARNING-Cancer and Reproductive Harm – www.P65Warnings.ca.gov | AH85: https://www.dropbox.com/s/lck8g5asv41lvy7/NE-0022S-5Y%20top-angle%2020200908.png?dl=0 | AI85: https://www.dropbox.com/s/wigg6chbpkg1atr/NE-0022S-5Y%20angle%2020200908.png?dl=0 | AJ85: https://www.dropbox.com/s/27i9s0jjx574scd/NE-0022S-5Y%20back%2020200908.png?dl=0 | AK85: https://www.dropbox.com/s/cf7oqhuvqszv1w7/NE-0022S-5Y%20composite%2020200908.png?dl=0 | AL85: https://www.dropbox.com/s/cjjl6htmrsn29rl/CM-0014P-5Y%20Composite%20low.jpg?dl=0 | AM85: https://xssights.com/content/Install%20Instructions/General%20Handgun%20Installation.pdf
A86: DXT2 | B86: =_xlfn.XLOOKUP(C86,'Kit to Family'!A:A,'Kit to Family'!G:G) -> Std | C86: NE-0024S-5Y | D86: DXT2 Big Dot Yellow - Colt Enhanced Govt. 5" | E86: 647533013826 | F86: Phaseout | H86: 131.29 | J86: =ROUNDUP(H86*1.1,0)-0.01 -> 144.99 | K86: Colt | L86: Pistol | M86: Pouch | N86: 0.15 | O86: 5.5 | P86: 5 | Q86: 0.5 | R86: USA | S86: 9305.10.0090 | T86: XS DXT2 Big Dot Night Sights offer the best front sight visibility in all lighting conditions. DXT2 Big Dot sights drive focus to the front sight using an industry leading large, high-contrast front and a low profile V-notch rear. DXT2 Big Dot front sights use a patent pending glow dot that absorbs light and glows in low light levels before it is dark enough to see the tritium. Optic Yellow is the best option for low light and has the brightest glow intensity. Primarily based on the white light spectrum, optic yellow is very reflective and will excite the photoluminescent properties of the dot faster than any other color. The increased surface area of the convex dot increases light absorption, intensifying the charge of the glow properties of the dot. The dot-the “i” sight picture, with a tritium dot in the front sight and a tritium bar in the rear, prevents confusing the front and rear sight in high-stress situations. In most gunfights, the victim and attacker are both moving and the victim’s focus is drawn to the threat. The wide field of view increases visibility of the front sight and of the threat downrange. Outside Diameter Big Dot 0.188"; fits in common holsters. Installation requires cutting .330 X 65° Front Dovetail; might require filing to fit sight to dovetail, do not use a sight press/pusher tool. Fits 5" Colt and 5" Colt clones with trapezoidal style rear and staked front. | U86: Steel sight with blued finish | V86: Green tritium front and rear | W86: Optic Yellow photoluminescent ring front | X86: Snag-free design | Y86: Limited Lifetime Warranty | AC86: No | AD86: Yes | AE86: Lead | AF86: Warning Cancer and Reproductive Harm - www.p65warnings.ca.gov | AG86: WARNING-Cancer and Reproductive Harm – www.P65Warnings.ca.gov | AH86: https://www.dropbox.com/s/8mhls4rvgjeqext/NE-0024S-5Y%20top-angle%2020200729.png?dl=0 | AI86: https://www.dropbox.com/s/7v8gxk1a8et0x2i/NE-0024S-5Y%20angle%2020200729.png?dl=0 | AJ86: https://www.dropbox.com/s/zzse7sqkrq4n2nm/NE-0024S-5Y%20back%2020200729.png?dl=0 | AK86: https://www.dropbox.com/s/rk1qicfr4h0l4p3/NE-0024S-5Y%20composite%2020200729.png?dl=0 | AL86: https://www.dropbox.com/s/cjjl6htmrsn29rl/CM-0014P-5Y%20Composite%20low.jpg?dl=0 | AM86: https://xssights.com/content/Install%20Instructions/General%20Handgun%20Installation.pdf
A87: DXT2 | B87: =_xlfn.XLOOKUP(C87,'Kit to Family'!A:A,'Kit to Family'!G:G) -> Std | C87: NE-0027S-5Y | D87: DXT2 Big Dot Yellow - Colt Enhanced Govt. 5" Novak rear | E87: 647533013857 | F87: Phaseout | H87: 131.29 | J87: =ROUNDUP(H87*1.1,0)-0.01 -> 144.99 | K87: Colt | L87: Pistol | M87: Pouch | N87: 0.15 | O87: 5.5 | P87: 5 | Q87: 0.5 | R87: USA | S87: 9305.10.0090 | T87: XS DXT2 Big Dot Night Sights offer the best front sight visibility in all lighting conditions. DXT2 Big Dot sights drive focus to the front sight using an industry leading large, high-contrast front and a low profile V-notch rear. DXT2 Big Dot front sights use a patent pending glow dot that absorbs light and glows in low light levels before it is dark enough to see the tritium. Optic Yellow is the best option for low light and has the brightest glow intensity. Primarily based on the white light spectrum, optic yellow is very reflective and will excite the photoluminescent properties of the dot faster than any other color. The increased surface area of the convex dot increases light absorption, intensifying the charge of the glow properties of the dot. The dot-the “i” sight picture, with a tritium dot in the front sight and a tritium bar in the rear, prevents confusing the front and rear sight in high-stress situations. In most gunfights, the victim and attacker are both moving and the victim’s focus is drawn to the threat. The wide field of view increases visibility of the front sight and of the threat downrange. Outside Diameter Big Dot 0.188"; fits in common holsters. Installation requires cutting .330 X 65° Front Dovetail; might require filing to fit sight to dovetail, do not use a sight press/pusher tool. Fits 5" Colt and 5" Colt clones with novak style rear and staked front. | U87: Steel sight with blued finish | V87: Green tritium front and rear | W87: Optic Yellow photoluminescent ring front | X87: Snag-free design | Y87: Limited Lifetime Warranty | AC87: No | AD87: Yes | AE87: Lead | AF87: Warning Cancer and Reproductive Harm - www.p65warnings.ca.gov | AG87: WARNING-Cancer and Reproductive Harm – www.P65Warnings.ca.gov | AH87: https://www.dropbox.com/s/tvihck1vhr4dbf9/NE-0027S-5Y%20top-angle%2020200730.png?dl=0 | AI87: https://www.dropbox.com/s/q8ax78k8xwr9mrn/NE-0027S-5Y%20angle%2020200730.png?dl=0 | AJ87: https://www.dropbox.com/s/zg4qh1uhed8pk15/NE-0027S-5Y%20back%2020200730.png?dl=0 | AK87: https://www.dropbox.com/s/d284x7je9trq2ia/NE-0027S-5Y%20composite%2020200730.png?dl=0 | AL87: https://www.dropbox.com/s/cjjl6htmrsn29rl/CM-0014P-5Y%20Composite%20low.jpg?dl=0 | AM87: https://xssights.com/content/Install%20Instructions/General%20Handgun%20Installation.pdf
A88: DXT2 | B88: =_xlfn.XLOOKUP(C88,'Kit to Family'!A:A,'Kit to Family'!G:G) -> Std | C88: NE-0028S-5Y | D88: DXT2 Big Dot Yellow - Colt Enhanced Commander 4.25" Novak rear | E88: 647533013864 | F88: Phaseout | H88: 131.29 | J88: =ROUNDUP(H88*1.1,0)-0.01 -> 144.99 | K88: Colt | L88: Pistol | M88: Pouch | N88: 0.15 | O88: 5.5 | P88: 5 | Q88: 0.5 | R88: USA | S88: 9305.10.0090 | T88: XS DXT2 Big Dot Night Sights offer the best front sight visibility in all lighting conditions. DXT2 Big Dot sights drive focus to the front sight using an industry leading large, high-contrast front and a low profile V-notch rear. DXT2 Big Dot front sights use a patent pending glow dot that absorbs light and glows in low light levels before it is dark enough to see the tritium. Optic Yellow is the best option for low light and has the brightest glow intensity. Primarily based on the white light spectrum, optic yellow is very reflective and will excite the photoluminescent properties of the dot faster than any other color. The increased surface area of the convex dot increases light absorption, intensifying the charge of the glow properties of the dot. The dot-the “i” sight picture, with a tritium dot in the front sight and a tritium bar in the rear, prevents confusing the front and rear sight in high-stress situations. In most gunfights, the victim and attacker are both moving and the victim’s focus is drawn to the threat. The wide field of view increases visibility of the front sight and of the threat downrange. Outside Diameter Big Dot 0.188"; fits in common holsters. Installation requires cutting .330 X 65° Front Dovetail; might require filing to fit sight to dovetail, do not use a sight press/pusher tool. Fits 4.25" Colt and 4.25" Colt clones with novak style rear and staked front. | U88: Steel sight with blued finish | V88: Green tritium front and rear | W88: Optic Yellow photoluminescent ring front | X88: Snag-free design | Y88: Limited Lifetime Warranty | AC88: No | AD88: Yes | AE88: Lead | AF88: Warning Cancer and Reproductive Harm - www.p65warnings.ca.gov | AG88: WARNING-Cancer and Reproductive Harm – www.P65Warnings.ca.gov | AH88: https://www.dropbox.com/s/jtu2v2adxldb7sn/NE-0028S-5Y%20angle%2020200730.png?dl=0 | AI88: https://www.dropbox.com/s/jtu2v2adxldb7sn/NE-0028S-5Y%20angle%2020200730.png?dl=0 | AJ88: https://www.dropbox.com/s/x4i53wvty0bakgg/NE-0028S-5Y%20back%2020200730.png?dl=0 | AK88: https://www.dropbox.com/s/87yp68tgfxizjjz/NE-0028S-5Y%20composite%2020200730.png?dl=0 | AL88: https://www.dropbox.com/s/cjjl6htmrsn29rl/CM-0014P-5Y%20Composite%20low.jpg?dl=0 | AM88: https://xssights.com/content/Install%20Instructions/General%20Handgun%20Installation.pdf
A89: DXT2 | B89: =_xlfn.XLOOKUP(C89,'Kit to Family'!A:A,'Kit to Family'!G:G) -> Std | C89: SI-0013S-5N | D89: DXT2 Big Dot Orange - Sig P320, P226, P229; Springfield XD(M)(S)(E), HellCat; FN 509 | E89: 647533046268 | F89: Current | H89: 131.29 | I89: 131.29 | J89: =ROUNDUP(H89*1.1,0)-0.01 -> 144.99 | K89: Sig | L89: Pistol | M89: Pouch | N89: 0.15 | O89: 5.5 | P89: 5 | Q89: 0.5 | R89: USA | S89: 9305.10.0090 | T89: XS DXT2 Big Dot Night Sights offer the best front sight visibility in all lighting conditions. DXT2 Big Dot sights drive focus to the front sight using an industry leading large, high-contrast front and a low profile V-notch rear. DXT2 Big Dot front sights use a patent pending glow dot that absorbs light and glows in low light levels before it is dark enough to see the tritium. Optic Orange is designed to offer a high-contrast sight picture when shooting in bright light conditions and maintain its visibility in decreasing light levels. To ensure visibility in low light when uncharged, optic orange is primarily based on yellow with a hint of red. The increased surface area of the convex dot increases light absorption, intensifying the charge of the glow properties of the dot. The dot-the “i” sight picture, with a tritium dot in the front sight and a tritium bar in the rear, prevents confusing the front and rear sight in high-stress situations. In most gunfights, the victim and attacker are both moving and the victim’s focus is drawn to the threat. The wide field of view increases visibility of the front sight and of the threat downrange. Outside Diameter Big Dot 0.188""; fits in common holsters. Installation might require filing to fit sight to dovetail, do not use a sight press/pusher tool. Fits Sig P320, P225, P226, P228 P229, SP2009, SP2340; Springfield XD, XD-M (not adjustable rear), XD-S, XD-S MOD.2, XD-E, HellCat (WILL NOT work on the OSP Hellcat); FN 509. | U89: Steel sight with blued finish | V89: Green tritium front and rear | W89: Optic Orange photoluminescent ring front | X89: Snag-free design | Y89: Limited Lifetime Warranty | AC89: No | AD89: Yes | AE89: Lead | AF89: Warning Cancer and Reproductive Harm - www.p65warnings.ca.gov | AG89: WARNING-Cancer and Reproductive Harm – www.P65Warnings.ca.gov | AH89: https://www.dropbox.com/s/r4i0eq786b8zrk6/SI-0013S-5N%20top-angle%2020200724.png?dl=0 | AJ89: https://www.dropbox.com/s/izyezzycpxnlaj9/SI-0013S-5N%20back%2020201029.png?dl=0 | AK89: https://www.dropbox.com/s/f2zsov47si5j9p4/SI-0013S-5N%20composite%2020200724.png?dl=0 | AL89: https://www.dropbox.com/s/bqh65wybgiv9eae/SI-0013S-5N%20composite%20low.png?dl=0 | AM89: https://xssights.com/content/Install%20Instructions/General%20Handgun%20Installation.pdf
A90: DXT2 | B90: =_xlfn.XLOOKUP(C90,'Kit to Family'!A:A,'Kit to Family'!G:G) -> Std | C90: SI-0013S-6G | D90: DXT2 Standard Dot Green - Sig P320, P226, P229; Springfield XD(M)(S)(E), HellCat; FN 509 | E90: 647533016186 | F90: Current | H90: 131.29 | I90: 131.29 | J90: =ROUNDUP(H90*1.1,0)-0.01 -> 144.99 | K90: Sig | L90: Pistol | M90: Pouch | N90: 0.15 | O90: 5.5 | P90: 5 | Q90: 0.5 | R90: USA | S90: 9305.10.0090 | T90: XS DXT2 Standard Dot Night Sights offer superior front sight visibility in all lighting conditions. DXT2 Standard Dot sights drive focus to the front sight using a high-contrast front and a low profile V-notch rear. DXT2 Standard Dot front sights use a patent pending glow dot that absorbs light and glows in low light levels before it is dark enough to see the tritium. The increased surface area of the convex dot increases light absorption, intensifying the charge of the glow properties of the dot. The dot-the “i” sight picture, with a tritium dot in the front sight and a tritium bar in the rear, prevents confusing the front and rear sight in high-stress situations. In most gunfights, the victim and attacker are both moving and the victim’s focus is drawn to the threat. The wide field of view increases visibility of the front sight and of the threat downrange. Outside Diameter Standard Dot 0.140"; fits in common holsters. Installation might require filing to fit sight to dovetail, do not use a sight press/pusher tool. Fits Sig P320, P225, P226, P228 P229, SP2009, SP2340; Springfield XD, XD-M (not adjustable rear), XD-S, XD-S MOD.2, XD-E, HellCat (WILL NOT work on the OSP Hellcat); FN 509._x000D_ | U90: Steel sight with blued finish | V90: Green tritium front and rear | W90: Green photoluminescent ring front | X90: Snag-free design | Y90: Limited Lifetime Warranty | AC90: No | AD90: Yes | AE90: Lead | AF90: Warning Cancer and Reproductive Harm - www.p65warnings.ca.gov | AG90: WARNING-Cancer and Reproductive Harm – www.P65Warnings.ca.gov | AH90: https://www.dropbox.com/s/mahm6wjdt1lk1ep/SI-0013S-6G%20top-angle%2020200810.png?dl=0 | AI90: https://www.dropbox.com/s/48zr58jhxxl0wwr/SI-0013S-6G%20angle%2020200810.png?dl=0 | AJ90: https://www.dropbox.com/s/q9tt8my7yk1sow4/SI-0013S-6G%20back%2020200810.png?dl=0 | AK90: https://www.dropbox.com/s/f7rgzo55r2snjqv/SI-0013S-6G%20composite%2020200810.png?dl=0 | AL90: https://www.dropbox.com/s/7dg3906954o7ra0/SI-0013S-6G%20composite%20low.png?dl=0 | AM90: https://xssights.com/content/Install%20Instructions/General%20Handgun%20Installation.pdf
A91: DXT2 | B91: =_xlfn.XLOOKUP(C91,'Kit to Family'!A:A,'Kit to Family'!G:G) -> Std | C91: SI-0014S-5N | D91: DXT2 Big Dot Orange - Sig P365 | E91: 647533046404 | F91: Current | H91: 131.29 | I91: 131.29 | J91: =ROUNDUP(H91*1.1,0)-0.01 -> 144.99 | K91: Sig | L91: Pistol | M91: Pouch | N91: 0.15 | O91: 5.5 | P91: 5 | Q91: 0.5 | R91: USA | S91: 9305.10.0090 | T91: XS DXT2 Big Dot Night Sights offer the best front sight visibility in all lighting conditions. DXT2 Big Dot sights drive focus to the front sight using an industry leading large, high-contrast front and a low profile V-notch rear. DXT2 Big Dot front sights use a patent pending glow dot that absorbs light and glows in low light levels before it is dark enough to see the tritium. Optic Orange is designed to offer a high-contrast sight picture when shooting in bright light conditions and maintain its visibility in decreasing light levels. To ensure visibility in low light when uncharged, optic orange is primarily based on yellow with a hint of red. The increased surface area of the convex dot increases light absorption, intensifying the charge of the glow properties of the dot. The dot-the “i” sight picture, with a tritium dot in the front sight and a tritium bar in the rear, prevents confusing the front and rear sight in high-stress situations. In most gunfights, the victim and attacker are both moving and the victim’s focus is drawn to the threat. The wide field of view increases visibility of the front sight and of the threat downrange. Outside Diameter Big Dot 0.188""; fits in common holsters. Installation might require filing to fit sight to dovetail, do not use a sight press/pusher tool. Fits Sig P365. Sight will not work on Sig P365XL, as Sig designed the rear sight differently from the P365. The factory sight is part of the removable optics plate and the XS aftermarket sight cannot attach. | U91: Steel sight with blued finish | V91: Green tritium front and rear | W91: Optic Orange photoluminescent ring front | X91: Snag-free design | Y91: Limited Lifetime Warranty | AC91: No | AD91: Yes | AE91: Lead | AF91: Warning Cancer and Reproductive Harm - www.p65warnings.ca.gov | AG91: WARNING-Cancer and Reproductive Harm – www.P65Warnings.ca.gov | AH91: https://www.dropbox.com/s/2gg08uxsj0l6dw1/SI-0014S-5N%20top-angle%2020200724.png?dl=0 | AJ91: https://www.dropbox.com/s/izyezzycpxnlaj9/SI-0013S-5N%20back%2020201029.png?dl=0 | AK91: https://www.dropbox.com/s/6qhukyypobzfsw1/SI-0014S-5N%20composite%2020200724.png?dl=0 | AL91: https://www.dropbox.com/s/bqh65wybgiv9eae/SI-0013S-5N%20composite%20low.png?dl=0 | AM91: https://xssights.com/content/Install%20Instructions/General%20Handgun%20Installation.pdf
